Workbook
Name \B: [1]FTI!$A$624
Name \P: #REF!
Name \Q: [2]B!#REF!
Name \Z: #REF!
Name _______usd08: 40
Name ______usd08: 40
Name _____usd08: 40
Name ____usd08: 40
Name ___INDEX_SHEET___ASAP_Utilities: #REF!
Name __usd08: 40
Name _fax1: [3]HALMODEL!$A$176:$L$365,[3]HALMODEL!$A$387:$L$429,[3]HALMODEL!$A$436:$L$472
Name _T_CA_CASH_Y05: [6]em!$AF$518
Name _T_EQ_SHAREHOLD_Y02: [6]em!$Z$549
Name _T_PLN_DEPR_Y05: [6]em!$AF$418
Name _T_PLN_EXP_OTHER_Y00: [7]em!$V$410
Name _T_PLN_EXP_OTHER_Y01: [7]em!$X$410
Name _T_PLN_EXP_OTHER_Y02: [7]em!$Z$410
Name _T_PLN_EXP_OTHER_Y03: [7]em!$AB$410
Name _T_PLN_EXP_OTHER_Y04: [7]em!$AD$410
Name _T_PLN_EXP_OTHER_Y05: [7]em!$AF$410
Name _T_PLN_INT_OTHER_Y02: [6]em!$Z$415
Name _T_PLN_INT_OTHER_Y03: [6]em!$AB$415
Name _T_PLN_INT_OTHER_Y04: [6]em!$AD$415
Name _T_PLN_INT_OTHER_Y05: [6]em!$AF$415
Name _T_PLN_TAX_Y02: [6]em!$Z$428
Name _T_PLN_TAX_Y03: [6]em!$AB$428
Name _T_PLN_TAX_Y04: [6]em!$AD$428
Name _T_PLN_TAX_Y05: [6]em!$AF$428
Name _UP15: #REF!
Name _UP15: #REF!
Name _UP2: #REF!
Name _UP2: #REF!
Name _UP3: #REF!
Name _UP3: #REF!
Name _UP4: #REF!
Name _UP5: #REF!
Name _UP6: #REF!
Name _usd08: 40
Name _yr888990: [8]FRGNRG!$A$268:$P$331
Name _yr919293: [8]FRGNRG!$A$336:$T$395
Name _yr94: [8]FRGNRG!$A$396:$O$589
Name a: #REF!
Name a: #REF!
Name aaaa: #REF!
Name abe: [9]divmargins!$C$12:$E$32
Name ACNLC: #N/A
Name AcqName: #REF!
Name Acquiror: #REF!
Name Acquiror_Book_Value: #REF!
Name Acquiror_CapEx_Year1: #REF!
Name Acquiror_CapEx_Year2: #REF!
Name additional_charge: [10]Template!$D$257:$T$257
Name adj_net_profit_ex_eo_forex_Q: #REF!
Name adj_net_profit_ex_eo_forex_Q: #REF!
Name adj_net_profit_ex_eo_Q: #REF!
Name adj_net_profit_ex_eo_Q: #REF!
Name ADJ_TRIAL: [11]TRIAL!$A$1:$D$354
Name ADJTRIAL: [12]TB!$F$4:$J$871
Name adjusted_eps: [10]Template!$D$161:$T$161
Name Adjusted_Net_Operating_Profit: [13]NOPAT_VDF!$C$26:$AU$26

Sheet Conso_BS
A1: PARTICULARS | B1: 40238 | C1: 40603 | D1: 40969 | E1: 41334 | F1: 41699 | G1: 42064 | H1: 42430 | I1: 42795 | J1: 43160 | K1: 43525 | L1: 43891
A2: EQUITY AND LIABILITIES
A3: Share Capital | B3: 93.12 | C3: 93.43 | D3: 93.48 | E3: 93.48 | F3: 91.49 | G3: 91.49 | H3: 91.49 | I3: 91.5 | J3: =+I3 -> 91.5 | K3: =+J3 -> 91.5 | L3: =+K3 -> 91.5
A4: Share Warrants & Outstandings | B4: 22.34 | C4: 1.79 | D4: 0 | E4: 0 | F4: 102 | G4: 23.52
A5: Total Reserves | B5: 10301.32 | C5: 14015.08 | D5: 18017.62 | E5: 21158.78 | F5: 22417.05 | G5: 20927.06 | H5: 32344.61 | I5: =+'Reserves & Surplus'!C8 -> 29959.03 | J5: =+'Reserves & Surplus'!D8 -> 28419.197 | K5: =+'Reserves & Surplus'!E8 -> 28981.758 | L5: =+'Reserves & Surplus'!F8 -> 29635.585
A6: Shareholder's Funds | B6: 10416.78 | C6: 14110.3 | D6: 18111.1 | E6: 21252.26 | F6: 22610.54 | G6: 21042.07 | H6: =SUM(H3:H5) -> 32436.1 | I6: =SUM(I3:I5) -> 30050.53 | J6: =SUM(J3:J5) -> 28510.697 | K6: =SUM(K3:K5) -> 29073.258 | L6: =SUM(L3:L5) -> 29727.085
A8: Minority Interest | B8: 165.91 | C8: 233.45 | D8: 307.1 | E8: 557.27 | F8: 1080.22 | G8: 857.25 | H8: 899.83 | I8: 646.71 | J8: =+I8+Conso_PL!J48 -> 644.83444 | K8: =+J8+Conso_PL!K48 -> 664.21305 | L8: =800.28+Conso_PL!L48 -> 820.58139
A10: Long-Term Borrowings
A11: Long Term loans | B11: 8604.29 | C11: 7377.64 | D11: 11179.63 | E11: 15401.64 | F11: 25900.25 | G11: 35613.94 | H11: 36353 | I11: 32598.34 | J11: =+'Debt repayment & interest cost'!E19 -> 28398.06 | K11: =+'Debt repayment & interest cost'!F19 -> 23944.55 | L11: =+'Debt repayment & interest cost'!G19 -> 21099.55
A12: Deferred Tax Assets / Liabilities | B12: 845.47 | C12: 1005.48 | D12: 1191.95 | E12: 1336.54 | F12: 1472.67 | G12: 2018.47 | H12: 6621.15 | I12: 5358.63 | J12: =+'BS Working'!I87 -> 4913.8 | K12: =+'BS Working'!J87 -> 4945.8742 | L12: =+'BS Working'!K87 -> 4484.5981
A13: Other Long Term Liabilities | C13: 141.25 | D13: 142.06 | E13: 561.79 | F13: 166.8 | G13: 213.9 | H13: 93.7 | I13: =673.21+0.27 -> 673.48 | J13: =+I13 -> 673.48 | K13: =+J13 -> 673.48 | L13: =+K13 -> 673.48
A14: Long Term Trade Payables | I14: 90.88 | J14: =+I14 -> 90.88 | K14: =+J14 -> 90.88 | L14: =+K14 -> 90.88
A15: Long Term Provisions | C15: 19.47 | D15: 33.54 | E15: 32.71 | F15: 126.69 | G15: 159.32 | H15: 195.73 | I15: 307.21 | J15: =+'BS Working'!I50 -> 325.72046 | K15: =+'BS Working'!J50 -> 403.40967 | L15: =+'BS Working'!K50 -> 424.46332
A16: Total Non-Current Liabilities | B16: 9449.76 | C16: 8543.84 | D16: 12547.18 | E16: 17332.68 | F16: 27666.41 | G16: 38005.63 | H16: =SUM(H8:H15) -> 44163.41 | I16: =SUM(I8:I15) -> 39675.25 | J16: =SUM(J11:J15) -> 34401.94 | K16: =SUM(K11:K15) -> 30058.194 | L16: =SUM(L11:L15) -> 26772.971
A18: Current Liabilities
A19: Trade Payables | B19: 2265.67 | C19: 933.55 | D19: 1251.36 | E19: 1398.2 | F19: 2601.58 | G19: 2053.29 | H19: 2317.74 | I19: 2937.82 | J19: =+'BS Working'!I16 -> 4127.0461 | K19: =+'BS Working'!J16 -> 4906.9521 | L19: =+'BS Working'!K16 -> 5163.0423
A20: Other Current Liabilities | B20: 772.07 | C20: 3254.99 | D20: 4110.16 | E20: 3401.25 | F20: 6212.68 | G20: 6571.14 | H20: 6432.52 | I20: =8835.79+1675.9+0.11 -> 10511.8 | J20: =+'BS Working'!I29 -> 11448.426 | K20: =+'BS Working'!J29 -> 12313.383 | L20: =+'BS Working'!K29 -> 12563.403
A21: Short Term Borrowings | C21: 5925.98 | D21: 4569.31 | E21: 8247.18 | F21: 8329.58 | G21: 6852.34 | H21: 7777.95 | I21: 7360.1 | J21: =+I21 -> 7360.1 | K21: =+J21 -> 7360.1 | L21: =+K21 -> 7360.1
A22: Short Term Provisions | B22: 2052.22 | C22: 3086.79 | D22: 4111.33 | E22: 4883.8 | F22: 412.43 | G22: 154.89 | H22: =64.8+0.9 -> 65.7 | I22: 62.43 | J22: =+'BS Working'!I34 -> 120.50975 | K22: =+'BS Working'!J34 -> 149.25313 | L22: =+'BS Working'!K34 -> 157.04254
A23: Total Current Liabilities | B23: 5089.96 | C23: 13201.31 | D23: 14042.16 | E23: 17930.43 | F23: 17556.27 | G23: 15631.66 | H23: =SUM(H19:H22) -> 16593.91 | I23: =SUM(I19:I22) -> 20872.15 | J23: =SUM(J19:J22) -> 23056.082 | K23: =SUM(K19:K22) -> 24729.688 | L23: =SUM(L19:L22) -> 25243.588
A25: Total Liabilities | B25: 25122.41 | C25: 36088.9 | D25: 45007.54 | E25: 57072.64 | F25: 68913.44 | G25: 75536.61 | H25: =H6+H16+H23 -> 93193.42 | I25: =+I6+I16+I23 -> 90597.93 | J25: =+J6+J16+J23+J8 -> 86613.554 | K25: =+K6+K16+K23+K8 -> 84525.353 | L25: =+L6+L16+L23+L8 -> 82564.226
A27: ASSETS
A29: Non-Current Assets
A30: Gross Block | B30: 13263.17 | C30: 19377.4 | D30: 22421.81 | E30: 26857.44 | F30: 47257.62 | G30: 61771.95 | H30: 84142.75 | I30: 86131.53 | J30: =+'BS Working'!I61 -> 86431.53 | K30: =+'BS Working'!J61 -> 89785.396 | L30: =+'BS Working'!K61 -> 90085.396
A31: Less: Accumulated Depreciation | B31: 3265.08 | C31: 4432.12 | D31: 5836.03 | E31: 7428.54 | F31: 12268.67 | G31: 15128.6 | H31: 22930.03 | I31: 23942.01 | J31: =+'BS Working'!I62 -> 29404.48 | K31: =+'BS Working'!J62 -> 32386.109 | L31: =+'BS Working'!K62 -> 38039.444
A32: Less: Impairment of Assets
A33: Net Block | B33: 9998.09 | C33: 14945.28 | D33: 16585.78 | E33: 19428.9 | F33: 34988.95 | G33: 46643.35 | H33: =+H30-H31 -> 61212.72 | I33: =+I30-I31 -> 62189.52 | J33: =+J30-J31 -> 57027.05 | K33: =+K30-K31 -> 57399.287 | L33: =+L30-L31 -> 52045.953
A35: Intangible assets | H35: =+'BS Working'!G81 -> 3277.43 | I35: =+'BS Working'!H81 -> 3143.23 | J35: =+'BS Working'!I81 -> 3014.525 | K35: =+'BS Working'!J81 -> 2891.0901 | L35: =+'BS Working'!K81 -> 2772.7095
A36: Capital Work in Progress | B36: 6839.07 | C36: 8264.57 | D36: 11979.29 | E36: 16350.7 | F36: 14749.56 | G36: 6094.15 | H36: 10702.7 | I36: 8713.98 | J36: =+I36 -> 8713.98 | K36: 0 | L36: 0
A37: Intangible assets under development | C37: 20.41 | D37: 179.9 | E37: 1147.45 | F37: 1419.57 | G37: 1672.24 | H37: 1124.1 | I37: 1002.19 | J37: =+I37 -> 1002.19 | K37: =+J37 -> 1002.19 | L37: =+K37 -> 1002.19
A38: Pre-operative Expenses pending | B38: 1107.9 | C38: 1095.96 | D38: 1492.76 | E38: 1732.14 | F38: 1642.04 | G38: 1301.58 | J38: -0.29 | L38: -8.16
A39: Non Current Investments | B39: 262.96 | C39: 297.88 | D39: 377.62 | E39: 808.86 | F39: 341.83 | G39: 352.79 | H39: =32.42+548.45+359.36-0.5 -> 939.73 | I39: =31.9+566.99 -> 598.89 | J39: =+I39 -> 598.89 | K39: =+J39-4.14 -> 594.75 | L39: =+K39 -> 594.75
A40: Long Term Loans & Advances | C40: 2221.32 | D40: 2180.94 | E40: 2421.43 | F40: 2819.84 | G40: 3469.95 | H40: =1028.42+66.9+511.42+0.45 -> 1607.19 | I40: =0.45+367.66+484.8+36.81+508.85 -> 1398.57 | J40: =+I40 -> 1398.57 | K40: =+J40 -> 1398.57 | L40: =+K40 -> 1398.57
A41: Other Non Current Assets | C41: 14.39 | D41: 14.24 | E41: 1.95 | F41: 0.64 | G41: 46.97 | H41: 1597.74 | I41: 617.51 | J41: =+I41 -> 617.51 | K41: =+J41 -> 617.51 | L41: =+K41 -> 617.51
A42: Total Non-Current Assets | B42: 18208.02 | C42: 26859.81 | D42: 32810.53 | E42: 41891.43 | F42: 55962.43 | G42: 59581.03 | H42: =SUM(H35:H41) -> 19248.89 | I42: =SUM(I35:I41) -> 15474.37 | J42: =SUM(J35:J41) -> 15345.375 | K42: =SUM(K35:K41) -> 6504.1101 | L42: =SUM(L35:L41) -> 6377.5695
A44: Current Assets Loans & Advances
A45: Currents Investments | B45: 55.51 | F45: 0.04 | G45: 1432.4 | H45: 0.03 | I45: 0.38 | J45: =+I45 -> 0.38 | K45: =+J45 -> 0.38 | L45: =+K45 -> 0.38
A46: Inventories | B46: 1430.82 | C46: 2773.43 | D46: 3579.53 | E46: 4524.17 | F46: 4881.24 | G46: 4848.69 | H46: 3254.1 | I46: 3599.26 | J46: =+'BS Working'!I10 -> 5365.1599 | K46: =+'BS Working'!J10 -> 6644.831 | L46: =+'BS Working'!K10 -> 6991.6198
A47: Sundry Debtors | B47: 753.32 | C47: 1153.7 | D47: 1306.75 | E47: 1954.13 | F47: 1772.41 | G47: 1690.7 | H47: 1429.18 | I47: 1716.62 | J47: =+'BS Working'!I4 -> 2558.7686 | K47: =+'BS Working'!J4 -> 3066.8451 | L47: =+'BS Working'!K4 -> 3226.9014
A48: Cash and Bank | B48: 112.77 | C48: 463.99 | D48: 149.21 | E48: 200.13 | F48: 1015.28 | G48: 1139.07 | H48: =502.46+117.92 -> 620.38 | I48: =+Conso_CF!I67 -> 477.21043 | J48: =+Conso_CF!J67 -> 231.08256 | K48: =+Conso_CF!K67 -> 3372.6147 | L48: =+Conso_CF!L67 -> 4106.6425
A49: Other Current Assets | B49: 66.33 | C49: 109.27 | D49: 234.31 | E49: 423.99 | F49: 674.07 | G49: 984.13 | H49: 5805.19 | I49: 5000.87 | J49: =+'BS Working'!I38 -> 3012.7437 | K49: =+'BS Working'!J38 -> 3731.3282 | L49: =+'BS Working'!K38 -> 3926.0634
A50: Short Term Loans and Advances | B50: 4487.8 | C50: 4728.7 | D50: 6927.21 | E50: 8078.79 | F50: 4607.97 | G50: 5860.59 | H50: =74.19+979.41+569.33 -> 1622.93 | I50: =387.43+1054.65+527.59+170.02 -> 2139.69 | J50: =+'BS Working'!I46 -> 3072.9985 | K50: =+'BS Working'!J46 -> 3805.9547 | L50: =+'BS Working'!K46 -> 5889.0951
A51: Total Current Assets | B51: 6906.55 | C51: 9229.09 | D51: 12197.01 | E51: 15181.21 | F51: 12951.01 | G51: 15955.58 | H51: =+SUM(H45:H50) -> 12731.81 | I51: =SUM(I45:I50) -> 12934.03 | J51: =SUM(J45:J50) -> 14241.133 | K51: =SUM(K45:K50) -> 20621.954 | L51: =SUM(L45:L50) -> 24140.702
A53: Miscellaneous Expenses not written off | B53: 7.84
A54: Total Assets | B54: 25122.41 | C54: 36088.9 | D54: 45007.54 | E54: 57072.64 | F54: 68913.44 | G54: 75536.61 | H54: =+H33+H42+H51 -> 93193.42 | I54: =+I33+I42+I51 -> 90597.92 | J54: =+J33+J42+J51 -> 86613.558 | K54: =+K33+K42+K51 -> 84525.351 | L54: =+L33+L42+L51 -> 82564.224
A56: Difference | I56: =+I25-I54 -> 0.01 | J56: =+J25-J54 -> -0.0042384856 | K56: =+K25-K54 -> 0.0018184965 | L56: =+L25-L54 -> 0.0015716426
A59: Outstanding no. of equity shares | B59: 91.502423 | C59: 91.502423 | D59: 91.502423 | E59: 91.502423 | F59: 91.502423 | G59: 91.502423 | H59: 91.502423 | I59: 91.502423 | J59: 91.502423 | K59: 91.502423 | L59: 91.502423
A60: Book Value per share | B60: =+B6/B59 -> 113.84158 | C60: =+C6/C59 -> 154.20684 | D60: =+D6/D59 -> 197.93028 | E60: =+E6/E59 -> 232.25899 | F60: =+F6/F59 -> 247.10318 | G60: =+G6/G59 -> 229.96189 | H60: =+H6/H59 -> 354.48351 | I60: =+I6/I59 -> 328.4124 | ... L60: =+L6/L59 -> 324.87757
A62: Debt/Equity ratio | B62: =+(B11+B21)/B6 -> 0.82600285 | C62: =+(C11+C21)/C6 -> 0.94283041 | D62: =+(D11+D21)/D6 -> 0.86957391 | E62: =+(E11+E21)/E6 -> 1.1127673 | F62: =+(F11+F21)/F6 -> 1.5138882 | G62: =+(G11+G21)/G6 -> 2.0181608 | H62: =+(H11+H21)/H6 -> 1.3605504 | I62: =+(I11+I21)/I6 -> 1.3297083 | ... L62: =+(L11+L21)/L6 -> 0.95736429
A65: Return on Equity | B65: =+Conso_PL!B50/Conso_BS!B6 -> 0.34300139 | C65: =+Conso_PL!C50/Conso_BS!C6 -> 0.26603828 | D65: =+Conso_PL!D50/Conso_BS!D6 -> 0.21892099 | E65: =+Conso_PL!E50/Conso_BS!E6 -> 0.13693179 | F65: =+Conso_PL!F50/Conso_BS!F6 -> 0.0844898 | G65: =+Conso_PL!G50/Conso_BS!G6 -> -0.060741172 | H65: =+Conso_PL!H50/Conso_BS!H6 -> -0.09144965 | I65: =+Conso_PL!I50/Conso_BS!I6 -> -0.07591412 | ... L65: =+Conso_PL!L50/Conso_BS!L6 -> 0.067542019
A66: Return on capital employed | B66: =+Conso_PL!B38/(Conso_BS!B6+Conso_BS!B11+B21) -> 0.23938979 | C66: =+Conso_PL!C38/(Conso_BS!C6+Conso_BS!C11+C21) -> 0.18191671 | D66: =+Conso_PL!D38/(Conso_BS!D6+Conso_BS!D11+D21) -> 0.15323668 | E66: =+Conso_PL!E38/(Conso_BS!E6+Conso_BS!E11+E21) -> 0.085375452 | F66: =+Conso_PL!F38/(Conso_BS!F6+Conso_BS!F11+F21) -> 0.044194118 | G66: =+Conso_PL!G38/(Conso_BS!G6+Conso_BS!G11+G21) -> 0.0058085275 | H66: =+Conso_PL!H38/(Conso_BS!H6+Conso_BS!H11+H21) -> -0.048687 | I66: =+Conso_PL!I38/(Conso_BS!I6+Conso_BS!I11+I21) -> -0.038146106 | ... L66: =+Conso_PL!L38/(Conso_BS!L6+Conso_BS!L11+L21) -> 0.044445941
A68: Net Long Term debt | B68: =+(B11+B21)-B48 -> 8491.52 | C68: =+(C11+C21)-C48 -> 12839.63 | D68: =+(D11+D21)-D48 -> 15599.73 | E68: =+(E11+E21)-E48 -> 23448.69 | F68: =+(F11+F21)-F48 -> 33214.55 | G68: =+(G11+G21)-G48 -> 41327.21 | H68: =+(H11+H21)-H48 -> 43510.57 | I68: =+(I11+I21)-I48 -> 39481.23 | ... L68: =+(L11+L21)-L48 -> 24353.008
A69: Equity Value | B69: =+B59*141 -> 12901.842 | C69: =+C59*141 -> 12901.842 | D69: =+D59*141 -> 12901.842 | E69: =+E59*141 -> 12901.842 | F69: =+F59*141 -> 12901.842 | G69: =+G59*141 -> 12901.842 | H69: =+H59*141 -> 12901.842 | I69: =+I59*141 -> 12901.842 | ... L69: =+L59*141 -> 12901.842
A71: Enterprise Value | B71: =+B68+B69 -> 21393.362 | C71: =+C68+C69 -> 25741.472 | D71: =+D68+D69 -> 28501.572 | E71: =+E68+E69 -> 36350.532 | F71: =+F68+F69 -> 46116.392 | G71: =+G68+G69 -> 54229.052 | H71: =+H68+H69 -> 56412.412 | I71: =+I68+I69 -> 52383.071 | ... L71: =+L68+L69 -> 37254.849

Sheet Conso_CF
A1: Particulars | B1: 40238 | C1: 40603 | D1: 40969 | E1: 41334 | F1: 41699 | G1: 42064 | H1: 42430 | I1: 42795 | J1: 43160 | K1: 43525 | L1: 43891
A2: A. CASH FLOW FROM OPERATING ACTIVITIES
A4: Profit Before Tax | B4: 4553.45 | C4: 4988.02 | D4: 5188.6 | E4: 3833.45 | F4: 2512.01 | G4: -1542.75 | H4: -2674.93 | I4: =+Conso_PL!I42 -> -3042.8796 | J4: =+Conso_PL!J42 -> -238.92533 | K4: =+Conso_PL!K42 -> 2615.1096 | L4: =+Conso_PL!L42 -> 2586.1642
A6: Adjustment
A7: Depreciation | B7: 1043.02 | C7: 1151 | D7: 1386.47 | E7: 1539.22 | F7: 1829.2 | G7: 2732.83 | H7: 2819.39 | I7: =+Conso_BS!I31-Conso_BS!H31-'Reserves & Surplus'!C4 -> 907.66 | J7: =+Conso_BS!J31-Conso_BS!I31-'Reserves & Surplus'!D4 -> 4108.47 | K7: =+Conso_BS!K31-Conso_BS!J31-'Reserves & Surplus'!E4 -> 1627.6289 | L7: =+Conso_BS!L31-Conso_BS!K31-'Reserves & Surplus'!F4 -> 4299.3349
A8: Impairment | H8: 226.82
A9: Interest Expenses | B9: 357.58 | C9: 259.57 | D9: 360.04 | E9: 758.16 | F9: 1181.25 | G9: 2605.8 | H9: 3252.74 | I9: =+Conso_PL!I37 -> -3389.59 | J9: =+Conso_PL!J37 -> -3368.5865 | K9: =+Conso_PL!K37 -> -3031.936 | L9: =+Conso_PL!L37 -> -2681.6196
A10: Profit/Loss on sale of Fixed Assets | B10: -1.52 | C10: 3.35 | D10: -5.72 | E10: -3.62 | F10: 31.87 | G10: 20.63 | H10: -5.92
A11: Profit/Loss on sale of investments | B11: -10.48 | C11: -6.69 | D11: 92.05 | E11: 505.53 | F11: -5.1 | G11: -38.53 | H11: -174.76
A12: Dividend Received | B12: -0.86 | D12: -0.13 | E12: -0.25 | F12: -0.38 | G12: -3.76 | H12: -2.88 | I12: =+Conso_PL!I29*-1 -> -9.99 | J12: =+Conso_PL!J29*-1 -> -10 | K12: =+Conso_PL!K29*-1 -> -10 | L12: =+Conso_PL!L29*-1 -> -10
A13: Diminution in the value / Write off of Investments | D13: -11.54
A14: Effect of Exchange Rate Change | F14: -4.62 | G14: -408.6 | H14: -364.46
A15: Provision & Written Off | B15: -7.83 | C15: -7.39 | D15: -8.68 | E15: -1.13 | F15: -18.04 | G15: -97.36 | H15: -135.25
A16: Provision for doubtful debts & advances | B16: -0.1 | C16: -0.63 | D16: 0.1 | F16: 0.09 | G16: 52.61 | H16: 42.17
A17: Misc. Expenses written off | B17: 3.59 | C17: 14.97 | D17: 1.56
A18: Other Adjustments | F18: 0.24 | G18: 0.53
A19: Operating profit before working capital changes | B19: =+SUM(B4:B18) -> 5936.85 | C19: =+SUM(C4:C18) -> 6402.2 | D19: =+SUM(D4:D18) -> 7002.75 | E19: =+SUM(E4:E18) -> 6631.36 | F19: =+SUM(F4:F18) -> 5526.52 | G19: =+SUM(G4:G18) -> 3321.4 | H19: =+SUM(H4:H18) -> 2982.92 | I19: =+SUM(I4:I18) -> -5534.7996 | ... L19: =+SUM(L4:L18) -> 4193.8795
A21: Changes In working Capital
A22: Trade & Other receivables | B22: -253.29 | C22: -399.7 | D22: -153.05 | E22: -647.38 | F22: 181.63 | G22: -231.1 | H22: 257.24 | I22: =+Conso_BS!H47-Conso_BS!I47 -> -287.44 | J22: =+Conso_BS!I47-Conso_BS!J47 -> -842.14859 | K22: =+Conso_BS!J47-Conso_BS!K47 -> -508.07649 | L22: =+Conso_BS!K47-Conso_BS!L47 -> -160.05637
A23: Inventories | B23: -190.55 | C23: -1342.61 | D23: -806.1 | E23: -944.64 | F23: -357.07 | G23: 32.55 | H23: 1589.07 | I23: =+Conso_BS!H46-Conso_BS!I46 -> -345.16 | J23: =+Conso_BS!I46-Conso_BS!J46 -> -1765.8999 | K23: =+Conso_BS!J46-Conso_BS!K46 -> -1279.6711 | L23: =+Conso_BS!K46-Conso_BS!L46 -> -346.7888
A24: Loans & Advances | C24: -763.1 | D24: -1578.25 | E24: -926.74 | F24: -1129.6 | G24: -1076.28 | H24: -803.86 | I24: =+Conso_BS!H50-Conso_BS!I50 -> -516.76 | J24: =+Conso_BS!I50-Conso_BS!J50 -> -933.30853 | K24: =+Conso_BS!J50-Conso_BS!K50 -> -732.95621 | L24: =+Conso_BS!K50-Conso_BS!L50 -> -2083.1404
A25: Other Current Assets | I25: =+Conso_BS!H49-Conso_BS!I49 -> 804.32 | J25: =+Conso_BS!I49-Conso_BS!J49 -> 1988.1263 | K25: =+Conso_BS!J49-Conso_BS!K49 -> -718.58452 | L25: =+Conso_BS!K49-Conso_BS!L49 -> -194.73525
A26: Trade & Other payables | B26: 844.82 | C26: 625.49 | D26: 498.88 | E26: 198.05 | F26: 1121.15 | G26: -571.91 | H26: 415.83 | I26: =+Conso_BS!I19-Conso_BS!H19+Conso_BS!I14-Conso_BS!H14 -> 710.96 | J26: =+Conso_BS!J19-Conso_BS!I19+Conso_BS!J14-Conso_BS!I14 -> 1189.2261 | K26: =+Conso_BS!K19-Conso_BS!J19+Conso_BS!K14-Conso_BS!J14 -> 779.90602 | L26: =+Conso_BS!L19-Conso_BS!K19+Conso_BS!L14-Conso_BS!K14 -> 256.09019
A27: Increase / (Decrease) in other current Liabilities | F27: 71.2 | G27: 47.1 | H27: -92.27 | I27: =+Conso_BS!I20-Conso_BS!H20 -> 4079.28 | J27: =+Conso_BS!J20-Conso_BS!I20 -> 936.6259 | K27: =+Conso_BS!K20-Conso_BS!J20 -> 864.95708 | L27: =+Conso_BS!L20-Conso_BS!K20 -> 250.01997
A28: Short term provisions | I28: =+Conso_BS!I22-Conso_BS!H22 -> -3.27 | J28: =+Conso_BS!J22-Conso_BS!I22 -> 58.079746 | K28: =+Conso_BS!K22-Conso_BS!J22 -> 28.743381 | L28: =+Conso_BS!L22-Conso_BS!K22 -> 7.7894099
A29: Long term provisions | I29: =+Conso_BS!I15-Conso_BS!H15 -> 111.48 | J29: =+Conso_BS!J15-Conso_BS!I15 -> 18.510458 | K29: =+Conso_BS!K15-Conso_BS!J15 -> 77.689211 | L29: =+Conso_BS!L15-Conso_BS!K15 -> 21.053651
A30: Others
A31: Cash Flow after changes in Working Capital | B31: 6337.83 | C31: 4522.28 | D31: 4964.23 | E31: 4310.65 | F31: 5413.83 | G31: 1521.76 | H31: 4348.93 | I31: =SUM(I22:I29)+I19 -> -981.38957 | J31: =SUM(J22:J29)+J19 -> 1140.1697 | K31: =SUM(K22:K29)+K19 -> -287.19006 | L31: =SUM(L22:L29)+L19 -> 1944.1119
A32: Interest Paid
A33: Tax Paid | B33: -762.97 | C33: -1040.06 | D33: -1042.14 | E33: -788.35 | F33: -833.72 | G33: -339.28 | H33: -16.95 | I33: =-Conso_PL!I44 -> 502.68 | J33: =-Conso_PL!J44 -> 51.368945 | K33: =-Conso_PL!K44 -> -677.24856 | L33: =-Conso_PL!L44 -> -556.0253
A34: Other Direct Expenses paid
A35: Extra & Other Item
A36: Cash From Operating Activities | B36: 5574.86 | C36: 3482.22 | D36: 3922.09 | E36: 3522.3 | F36: 4580.11 | G36: 1182.48 | H36: 4331.98 | I36: =+I31+I33 -> -478.70957 | J36: =+J31+J33 -> 1191.5386 | K36: =+K31+K33 -> -964.43861 | L36: =+L31+L33 -> 1388.0866
A38: B. CASH FLOW FROM INVESTING ACTIVITIES
A39: Purchase of Fixed Assets | B39: -64.34 | C39: -1.11 | E39: -62.49 | F39: -13418.41 | G39: -5101.18 | H39: -3949.95 | I39: =+Conso_BS!H30-Conso_BS!I30 -> -1988.78 | J39: =+Conso_BS!I30-Conso_BS!J30 -> -300 | K39: =+Conso_BS!J30-Conso_BS!K30 -> -3353.8664 | L39: =+Conso_BS!K30-Conso_BS!L30 -> -300
A40: Sale of Fixed Assets | B40: 271.17 | C40: 380.69 | D40: 91.6 | E40: 22.16 | F40: 17.7 | G40: 50.83 | H40: 97.05 | I40: =+Conso_BS!H35-Conso_BS!I35+Conso_BS!H36-Conso_BS!I36+Conso_BS!H37-Conso_BS!I37 -> 2244.83 | J40: =+Conso_BS!I35-Conso_BS!J35+Conso_BS!I36-Conso_BS!J36+Conso_BS!I37-Conso_BS!J37 -> 128.70495 | K40: =+Conso_BS!J35-Conso_BS!K35+Conso_BS!J36-Conso_BS!K36+Conso_BS!J37-Conso_BS!K37 -> 8837.4149 | L40: =+Conso_BS!K35-Conso_BS!L35+Conso_BS!K36-Conso_BS!L36+Conso_BS!K37-Conso_BS!L37 -> 118.38065
A41: Purchase of Investment | D41: -79.74 | E41: -362.65 | G41: -1393.87 | H41: -10.31 | I41: =+Conso_BS!H45-Conso_BS!I45 -> -0.35 | J41: =+Conso_BS!I45-Conso_BS!J45 -> 0 | K41: =+Conso_BS!J45-Conso_BS!K45 -> 0 | L41: =+Conso_BS!K45-Conso_BS!L45 -> 0
A42: Sale of Investments | B42: 205.68 | C42: 27.29 | F42: 575.13 | G42: 36.74 | H42: 1608.88
A43: Investment in Subsidiaries | G43: -31.6
A44: Dividend Income | B44: 0.86 | D44: 0.13 | E44: 0.25 | F44: -0.16 | G44: 3.76 | H44: 2.88 | I44: =+Conso_PL!I29 -> 9.99 | J44: =+Conso_PL!J29 -> 10 | K44: =+Conso_PL!K29 -> 10 | L44: =+Conso_PL!L29 -> 10
A45: Interest received | B45: 93.26 | C45: 76.76 | D45: 114.04 | E45: 106.51 | F45: 180.11 | G45: 96.53 | H45: 226.33
A46: Increase/ Decrease in Loans | B46: -161.87 | G46: -381.5 | H46: -133.71
A47: Loans & advances given to subsidiaries / partnership firms etc. | E47: -967.55 | I47: =+Conso_BS!H39-Conso_BS!I39+Conso_BS!H40-Conso_BS!I40+Conso_BS!H41-Conso_BS!I41 -> 1529.69 | J47: =+Conso_BS!I39-Conso_BS!J39+Conso_BS!I40-Conso_BS!J40+Conso_BS!I41-Conso_BS!J41 -> 0 | K47: =+Conso_BS!J39-Conso_BS!K39+Conso_BS!J40-Conso_BS!K40+Conso_BS!J41-Conso_BS!K41 -> 4.14 | L47: =+Conso_BS!K39-Conso_BS!L39+Conso_BS!K40-Conso_BS!L40+Conso_BS!K41-Conso_BS!L41 -> 0
A48: Advances for capital expenditure | B48: -6513.08 | C48: -8487.59 | D48: -6060.38 | E48: -8401.24
A49: Other Investment Activities | B49: -58.55 | C49: -32.32 | D49: -236.31 | E49: 74.46 | F49: -48.12 | G49: 2.86 | H49: -102.76 | N49: =-2445.85-111.48 -> -2557.33 | O49: =104.3-32.29-157.01+19.43 -> -65.57 | P49: =-2982-61.97-6.41+0.36 -> -3050.02 | Q49: =4-18.71-7.41+0.34 -> -21.78
A50: Net cash used in investing activities | B50: =+SUM(B39:B49) -> -6226.87 | C50: =+SUM(C39:C49) -> -8036.28 | D50: =+SUM(D39:D49) -> -6170.66 | E50: =+SUM(E39:E49) -> -9590.55 | F50: =+SUM(F39:F49) -> -12693.75 | G50: =+SUM(G39:G49) -> -6717.43 | H50: =+SUM(H39:H49) -> -2261.59 | I50: =+SUM(I39:I49) -> 1795.38 | ... L50: =+SUM(L39:L49) -> -171.61935
A52: C. CASH FROM FINANCING ACTIVITIES
A53: Increase / (Decrease) in Loan Funds | B53: -3717.71 | C53: -6290.22 | D53: 1163.42 | E53: 1420.54 | F53: 11873.25 | G53: 6573.51 | H53: -872.89 | I53: =+Conso_BS!I11-Conso_BS!H11 -> -3754.66 | J53: =+Conso_BS!J11-Conso_BS!I11 -> -4200.28 | K53: =+Conso_BS!K11-Conso_BS!J11 -> -4453.51 | L53: =+Conso_BS!L11-Conso_BS!K11 -> -2845
A54: Proceeds from Long Term Borrowings | B54: 3700.29 | C54: 10778.52
A55: Proceeds from Issue of Equity Share Capital | B55: 44.09 | C55: 11.32 | D55: 3.84 | F55: 0.24
A56: Buy Back of Equity Shares Capital | F56: -500.8
A57: Equity Dividend Paid | B57: -95.6 | C57: -136.65 | D57: -192.48 | E57: -156.91 | F57: -148.77 | G57: -144.84 | H57: -0.8
A58: Changes in minority interest | I58: =+Conso_PL!I49-Conso_PL!I48 -> 258.94 | J58: =+Conso_PL!J49-Conso_PL!J48 -> 2.0276831 | K58: =+Conso_PL!K49-Conso_PL!K48 -> -17.456639 | L58: =+Conso_PL!L49-Conso_PL!L48 -> -18.291265
A59: Interest Paid | B59: -542.54 | C59: -607.17 | D59: -919.29 | E59: -1571.29 | F59: -2178.36 | G59: -3460.22 | H59: -3594.11 | I59: =+Conso_PL!I37*-1 -> 3389.59 | J59: =+Conso_PL!J37*-1 -> 3368.5865 | K59: =+Conso_PL!K37*-1 -> 3031.936 | L59: =+Conso_PL!L37*-1 -> 2681.6196
A60: Changes in working capital borrowings | B60: 658.64 | C60: 1048.08 | D60: 2141.01 | E60: 6106.81 | F60: -289.42 | G60: 2712.35 | H60: 1795.89 | I60: =+Conso_BS!I21-Conso_BS!H21 -> -417.85 | J60: =+Conso_BS!J21-Conso_BS!I21 -> 0 | K60: =+Conso_BS!K21-Conso_BS!J21 -> 0 | L60: =+Conso_BS!L21-Conso_BS!K21 -> 0
A61: Other Financial Activities | B61: 48.25 | C61: 115.79 | D61: 38.92 | E61: 311.98 | F61: 123.22 | G61: 27.13 | I61: =+Conso_BS!I12-Conso_BS!H12+Conso_BS!I13-Conso_BS!H13+Conso_BS!I8-Conso_BS!H8 -> -935.86 | J61: =+Conso_BS!J12-Conso_BS!I12+Conso_BS!J13-Conso_BS!I13+Conso_BS!J8-Conso_BS!I8 -> -446.7056 | K61: =+Conso_BS!K12-Conso_BS!J12+Conso_BS!K13-Conso_BS!J13+Conso_BS!K8-Conso_BS!J8-4.14 -> 47.312869 | L61: =+Conso_BS!L12-Conso_BS!K12+Conso_BS!L13-Conso_BS!K13+Conso_BS!L8-Conso_BS!K8+4.14 -> -300.76779
A62: Net cash flow from financing activities | B62: =+SUM(B53:B61) -> 95.42 | C62: =+SUM(C53:C61) -> 4919.67 | D62: =+SUM(D53:D61) -> 2235.42 | E62: =+SUM(E53:E61) -> 6111.13 | F62: =+SUM(F53:F61) -> 8879.36 | G62: =+SUM(G53:G61) -> 5707.93 | H62: =+SUM(H53:H61) -> -2671.91 | I62: =+SUM(I53:I61) -> -1459.84 | ... L62: =+SUM(L53:L61) -> -482.43947
A65: Net Cash Inflow / Outflow | B65: -556.59 | C65: 365.61 | D65: -13.15 | E65: 42.88 | F65: 765.72 | G65: 172.98 | H65: -601.52 | I65: =+I36+I50+I62 -> -143.16957 | J65: =+J36+J50+J62 -> -246.12786 | K65: =+K36+K50+K62 -> 3141.5321 | L65: =+L36+L50+L62 -> 734.02782
A66: Opening Cash & Cash Equivalents | B66: 669.36 | C66: 112.77 | D66: 144.81 | E66: 131.66 | F66: 174.54 | G66: 940.26 | H66: =1113.24+108.66 -> 1221.9 | I66: =+H67 -> 620.38 | J66: =+I67 -> 477.21043 | K66: =+J67 -> 231.08256 | L66: =+K67 -> 3372.6147
A67: Cash and Cash Equivalents in Consolidated Balance Sheet | B67: 112.77 | C67: 463.99 | D67: 149.21 | E67: 200.13 | F67: 1015.28 | G67: 1139.07 | H67: 620.38 | I67: =+I65+I66 -> 477.21043 | J67: =+J65+J66 -> 231.08256 | K67: =+K65+K66 -> 3372.6147 | L67: =+L65+L66 -> 4106.6425

Sheet projections
C3: Y/E March, Fig in ` Cr | D3: FY16 | E3: FY17E | F3: FY18E | G3: FY19E | H3: FY20E | K3: Y/E March, Fig in ` Cr | L3: FY16 | M3: FY17E | N3: FY18E | O3: FY19E | P3: FY20E
C4: Profit & Loss Statement | K4: Per Share Data (Rs)
C5: Net Sales | D5: =+Conso_PL!H3 -> 18371.59 | E5: =+Conso_PL!I3 -> 21050.51 | F5: =+Conso_PL!J3 -> 30127.437 | G5: =+Conso_PL!K3 -> 37313.282 | H5: =+Conso_PL!L3 -> 39260.634 | K5: Adj. EPS | L5: =+Conso_PL!H55 -> -32.418251 | M5: =+Conso_PL!I55 -> -24.931799 | N5: =+Conso_PL!J55 -> -2.0309611 | O5: =+Conso_PL!K55 -> 20.946016 | P5: =+Conso_PL!L55 -> 21.943469
C6: % Chg. | E6: =(E5/D5-1)*100 -> 14.581863 | F6: =(F5/E5-1)*100 -> 43.119747 | G6: =(G5/F5-1)*100 -> 23.851499 | H6: =(H5/G5-1)*100 -> 5.2189258 | K6: Cash EPS | L6: =+Conso_PL!H56 -> 12.039454 | M6: =+Conso_PL!I56 -> 18.22689 | N6: =+Conso_PL!J56 -> 44.276962 | O6: =+Conso_PL!K56 -> 69.172621 | P6: =+Conso_PL!L56 -> 70.224513
C7: Total Expenditure | D7: =+Conso_PL!H24 -> 14934.66 | E7: =+Conso_PL!I24 -> 16392.46 | F7: =+Conso_PL!J24 -> 22770.6 | G7: =+Conso_PL!K24 -> 28263.502 | H7: =+Conso_PL!L24 -> 29585.135 | K7: DPS | L7: 0 | M7: 0 | N7: 0 | O7: 0 | P7: 0
C8: % Chg. | E8: =(E7/D7-1)*100 -> 9.7611835 | F8: =(F7/E7-1)*100 -> 38.908993 | G8: =(G7/F7-1)*100 -> 24.122778 | H8: =(H7/G7-1)*100 -> 4.6761121 | K8: Book Value | L8: =+Conso_BS!H60 -> 354.48351 | M8: =+Conso_BS!I60 -> 328.4124 | N8: =+Conso_BS!J60 -> 311.58407 | O8: =+Conso_BS!K60 -> 317.73211 | P8: =+Conso_BS!L60 -> 324.87757
C9: EBDITA | D9: =+D5-D7 -> 3436.93 | E9: =+E5-E7 -> 4658.0504 | F9: =+F5-F7 -> 7356.8361 | G9: =+G5-G7 -> 9049.7799 | H9: =+H5-H7 -> 9675.4993 | K9: Capital, Liquidity, Returns Ratio
C10: EBDITA Margin % | D10: =(D9/D5)*100 -> 18.707853 | E10: =(E9/E5)*100 -> 22.127969 | F10: =(F9/F5)*100 -> 24.419058 | G10: =(G9/G5)*100 -> 24.253508 | H10: =(H9/H5)*100 -> 24.644277 | K10: Debt / Equity (x) | L10: =+Conso_BS!H62 -> 1.3605504 | M10: =+Conso_BS!I62 -> 1.3297083 | N10: =+Conso_BS!J62 -> 1.2542015 | O10: =+Conso_BS!K62 -> 1.0767507 | P10: =+Conso_BS!L62 -> 0.95736429
C11: Other Income | D11: =+Conso_PL!H29 -> 156.69 | E11: =+Conso_PL!I29 -> 9.99 | F11: =+Conso_PL!J29 -> 10 | G11: =+Conso_PL!K29 -> 10 | H11: =+Conso_PL!L29 -> 10 | I11: =+'[63]Profit and loss'!J30 -> 0 | K11: Current Ratio (x) | L11: =+'BS Working'!G119 -> 0.76725799 | M11: =+'BS Working'!H119 -> 0.61967887 | N11: =+'BS Working'!I119 -> 0.61767361 | O11: =+'BS Working'!J119 -> 0.83389461 | P11: =+'BS Working'!K119 -> 0.95631027
C12: PBDIT | D12: =D9+D11 -> 3593.62 | E12: =E9+E11 -> 4668.0404 | F12: =F9+F11 -> 7366.8361 | G12: =G9+G11 -> 9059.7799 | H12: =H9+H11 -> 9685.4993 | K12: ROE (%) | L12: =+Conso_BS!H65 -> -0.09144965 | M12: =+Conso_BS!I65 -> -0.07591412 | N12: =+Conso_BS!J65 -> -0.0065180074 | O12: =+Conso_BS!K65 -> 0.065921763 | P12: =+Conso_BS!L65 -> 0.067542019
C13: Depreciation | D13: =+Conso_PL!H33*-1 -> 4067.88 | E13: =+Conso_PL!I33 -> -3949.02 | F13: =+Conso_PL!J33 -> -4237.1749 | G13: =+Conso_PL!K33 -> -4412.7344 | H13: =+Conso_PL!L33 -> -4417.7156 | K13: ROCE (%) | L13: =+Conso_BS!H66 -> -0.048687 | M13: =+Conso_BS!I66 -> -0.038146106 | N13: =+Conso_BS!J66 -> -0.003717591 | O13: =+Conso_BS!K66 -> 0.026750009 | P13: =+Conso_BS!L66 -> 0.044445941
C14: Interest | D14: =+Conso_PL!H37*-1 -> 3253.56 | E14: =+Conso_PL!I37 -> -3389.59 | F14: =+Conso_PL!J37 -> -3368.5865 | G14: =+Conso_PL!K37 -> -3031.936 | H14: =+Conso_PL!L37 -> -2681.6196 | K14: Dividend Yield (%) | L14: =+L7/707*100 -> 0 | M14: =+M7/707*100 -> 0 | N14: =+N7/707*100 -> 0 | O14: =+O7/707*100 -> 0 | P14: =+P7/707*100 -> 0
C15: Exceptional items | D15: 0 | E15: =+Conso_PL!I41*-1 -> 372.31 | F15: 0 | G15: =+Conso_PL!K41 -> 1000 | H15: 0 | K15: Valuation Ratio (x)
C16: PBT | D16: =+D12-D13-D14+D15 -> -3727.82 | E16: =E12+E13+E14-E15 -> -3042.8796 | F16: =F12+F13+F14-F15 -> -238.92533 | G16: =G12+G13+G14+G15 -> 2615.1096 | H16: =H12+H13+H14-H15 -> 2586.1642 | K16: P/E | L16: NA | M16: NA | N16: =141/Conso_PL!J55 -> -69.42526 | O16: =141/Conso_PL!K55 -> 6.7315905 | P16: =113.2/Conso_PL!L55 -> 5.1587104
C17: Tax Provisions | D17: =+Conso_PL!H44 -> -877.46 | E17: =+Conso_PL!I44 -> -502.68 | F17: =+Conso_PL!J44 -> -51.368945 | G17: =+Conso_PL!K44 -> 677.24856 | H17: =+Conso_PL!L44 -> 556.0253 | K17: P/BV | L17: =141/Conso_BS!H60 -> 0.39776181 | M17: =141/Conso_BS!I60 -> 0.42933824 | N17: =141/Conso_BS!J60 -> 0.45252634 | O17: =141/Conso_BS!K60 -> 0.44377007 | P17: =141/Conso_BS!L60 -> 0.43400964
C18: Reported PAT | D18: =D16-D17 -> -2850.36 | E18: =E16-E17 -> -2540.1996 | F18: =F16-F17 -> -187.55638 | G18: =G16-G17 -> 1937.861 | H18: =H16-H17 -> 2030.1389 | K18: EV/Sales | L18: =+Conso_BS!H71/Conso_PL!H5 -> 3.0706331 | M18: =+Conso_BS!I71/Conso_PL!I5 -> 2.4884467 | N18: =+Conso_BS!J71/Conso_PL!J5 -> 1.607469 | O18: =+Conso_BS!K71/Conso_PL!K5 -> 1.0943523 | P18: =+Conso_BS!L71/Conso_PL!L5 -> 0.94891104
C19: Minority Interest | D19: =Conso_PL!H52 -> -119.92 | E19: =Conso_PL!I52 -> -258.94 | F19: =Conso_PL!J52 -> -1.7234446 | G19: =Conso_PL!K52 -> 21.300582 | H19: =Conso_PL!L52 -> 22.311512 | K19: EV/EBIDTA | L19: =+Conso_BS!H71/Conso_PL!H26 -> 16.413605 | M19: =+Conso_BS!I71/Conso_PL!I26 -> 11.245707 | N19: =+Conso_BS!J71/Conso_PL!J26 -> 6.582846 | O19: =+Conso_BS!K71/Conso_PL!K26 -> 4.5121403 | P19: =+Conso_BS!L71/Conso_PL!L26 -> 3.8504317
C20: PAT | D20: =+D18-D19 -> -2730.44 | E20: =+E18-E19 -> -2281.2596 | F20: =+F18-F19 -> -185.83294 | G20: =+G18-G19 -> 1916.5604 | H20: =+H18-H19 -> 2007.8274 | K20: Efficiency Ratio (x)
C21: PAT Margin (%) | D21: =+D20/D5*100 -> -14.862296 | E21: =+E20/E5*100 -> -10.837075 | F21: =+F20/F5*100 -> -0.61682293 | G21: =+G20/G5*100 -> 5.1364027 | H21: =+H20/H5*100 -> 5.1140981 | K21: Inventory (days) | L21: =+'BS Working'!G13 -> 64.651263 | M21: =+'BS Working'!H13 -> 65 | N21: =+'BS Working'!I13 -> 65 | O21: =+'BS Working'!J13 -> 65 | P21: =+'BS Working'!K13 -> 65
C22: Other opr Exp / Sales (%) | D22: =+'[63]Profit and loss'!F24/'[63]Profit and loss'!F8 -> 0.0010409889 | E22: =+'[63]Profit and loss'!G24/'[63]Profit and loss'!G8 -> 0.0015 | F22: =+'[63]Profit and loss'!H24/'[63]Profit and loss'!H8 -> 0.0015 | G22: =+'[63]Profit and loss'!I24/'[63]Profit and loss'!I8 -> 0.0015 | H22: 0 | K22: Debtors (days) | L22: =+'BS Working'!G7 -> 28.394423 | M22: =+'BS Working'!H7 -> 32 | N22: =+'BS Working'!I7 -> 31 | O22: =+'BS Working'!J7 -> 30 | P22: =+'BS Working'!K7 -> 30 | W22: 410
C23: Tax Rate (%) | D23: =+D17/D16*100 -> 23.538154 | E23: =+E17/E16*100 -> 16.519878 | F23: =+F17/F16*100 -> 21.5 | G23: =+G17/G16*100 -> 25.897521 | H23: =+H17/H16*100 -> 21.5 | K23: Creditors (days) | L23: =+'BS Working'!G19 -> 46.048007 | M23: =+'BS Working'!H19 -> 50 | N23: =+'BS Working'!I19 -> 50 | O23: =+'BS Working'!J19 -> 48 | P23: =+'BS Working'!K19 -> 48 | W23: 307
W24: =W22-W23 -> 103
C25: Balance Sheet | K25: Cash Flow Statement | W25: =W24/W23 -> 0.33550489
C26: Share Capital | D26: =+Conso_BS!H3 -> 91.49 | E26: =+Conso_BS!I3 -> 91.5 | F26: =+Conso_BS!J3 -> 91.5 | G26: =+Conso_BS!K3 -> 91.5 | H26: =+Conso_BS!L3 -> 91.5 | K26: Profit Before Tax | L26: =+Conso_CF!H4 -> -2674.93 | M26: =+Conso_CF!I4 -> -3042.8796 | N26: =+Conso_CF!J4 -> -238.92533 | O26: =+Conso_CF!K4 -> 2615.1096 | P26: =+Conso_CF!L4 -> 2586.1642
C27: Reserves & Surplus | D27: =+Conso_BS!H5+Conso_BS!H4 -> 32344.61 | E27: =+Conso_BS!I5+Conso_BS!I4 -> 29959.03 | F27: =+Conso_BS!J5+Conso_BS!J4 -> 28419.197 | G27: =+Conso_BS!K5+Conso_BS!K4 -> 28981.758 | H27: =+Conso_BS!L5+Conso_BS!L4 -> 29635.585 | K27: Depreciation | L27: =+Conso_CF!H7+Conso_CF!H8 -> 3046.21 | M27: =+Conso_CF!I7+Conso_CF!I8 -> 907.66 | N27: =+Conso_CF!J7+Conso_CF!J8 -> 4108.47 | O27: =+Conso_CF!K7+Conso_CF!K8 -> 1627.6289 | P27: =+Conso_CF!L7+Conso_CF!L8 -> 4299.3349
C28: Minority Interest | D28: =+Conso_BS!H8 -> 899.83 | E28: =+Conso_BS!I8 -> 646.71 | F28: =+Conso_BS!J8 -> 644.83444 | G28: =+Conso_BS!K8 -> 664.21305 | H28: =+Conso_BS!L8 -> 820.58139 | K28: Working Capital Changes | L28: =+SUM(Conso_CF!H22:H30) -> 1366.01 | M28: =+SUM(Conso_CF!I22:I30) -> 4553.41 | N28: =+SUM(Conso_CF!J22:J30) -> 649.2115 | O28: =+SUM(Conso_CF!K22:K30) -> -1487.9926 | P28: =+SUM(Conso_CF!L22:L30) -> -2249.7676
C29: Long Term Borrowings | D29: =+Conso_BS!H11 -> 36353 | E29: =+Conso_BS!I11 -> 32598.34 | F29: =+Conso_BS!J11 -> 28398.06 | G29: =+Conso_BS!K11 -> 23944.55 | H29: =+Conso_BS!L11 -> 21099.55 | K29: Others | L29: =+SUM(Conso_CF!H9:H18)+SUM(Conso_CF!H32:H35) -> 2594.69 | M29: =+SUM(Conso_CF!I9:I18)+502.68 -> -2896.9 | N29: =+SUM(Conso_CF!J9:J18)+SUM(Conso_CF!J32:J35) -> -3327.2176 | O29: =+SUM(Conso_CF!K9:K18)-SUM(Conso_CF!K32:K35) -> -2364.6874 | P29: =+SUM(Conso_CF!L9:L18)-SUM(Conso_CF!L32:L35) -> -2135.5943
C30: Deferred Tax Liability | D30: =+Conso_BS!H12 -> 6621.15 | E30: =+Conso_BS!I12 -> 5358.63 | F30: =+Conso_BS!J12 -> 4913.8 | G30: =+Conso_BS!K12 -> 4945.8742 | H30: =+Conso_BS!L12 -> 4484.5981 | K30: Operating Cash Flow | L30: =+L26+L27+L28+L29 -> 4331.98 | M30: =+M26+M27+M28+M29 -> -478.70957 | N30: =+N26+N27+N28+N29 -> 1191.5386 | O30: =+O26+O27+O28+O29 -> 390.0585 | P30: =+P26+P27+P28+P29 -> 2500.1372
C31: Other Non Current Liabilities | D31: =+Conso_BS!H13+Conso_BS!H14+Conso_BS!H15 -> 289.43 | E31: =+Conso_BS!I13+Conso_BS!I14+Conso_BS!I15 -> 1071.57 | F31: =+Conso_BS!J13+Conso_BS!J14+Conso_BS!J15 -> 1090.0805 | G31: =+Conso_BS!K13+Conso_BS!K14+Conso_BS!K15 -> 1167.7697 | H31: =+Conso_BS!L13+Conso_BS!L14+Conso_BS!L15 -> 1188.8233 | K31: Capital Expenditure | L31: =+SUM(Conso_CF!H39:H42) -> -2254.33 | M31: =+SUM(Conso_CF!I39:I42) -> 255.7 | N31: =+SUM(Conso_CF!J39:J42) -> -171.29505 | O31: =+SUM(Conso_CF!K39:K42) -> 5483.5485 | P31: =+SUM(Conso_CF!L39:L42) -> -181.61935
C32: Total Liabilities | D32: =+D26+D27+D28+D29+D30+D31 -> 76599.51 | E32: =+E26+E27+E28+E29+E30+E31 -> 69725.78 | F32: =+F26+F27+F28+F29+F30+F31 -> 63557.472 | G32: =+G26+G27+G28+G29+G30+G31 -> 59795.665 | H32: =+H26+H27+H28+H29+H30+H31 -> 57320.638 | K32: Other Investment Activities | L32: =+SUM(Conso_CF!H44:H49) -> -7.26 | M32: =+SUM(Conso_CF!I44:I49) -> 1539.68 | N32: =+SUM(Conso_CF!J44:J49) -> 10 | O32: =+SUM(Conso_CF!K44:K49) -> 14.14 | P32: =+SUM(Conso_CF!L44:L49) -> 10
C33: Gross Block | D33: =+Conso_BS!H30 -> 84142.75 | E33: =+Conso_BS!I30 -> 86131.53 | F33: =+Conso_BS!J30 -> 86431.53 | G33: =+Conso_BS!K30 -> 89785.396 | H33: =+Conso_BS!L30 -> 90085.396 | K33: Cash Flow from Investing | L33: =+L31+L32 -> -2261.59 | M33: =+M31+M32 -> 1795.38 | N33: =+N31+N32 -> -161.29505 | O33: =+O31+O32 -> 5497.6885 | P33: =+P31+P32 -> -171.61935
C34: Less: Acc. Depreciation | D34: =+Conso_BS!H31+Conso_BS!H32 -> 22930.03 | E34: =+Conso_BS!I31+Conso_BS!I32 -> 23942.01 | F34: =+Conso_BS!J31+Conso_BS!J32 -> 29404.48 | G34: =+Conso_BS!K31+Conso_BS!K32 -> 32386.109 | H34: =+Conso_BS!L31+Conso_BS!L32 -> 38039.444 | K34: Changes in Share Capital | L34: =+SUM(Conso_CF!H55:H56) -> 0 | M34: =+SUM(Conso_CF!I55:I56) -> 0 | N34: =+SUM(Conso_CF!J55:J56) -> 0 | O34: =+SUM(Conso_CF!K55:K56) -> 0 | P34: =+SUM(Conso_CF!L55:L56) -> 0
C35: Net Block | D35: =+D33-D34 -> 61212.72 | E35: =+E33-E34 -> 62189.52 | F35: =+F33-F34 -> 57027.05 | G35: =+G33-G34 -> 57399.287 | H35: =+H33-H34 -> 52045.953 | K35: Changes in Borrowings | L35: =+Conso_CF!H53+Conso_CF!H60 -> 923 | M35: =+Conso_CF!I53+Conso_CF!I60 -> -4172.51 | N35: =+Conso_CF!J53+Conso_CF!J60 -> -4200.28 | O35: =+Conso_CF!K53+Conso_CF!K60 -> -4453.51 | P35: =+Conso_CF!L53+Conso_CF!L60 -> -2845
C36: Capital Work in Progress | D36: =+Conso_BS!H36+Conso_BS!H37+Conso_BS!H38 -> 11826.8 | E36: =+Conso_BS!I36+Conso_BS!I37+Conso_BS!I38 -> 9716.17 | F36: =+Conso_BS!J36+Conso_BS!J37+Conso_BS!J38 -> 9715.88 | G36: =+Conso_BS!K36+Conso_BS!K37+Conso_BS!K38 -> 1002.19 | H36: =+Conso_BS!L36+Conso_BS!L37+Conso_BS!L38 -> 994.03 | K36: Dividend and Interest | L36: =+SUM(Conso_CF!H57:H59) -> -3594.91 | M36: =+SUM(Conso_CF!I58:I59)+Conso_CF!I61 -> 2712.67 | N36: =+SUM(Conso_CF!J58:J59)+Conso_CF!J61 -> 2923.9086 | O36: =+SUM(Conso_CF!K58:K59)+Conso_CF!K61 -> 3061.7922 | P36: =+SUM(Conso_CF!L58:L59)+Conso_CF!L61 -> 2362.5605
C37: Non Current Investments | D37: =+Conso_BS!H39+Conso_BS!H35 -> 4217.16 | E37: =+Conso_BS!I39+Conso_BS!I35 -> 3742.12 | F37: =+Conso_BS!J39+Conso_BS!J35 -> 3613.415 | G37: =+Conso_BS!K39+Conso_BS!K35 -> 3485.8401 | H37: =+Conso_BS!L39+Conso_BS!L35 -> 3367.4595 | K37: Cash Flow from Financing | L37: =+L34+L35+L36 -> -2671.91 | M37: =+M34+M35+M36 -> -1459.84 | N37: =+N34+N35+N36 -> -1276.3714 | O37: =+O34+O35+O36 -> -1391.7178 | P37: =+P34+P35+P36 -> -482.43947
C38: Net Current Assets | D38: =+'BS Working'!G117 -> -3862.1 | E38: =+'BS Working'!H117 -> -7938.1196 | F38: =+'BS Working'!I117 -> -8814.9485 | G38: =+'BS Working'!J117 -> -4107.7346 | H38: =+'BS Working'!K117 -> -1102.8855 | K38: Net Change in Cash | L38: =+L37+L33+L30 -> -601.52 | M38: =+M37+M33+M30 -> -143.16957 | N38: =+N37+N33+N30 -> -246.12786 | O38: =+O37+O33+O30 -> 4496.0292 | P38: =+P37+P33+P30 -> 1846.0784
C39: Long term Loans & Advances | D39: =+Conso_BS!H40+Conso_BS!#REF!+Conso_BS!H41 -> #REF! | E39: =+Conso_BS!I40+Conso_BS!#REF!+Conso_BS!I41 -> #REF! | F39: =+Conso_BS!J40+Conso_BS!#REF!+Conso_BS!J41 -> #REF! | G39: =+Conso_BS!K40+Conso_BS!#REF!+Conso_BS!K41 -> #REF! | H39: =+Conso_BS!L40+Conso_BS!#REF!+Conso_BS!L41 -> #REF! | K39: Opening Cash Balance | L39: 1221.9 | M39: 620 | N39: =+M40 -> 477.23043 | O39: =+N40 -> 231.10256 | P39: =+O40 -> 4727.1318
C40: Total Assets | D40: =+D35+D36+D37+D38+D39 -> #REF! | E40: =+E35+E36+E37+E38+E39 -> #REF! | F40: =+F35+F36+F37+F38+F39 -> #REF! | G40: =+G35+G36+G37+G38+G39 -> #REF! | H40: =+H35+H36+H37+H38+H39 -> #REF! | K40: Closing Cash Balance | L40: =+L38+L39 -> 620.38 | M40: =+M39+M38+0.4 -> 477.23043 | N40: =+N39+N38 -> 231.10256 | O40: =+O39+O38 -> 4727.1318 | P40: =+P39+P38 -> 6573.2102
I41: =+I32-I40 -> 0

Sheet Key Financials
A1: Y/E Mar | B1: Net Sales | C1: EBITDA | D1: PAT | E1: EPS | F1: EPS Growth (%) | G1: RONW (%) | H1: ROCE (%) | I1: P/E | J1: EV/EBITDA
I2: (x) | J2: (x)
A3: 2017 | B3: =+Conso_PL!I5 -> 21050.51 | C3: =+Conso_PL!I26 -> 4658.0504 | D3: =+Conso_PL!I50 -> -2281.2596 | E3: =+Conso_PL!I55 -> -24.931799 | F3: NA | G3: =+projections!M12*100 -> -7.591412 | H3: =+projections!M13*100 -> -3.8146106 | I3: =+projections!M16 -> NA | J3: =+projections!M19 -> 11.245707
A4: 2018E | B4: =+Conso_PL!J5 -> 30127.437 | C4: =+Conso_PL!J26 -> 7356.8361 | D4: =+Conso_PL!J50 -> -185.83294 | E4: =+Conso_PL!J55 -> -2.0309611 | F4: NA | G4: =+projections!N12*100 -> -0.65180074 | H4: =+projections!N13*100 -> -0.3717591 | I4: =+projections!N16 -> -69.42526 | J4: =+projections!N19 -> 6.582846
A5: 2019E | B5: =+Conso_PL!K5 -> 37313.282 | C5: =+Conso_PL!K26 -> 9049.7799 | D5: =+Conso_PL!K50 -> 1916.5604 | E5: =+Conso_PL!K55 -> 20.946016 | F5: =+Conso_PL!K57 -> 0 | G5: =+projections!O12*100 -> 6.5921763 | H5: =+projections!O13*100 -> 2.6750009 | I5: =+projections!O16 -> 6.7315905 | J5: =+projections!O19 -> 4.5121403
A6: 2020E | B6: =+Conso_PL!L5 -> 39260.634 | C6: =+Conso_PL!L26 -> 9675.4993 | D6: =+Conso_PL!L50 -> 2007.8274 | E6: =+Conso_PL!L55 -> 21.943469 | F6: =+Conso_PL!L57 -> 0 | G6: =+projections!P12*100 -> 6.7542019 | H6: =+projections!P13*100 -> 4.4445941 | I6: =+projections!P16 -> 5.1587104 | J6: =+projections!P19 -> 3.8504317

Sheet Financial performance
B3: Particulars | C3: Q4FY17 | D3: Q4FY16 | E3: FY17 | F3: FY16 | H3: Q4FY17 | I3: Q4FY16
B4: Net Sales | C4: 6290.49 | D4: 4872.41 | E4: =+[64]Conso_PL!I5 -> 21050.51 | F4: =+[64]Conso_PL!H5 -> 18371.59 | H4: =6751.95+199.71-195.59-465.58 -> 6290.49 | I4: =5693.13-45.12-205.33-570.27 -> 4872.41
B5: Growth | C5: =+C4/D4-1 -> 0.29104283 | E5: =+E4/F4-1 -> 0.14581863
B6: Total Expenditure | C6: 4738.44 | D6: 3974.21 | E6: =+[64]Conso_PL!I24 -> 16392.46 | F6: =+[64]Conso_PL!H24 -> 14934.66 | H6: =2084.01+109.55+181.16+225.63+2333.68-195.59 -> 4738.44 | I6: =1446.35+11.6+434.85+225.37+2061.37-205.33 -> 3974.21
B7: EBITDA | C7: =+C4-C6 -> 1552.05 | D7: =+D4-D6 -> 898.2 | E7: =+E4-E6 -> 4658.0504 | F7: =+F4-F6 -> 3436.93 | H7: =+H4-H6 -> 1552.05 | I7: =+I4-I6 -> 898.2
B8: Margin (%) | C8: =+C7/C4 -> 0.24672959 | D8: =+D7/D4 -> 0.18434409 | E8: =+E7/E4 -> 0.22127969 | F8: =+F7/F4 -> 0.18707853
B9: Depreciation | C9: 1005.8 | D9: 1232.38 | E9: =-(+[64]Conso_PL!I33) -> 3949.02 | F9: =-(+[64]Conso_PL!H33) -> 4067.88 | I9: 1232.38
B10: EBIT (Ex OI) | C10: =+C7-C9 -> 546.25 | D10: =+D7-D9 -> -334.18 | E10: =+E7-E9 -> 709.03043 | F10: =+F7-F9 -> -630.95
B11: Non Operating Income | C11: 9 | D11: 107.36 | E11: =+[64]Conso_PL!I29 -> 9.99 | F11: =+[64]Conso_PL!H29 -> 156.69 | I11: 107.36
B12: EBIT | C12: =+C10+C11 -> 555.25 | D12: =+D10+D11 -> -226.82 | E12: =+E10+E11 -> 719.02043 | F12: =+F10+F11 -> -474.26 | I12: =+I7-I9+I11 -> -226.82
B13: Margin (%) | C13: =+C12/C4 -> 0.088268164 | D13: =+D12/D4 -> -0.046551912 | E13: =+E12/E4 -> 0.034156912 | F13: =+F12/F4 -> -0.025814859
B14: Finance cost | C14: 864.2 | D14: 853.21 | E14: =+[64]Conso_PL!I37 -> 3389.59 | F14: =+[64]Conso_PL!H37*-1 -> 3253.56 | I14: 853.21
B15: Exceptional items | C15: 253.41 | D15: -112.61 | E15: =+[64]Conso_PL!I41 -> -372.31 | F15: =+[64]Conso_PL!H41 -> -235.83 | I15: 112.261
B16: PBT | C16: =+C12-C14+C15 -> -55.54 | D16: =+D12-D14-D15 -> -967.42 | E16: =+E12-E14+E15 -> -3042.8796 | F16: =+F12-F14+F15 -> -3963.65
B17: Margin (%) | C17: =+C16/C4 -> -0.0088292009 | D17: =+D16/D4 -> -0.19855061 | E17: =+E16/E4 -> -0.14455135 | F17: =+F16/F4 -> -0.21574888
B18: Provision for Tax | C18: 42.7 | D18: 330.77 | E18: =+[64]Conso_PL!I44 -> -502.68 | F18: =+[64]Conso_PL!H44 -> -877.46
B19: Profit after tax | C19: =+C16-C18 -> -98.24 | D19: =+D16+D18 -> -636.65 | E19: =+E16-E18 -> -2540.1996 | F19: =+F16-F18 -> -3086.19
B20: Margin (%) | C20: =+C19/C4 -> -0.015617225 | D20: =+D19/D4 -> -0.13066429 | E20: =+E19/E4 -> -0.12067164 | F20: =+F19/F4 -> -0.16798709
B21: Minority | C21: 50.5 | D21: 58.66 | E21: =+[64]Conso_PL!I48-[64]Conso_PL!I49 -> -258.94 | F21: =+[64]Conso_PL!H48+[64]Conso_PL!H49 -> 119.92
B22: Profit after Tax and allocation of minority | C22: =+C19+C21 -> -47.74 | D22: =+D19+D21 -> -577.99 | E22: =+E19-E21 -> -2281.2596 | F22: =+F19+F21 -> -2966.27

Sheet Sheet5
B1: FY18 | C1: FY19 | D1: FY20
A2: Consolidated EBIDTA | B2: =Conso_PL!J26 -> 7356.8361 | C2: =Conso_PL!K26 -> 9049.7799 | D2: =Conso_PL!L26 -> 9675.4993
A4: JSPL standalone | B4: =' JSPL_PL'!D39 -> 5213.5225 | C4: =' JSPL_PL'!E39 -> 6472.5984 | D4: =' JSPL_PL'!F39 -> 6901.5669
A5: JPL | B5: ='Jindal Power Ltd'!C50 -> 1311.711 | C5: ='Jindal Power Ltd'!D50 -> 1814.2566 | D5: ='Jindal Power Ltd'!E50 -> 1814.2566
A6: Oman | B6: ='Oman business'!G71 -> 891.761 | C6: ='Oman business'!H71 -> 915.66745 | D6: ='Oman business'!I71 -> 939.57389
A7: Australia & Mozambique | B7: ='Australia and Mozambique'!C14+'Australia and Mozambique'!C49 -> 257.3286 | C7: ='Australia and Mozambique'!D14+'Australia and Mozambique'!D49 -> 352.176 | D7: ='Australia and Mozambique'!E14+'Australia and Mozambique'!E49 -> 438.219
B8: =SUM(B4:B7) -> 7674.3231 | C8: =SUM(C4:C7) -> 9554.6985 | D8: =SUM(D4:D7) -> 10093.616
C9: `
B10: =B2-B8 -> -317.48698 | C10: =C2-C8 -> -504.91858 | D10: =D2-D8 -> -418.11702
C12: ` | D12: =418/D2 -> 0.043201905

Sheet Conso_PL
A1: PARTICULARS | B1: 40238 | C1: 40603 | D1: 40969 | E1: 41334 | F1: 41699 | G1: 42064 | H1: 42430 | I1: 42795 | J1: 43160 | K1: 43525 | L1: 43891
A2: INCOME :
A3: Net Sales | B3: 11091.54 | C3: 13112.15 | D3: 18208.6 | E3: 19806.78 | F3: 20004.04 | G3: 19400.77 | H3: =21042.49+423.15-1097.15-1996.9 -> 18371.59 | I3: =22659.86+641.37-604.99-1645.73 -> 21050.51 | J3: ='Revenue Breakup'!D29 -> 30127.437 | K3: ='Revenue Breakup'!E29 -> 37313.282 | L3: ='Revenue Breakup'!F29 -> 39260.634
A5: Net Sales | B5: 11091.54 | C5: 13112.15 | D5: 18208.6 | E5: =+E3 -> 19806.78 | F5: =+F3 -> 20004.04 | G5: =+G3 -> 19400.77 | H5: =+SUM(H3:H4) -> 18371.59 | I5: =+SUM(I3:I4) -> 21050.51 | J5: =+SUM(J3:J4) -> 30127.437 | K5: =+SUM(K3:K4) -> 37313.282 | L5: =+SUM(L3:L4) -> 39260.634
A6: YoY Sales Growth | C6: =+(C5/B5)-1 -> 0.18217578 | D6: =+(D5/C5)-1 -> 0.38868149 | E6: =+(E5/D5)-1 -> 0.087770614 | F6: =+(F5/E5)-1 -> 0.009959216 | G6: =+(G5/F5)-1 -> -0.030157408 | H6: =+(H5/G5)-1 -> -0.05304841 | I6: =+(I5/H5)-1 -> 0.14581863 | J6: =+(J5/I5)-1 -> 0.43119747 | ... L6: =+(L5/K5)-1 -> 0.052189258
A8: EXPENDITURE :
A10: Raw Material Consumed | B10: 2179.34 | C10: 2471.42 | D10: 5311.1 | E10: 6150.97 | F10: 6278.17 | G10: 5473.65 | H10: ='Bifurcation of RM and Power'!C9 -> 6545 | I10: ='Bifurcation of RM and Power'!D9 -> 7083.4434 | J10: ='Bifurcation of RM and Power'!E9 -> 9091.4093 | K10: ='Bifurcation of RM and Power'!F9 -> 11765.05 | L10: ='Bifurcation of RM and Power'!G9 -> 12555.218
B11: =+B10/B5 -> 0.19648669 | C11: =+C10/C5 -> 0.1884832 | D11: =+D10/D5 -> 0.29168085 | E11: =+E10/E5 -> 0.31054871 | F11: =+F10/F5 -> 0.3138451 | G11: =+G10/G5 -> 0.28213571 | H11: =+H10/H5 -> 0.35625659 | I11: =+I10/I5 -> 0.33649747 | ... L11: =+L10/L5 -> 0.31979153
A12: Power & Fuel Cost | B12: 657.71 | C12: 805.18 | D12: 1129.77 | E12: 1437.95 | F12: 1662 | G12: 2492.72 | H12: 4368.31 | I12: =+I5*I13 -> 5052.1224 | J12: =+'Bifurcation of RM and Power'!E20 -> 7378.6568 | K12: =+'Bifurcation of RM and Power'!F20 -> 8690.7005 | L12: =+'Bifurcation of RM and Power'!G20 -> 8814.2758
B13: =+B12/B5 -> 0.059298348 | C13: =+C12/C5 -> 0.061407168 | D13: =+D12/D5 -> 0.062045956 | E13: =+E12/E5 -> 0.072598878 | F13: =+F12/F5 -> 0.083083217 | G13: =+G12/G5 -> 0.12848562 | H13: =+H12/H5 -> 0.23777528 | I13: 0.24 | J13: =+J12/J5 -> 0.24491486 | K13: =+K12/K5 -> 0.23291172 | L13: =+L12/L5 -> 0.22450671
A14: Employee Cost | B14: 201.44 | C14: 414.92 | D14: 591.29 | E14: 641.49 | F14: 787.6 | G14: 1090.34 | H14: 946.57 | I14: 913 | J14: =J5*J15 -> 1184.1156 | K14: =K5*K15 -> 1470.1007 | L14: =L5*L15 -> 1547.1515
B15: =+B14/B5 -> 0.01816159 | C15: =+C14/C5 -> 0.031643933 | D15: =+D14/D5 -> 0.032473117 | E15: =+E14/E5 -> 0.032387395 | F15: =+F14/F5 -> 0.039372047 | G15: =+G14/G5 -> 0.056200862 | H15: =+H14/H5 -> 0.051523575 | I15: 0.04 | J15: 0.039303562 | K15: 0.039398857 | L15: 0.039407196
A16: Other Manufacturing Expenses | B16: 1363.4 | C16: 1806.75 | D16: 2541.53 | E16: 3243.55 | F16: 2714.48 | G16: 2556.01 | H16: =1701.72-65.23-15.23 -> 1621.26 | I16: =I5*0.08 -> 1684.0408 | J16: =J5*0.09 -> 2711.4693 | K16: =K5*0.09 -> 3358.1954 | L16: =L5*0.09 -> 3533.4571
B17: =+B16/B5 -> 0.12292252 | C17: =+C16/C5 -> 0.13779205 | D17: =+D16/D5 -> 0.13957855 | E17: =+E16/E5 -> 0.16375958 | F17: =+F16/F5 -> 0.13569659 | G17: =+G16/G5 -> 0.13174786 | H17: =+H16/H5 -> 0.088248214 | I17: 0.08 | J17: 0.09 | K17: 0.09 | L17: 0.09
A18: General and Administration Expenses | B18: 113.68 | C18: 51.29 | D18: 66.2 | E18: 200.13 | F18: 205.4 | G18: 201.89 | H18: 149.71 | I18: =I5*I19 -> 206.5853 | J18: =J5*J19 -> 296.02889 | K18: =K5*K19 -> 367.52517 | L18: =L5*L19 -> 386.78788
B19: =+B18/B5 -> 0.010249253 | C19: =+C18/C5 -> 0.0039116392 | D19: =+D18/D5 -> 0.0036356447 | E19: =+E18/E5 -> 0.010104116 | F19: =+F18/F5 -> 0.010267926 | G19: =+G18/G5 -> 0.010406288 | H19: =+H18/H5 -> 0.0081489953 | I19: 0.0098137906 | J19: 0.0098258906 | K19: 0.0098497144 | L19: 0.009851799
A20: Selling and Distribution Expenses | B20: 298.92 | C20: 474.6 | D20: 671.87 | E20: 678.48 | F20: 1202.83 | G20: 883.59 | H20: 555.02 | I20: =I5*I21 -> 826.34119 | J20: =J5*J21 -> 903.8231 | K20: =K5*K21 -> 1119.3985 | L20: =L5*L21 -> 1177.819
B21: =+B20/B5 -> 0.02695027 | C21: =+C20/C5 -> 0.036195437 | D21: =+D20/D5 -> 0.036898499 | E21: =+E20/E5 -> 0.034254937 | F21: =+F20/F5 -> 0.060129354 | G21: =+G20/G5 -> 0.045544069 | H21: =+H20/H5 -> 0.030210777 | I21: 0.039255163 | J21: 0.03 | K21: 0.03 | L21: 0.03
A22: Miscellaneous Expenses | B22: 421.3 | C22: 773.4 | D22: 1045.4 | E22: 1349.17 | F22: 699.67 | G22: 1220.55 | H22: 748.79 | I22: =I5*I23-406 -> 626.92649 | J22: =J5*J23 -> 1205.0975 | K22: =K5*K23 -> 1492.5313 | L22: =L5*L23 -> 1570.4254
B23: =+B22/B5 -> 0.037983905 | C23: =+C22/C5 -> 0.058983462 | D23: =+D22/D5 -> 0.057412431 | E23: =+E22/E5 -> 0.068116574 | F23: =+F22/F5 -> 0.034976435 | G23: =+G22/G5 -> 0.062912451 | H23: =+H22/H5 -> 0.04075804 | I23: 0.049068953 | J23: 0.04 | K23: 0.04 | L23: 0.04
A24: Total Expenditure | B24: 5235.79 | C24: 6797.56 | D24: 11357.16 | E24: 13701.74 | F24: 13550.15 | G24: 13918.75 | H24: =+H10+H12+H14+H16+H18+H20+H22 -> 14934.66 | I24: =+I10+I12+I14+I16+I18+I20+I22 -> 16392.46 | J24: =+J10+J12+J14+J16+J18+J20+J22 -> 22770.6 | K24: =+K10+K12+K14+K16+K18+K20+K22 -> 28263.502 | L24: =+L10+L12+L14+L16+L18+L20+L22 -> 29585.135 | Q24: =+P24-1684 -> -1684
B25: =+B24/B5 -> 0.47205257 | C25: =+C24/C5 -> 0.51841689 | D25: =+D24/D5 -> 0.62372505 | E25: =+E24/E5 -> 0.69177019 | F25: =+F24/F5 -> 0.67737067 | G25: =+G24/G5 -> 0.71743286 | H25: =+H24/H5 -> 0.81292147 | I25: =+I24/I5 -> 0.77872031 | ... L25: =+L24/L5 -> 0.75355723 | Q25: =2066-Q24 -> 3750
A26: EBIDTA (Excl OI) | B26: 5855.75 | C26: 6314.59 | D26: 6851.44 | E26: 6105.04 | F26: 5736.16 | G26: 5440.37 | H26: =+H5-H24 -> 3436.93 | I26: =+I5-I24 -> 4658.0504 | J26: =+J5-J24 -> 7356.8361 | K26: =+K5-K24 -> 9049.7799 | L26: =+L5-L24 -> 9675.4993
A27: EBIDTA MARGIN | B27: =+B26/B5 -> 0.52794743 | C27: =+C26/C5 -> 0.48158311 | D27: =+D26/D5 -> 0.37627495 | E27: =+E26/E5 -> 0.30822981 | F27: =+F26/F5 -> 0.28675008 | G27: =+G26/G5 -> 0.28042031 | H27: =+H26/H5 -> 0.18707853 | I27: =+I26/I5 -> 0.22127969 | ... L27: =+L26/L5 -> 0.24644277
A29: Other Income | B29: 197.11 | C29: 246.6 | D29: 141.94 | E29: 136.42 | F29: 65.63 | G29: 267.15 | H29: 156.69 | I29: 9.99 | J29: 10 | K29: 10 | L29: 10
B30: =+B29/$B$5 -> 0.017771202 | C30: =+C29/$B$5 -> 0.022233161 | D30: =+D29/$B$5 -> 0.012797141 | E30: =+E29/$B$5 -> 0.012299464 | F30: =+F29/$B$5 -> 0.0059171224 | G30: =+G29/$B$5 -> 0.024085925 | H30: =+H29/$B$5 -> 0.014126983 | I30: =+I29/$B$5 -> 0.00090068647 | ... L30: =+L29/$B$5 -> 0.00090158806
A31: EBIDTA (Including OI) | B31: 6052.86 | C31: 6561.19 | D31: 7271.6 | E31: 6439.36 | F31: 6147.9 | G31: 5976.66 | H31: =+H26+H29 -> 3593.62 | I31: =+I26+I29 -> 4668.0404 | J31: =+J26+J29 -> 7366.8361 | K31: =+K26+K29 -> 9059.7799 | L31: =+L26+L29 -> 9685.4993
A32: EBIDTA MARGIN (Including OI) | B32: =+B31/$B$5 -> 0.54571863 | C32: =+C31/$B$5 -> 0.59154905 | D32: =+D31/$B$5 -> 0.65559877 | E32: =+E31/$B$5 -> 0.58056501 | F32: =+F31/$B$5 -> 0.55428732 | G32: =+G31/$B$5 -> 0.53884853 | H32: =+H31/$B$5 -> 0.32399649 | I32: =+I31/I5 -> 0.22175427 | J32: =+J31/J5 -> 0.2445225 | K32: =+K31/K5 -> 0.24280308 | L32: =+L31/L5 -> 0.24669748
A33: less: Depreciation | B33: -996.96 | C33: -1151 | D33: -1386.47 | E33: -1539.22 | F33: -1829.2 | G33: -2732.83 | H33: -4067.88 | I33: -3949.02 | J33: =+'BS Working'!I85*-1 -> -4237.1749 | K33: =+'BS Working'!J85*-1 -> -4412.7344 | L33: =+'BS Working'!K85*-1 -> -4417.7156
A34: EBIT | B34: =+B31+B33 -> 5055.9 | C34: =+C31+C33 -> 5410.19 | D34: =+D31+D33 -> 5885.13 | E34: =+E31+E33 -> 4900.14 | F34: =+F31+F33 -> 4318.7 | G34: =+G31+G33 -> 3243.83 | H34: =+H31+H33 -> -474.26 | I34: =+I31+I33 -> 719.02043 | ... L34: =+L31+L33 -> 5267.7838
A35: EBIT MARGIN | B35: =+B34/B5 -> 0.45583391 | C35: =+C34/C5 -> 0.41260892 | D35: =+D34/D5 -> 0.32320607 | E35: =+E34/E5 -> 0.2473971 | F35: =+F34/F5 -> 0.21589139 | G35: =+G34/G5 -> 0.1672011 | H35: =+H34/H5 -> -0.025814859 | I35: =+I34/I5 -> 0.034156912 | ... L35: =+L34/L5 -> 0.1341747
A37: Interest | B37: -502.45 | C37: -423.14 | D37: -696.53 | E37: -1066.69 | F37: -1806.69 | G37: -2874.94 | H37: -3253.56 | I37: -3389.59 | J37: =+'Debt repayment & interest cost'!E66*-1 -> -3368.5865 | K37: =+'Debt repayment & interest cost'!F66*-1 -> -3031.936 | L37: =+'Debt repayment & interest cost'!G66*-1 -> -2681.6196
A38: EBT | B38: =+B34+B37 -> 4553.45 | C38: =+C34+C37 -> 4987.05 | D38: =+D34+D37 -> 5188.6 | E38: =+E34+E37 -> 3833.45 | F38: =+F34+F37 -> 2512.01 | G38: =+G34+G37 -> 368.89 | H38: =+H34+H37 -> -3727.82 | I38: =+I34+I37 -> -2670.5696 | ... L38: =+L34+L37 -> 2586.1642
A40: Profit Before Taxation & Exceptional Items | B40: 4553.45 | C40: 4987.05 | D40: 5188.6 | E40: 3833.45 | F40: 2512.01 | G40: 368.89 | H40: =+H38 -> -3727.82 | I40: =+I38 -> -2670.5696 | J40: =+J38 -> -238.92533 | K40: =+K38 -> 1615.1096 | L40: =+L38 -> 2586.1642
A41: Exceptional Income / Expenses | G41: -1911.64 | H41: -235.83 | I41: -372.31 | K41: 1000
A42: Profit Before Tax | B42: 4553.45 | C42: 4987.05 | D42: 5188.6 | E42: 3833.45 | F42: 2512.01 | G42: -1542.75 | H42: =+H40+H41 -> -3963.65 | I42: =+I40+I41 -> -3042.8796 | J42: =+J40+J41 -> -238.92533 | K42: =+K40+K41 -> 2615.1096 | L42: =L40 -> 2586.1642
A43: PBT MARGIN | B43: =+B42/B5 -> 0.41053361 | C43: =+C42/C5 -> 0.38033808 | D43: =+D42/D5 -> 0.28495326 | E43: =+E42/E5 -> 0.19354231 | F43: =+F42/F5 -> 0.12557513 | G43: =+G42/G5 -> -0.07952004 | H43: =+H42/H5 -> -0.21574888 | I43: =+I42/I5 -> -0.14455135 | ... L43: =+L42/L5 -> 0.065871686
A44: Provision for Tax | B44: -918.89 | C44: -1183.04 | D44: -1186.34 | E44: -921.83 | F44: -618.21 | G44: 88.16 | H44: -877.46 | I44: =-502.68 -> -502.68 | J44: =J42*21.5% -> -51.368945 | K44: =+K40*0.215+K41*0.33 -> 677.24856 | L44: =L42*0.215 -> 556.0253
A45: Profit After Tax | B45: =+B42+B44 -> 3634.56 | C45: 3804.01 | D45: 4002.26 | E45: 2911.62 | F45: 1893.8 | G45: -1454.59 | H45: =+H42-H44 -> -3086.19 | I45: =+I42-I44 -> -2540.1996 | J45: =+J42-J44 -> -187.55638 | K45: =+K42-K44 -> 1937.861 | L45: =+L42-L44 -> 2030.1389
B46: =+B45/B5 -> 0.32768759 | C46: =+C45/C5 -> 0.29011337 | D46: =+D45/D5 -> 0.21980053 | E46: =+E45/E5 -> 0.14700118 | F46: =+F45/F5 -> 0.094670876 | G46: =+G45/G5 -> -0.07497589 | H46: =+H45/H5 -> -0.16798709 | I46: =+I45/I5 -> -0.12067164 | ... L46: =+L45/L5 -> 0.051709274
A47: Extra items
A48: Minority Interest | B48: -75.45 | C48: -65.91 | D48: -57.4 | E48: -41.71 | F48: 14.01 | G48: 173.84 | H48: 121.02 | I48: -256.24 | J48: =+J45*0.01 -> -1.8755638 | K48: =+K45*0.01 -> 19.37861 | L48: =+L45*0.01 -> 20.301389
A49: Share of Associate | B49: 13.86 | C49: 15.78 | D49: 20.04 | E49: 40.2 | F49: 2.55 | G49: 2.63 | H49: -1.1 | I49: 2.7 | J49: 0.15211924 | K49: 1.9219715 | L49: 2.0101234
A50: Consolidated Net Profit | B50: 3572.97 | C50: 3753.88 | D50: 3964.9 | E50: 2910.11 | F50: 1910.36 | G50: -1278.12 | H50: =+H45+H48+H49 -> -2966.27 | I50: =+I45-I48+I49 -> -2281.2596 | J50: =+J45-J48-J49 -> -185.83294 | K50: =+K45-K48-K49 -> 1916.5604 | L50: =+L45-L48-L49 -> 2007.8274
A51: PAT MARGIN | B51: =+B50/B5 -> 0.32213471 | C51: =+C50/C5 -> 0.2862902 | D51: =+D50/D5 -> 0.21774876 | E51: =+E50/E5 -> 0.14692494 | F51: =+F50/F5 -> 0.095498709 | G51: =+G50/G5 -> -0.065879859 | H51: =+H50/H5 -> -0.16145962 | I51: =+I50/I5 -> -0.10837075 | ... L51: =+L50/L5 -> 0.051140981
H52: =H45-H50 -> -119.92 | I52: =I45-I50 -> -258.94 | J52: =J45-J50 -> -1.7234446 | K52: =K45-K50 -> 21.300582 | L52: =L45-L50 -> 22.311512
A54: Outstanding No. of Equity Shares | B54: 91.5 | C54: 91.5 | D54: 91.5 | E54: 91.5 | F54: 91.5 | G54: 91.5 | H54: 91.5 | I54: 91.5 | J54: 91.5 | K54: 91.5 | L54: 91.5
A55: Basic EPS | B55: =+B50/B54 -> 39.048852 | C55: =+C50/C54 -> 41.026011 | D55: =+D50/D54 -> 43.33224 | E55: =+E50/E54 -> 31.804481 | F55: =+F50/F54 -> 20.878251 | G55: =+G50/G54 -> -13.968525 | H55: =+H50/H54 -> -32.418251 | I55: =+I50/I54 -> -24.931799 | ... L55: =+L50/L54 -> 21.943469
A56: Cash EPS | B56: =+(B50-B33)/B54 -> 49.94459 | C56: =+(C50-C33)/C54 -> 53.605246 | D56: =+(D50-D33)/D54 -> 58.484918 | E56: =+(E50-E33)/E54 -> 48.626557 | F56: =+(F50-F33)/F54 -> 40.869508 | G56: =+(G50-G33)/G54 -> 15.89847 | H56: =+(H50-H33)/H54 -> 12.039454 | I56: =+(I50-I33)/I54 -> 18.22689 | ... L56: =+(L50-L33)/L54 -> 70.224513
A59: Interest coverage ratio | B59: =+B34/(B37*-1) -> 10.062494 | C59: =+C34/(C37*-1) -> 12.785816 | D59: =+D34/(D37*-1) -> 8.4492125 | E59: =+E34/(E37*-1) -> 4.5937808 | F59: =+F34/(F37*-1) -> 2.3903935 | G59: =+G34/(G37*-1) -> 1.1283122 | H59: =+H34/(H37*-1) -> -0.14576648 | I59: =+I34/(I37*-1) -> 0.21212608 | ... L59: =+L34/(L37*-1) -> 1.9644038
A60: Debt to EBIDTA ratio | B60: =+(Conso_BS!B11+Conso_BS!B21)/Conso_PL!B26 -> 1.4693745 | C60: =+(Conso_BS!C11+Conso_BS!C21)/Conso_PL!C26 -> 2.1068066 | D60: =+(Conso_BS!D11+Conso_BS!D21)/Conso_PL!D26 -> 2.2986321 | E60: =+(Conso_BS!E11+Conso_BS!E21)/Conso_PL!E26 -> 3.8736552 | F60: =+(Conso_BS!F11+Conso_BS!F21)/Conso_PL!F26 -> 5.9673771 | G60: =+(Conso_BS!G11+Conso_BS!G21)/Conso_PL!G26 -> 7.8057706 | H60: =+(Conso_BS!H11+Conso_BS!H21)/Conso_PL!H26 -> 12.840224 | I60: =+(Conso_BS!I11+Conso_BS!I21)/Conso_PL!I26 -> 8.5783614 | ... L60: =+(Conso_BS!L11+Conso_BS!L21)/Conso_PL!L26 -> 2.9414141

Sheet Revenue Breakup
A1: Steel Business
A2: Domestic | H2: =669-260 -> 409
A3: Particulars | B3: FY2016 | C3: FY2017E | D3: FY2018E | E3: FY2019E | F3: FY2020E
A4: Steel Sales | B4: =+'Steel sales breakup'!E232-157+45.21 -> 12761.19 | C4: ='Steel sales breakup'!F231-409-50-3 -> 13463.637 | D4: ='Steel sales breakup'!G231 -> 20049.222 | E4: ='Steel sales breakup'!H231 -> 25894.315 | F4: ='Steel sales breakup'!I231 -> 27441.53 | H4: Average Realisation per tonne | J4: =+C4*2.94 -> 39583.094 | K4: =+(D4*10000000)/5200000 -> 38556.197 | L4: =+(E4*10000000)/6500000 -> 39837.408 | M4: =+(F4*10000000)/7000000 -> 39202.186
A5: Power Sales | B5: =+'Steel sales breakup'!E227 -> 398.79 | C5: =+'PLF Calculation'!K21+274 -> 759.75 | D5: =+'PLF Calculation'!K22 -> 561.31968 | E5: =+'PLF Calculation'!K23 -> 623.68854 | F5: =+'PLF Calculation'!K24 -> 686.05739
A6: Traded Goods | B6: =+'Steel sales breakup'!E234-165.52 -> 126.36 | C6: =300-88 -> 212 | D6: 300 | E6: 300 | F6: 300
A7: Cement | B7: 157 | C7: 157.05 | D7: 157.05 | E7: 157.05 | F7: 157.05
A8: Less : Captive Consumption | B8: 1073.82 | C8: 605 | H8: 23 crores changes in captive consumption | K8: Excise duty | L8: 1314
A9: Net Sales | B9: =+SUM(B4:B7)-B8 -> 12369.52 | C9: =+SUM(C4:C7)-C8 -> 13987.437 | D9: =SUM(D4:D7) -> 21067.592 | E9: =SUM(E4:E7) -> 26975.054 | F9: =SUM(F4:F7) -> 28584.637 | L9: 1996
A10: Oman | L10: =+L9-L8 -> 682
A11: Steel Revenues | B11: =+'Overseas Business'!B3 -> 2815.77 | C11: ='Oman business'!F27 -> 3259.9585 | D11: ='Oman business'!G27 -> 3674.3863 | E11: ='Oman business'!H27 -> 3713.6059 | F11: ='Oman business'!I27 -> 3752.8255
C12: =+C4+C56+C6+C7-C8+C11 -> 16487.646 | D12: 16281 | E12: =+D12-C12 -> -206.64576
A13: Total revenue from Steel Business | B13: =+B9+B11 -> 15185.29 | C13: =+C9+C11 -> 17247.396 | D13: =+D9+D11 -> 24741.978 | E13: =+E9+E11 -> 30688.66 | F13: =+F9+F11 -> 32337.463
A15: Power Business
A16: Particulars | B16: FY2016 | C16: FY2017E | D16: FY2018E | E16: FY2019E | F16: FY2020E
A17: Generation (MU) | B17: 9542 | C17: ='Jindal Power Ltd'!B6+'Jindal Power Ltd'!B14 -> 9175.224 | D17: ='Jindal Power Ltd'!C6+'Jindal Power Ltd'!C14 -> 12381.384 | E17: ='Jindal Power Ltd'!D6+'Jindal Power Ltd'!D14 -> 14891.299 | F17: ='Jindal Power Ltd'!E6+'Jindal Power Ltd'!E14 -> 14891.299
A18: Rate/Unit | B18: 3.15 | C18: 3.4 | D18: 3.4 | E18: 3.4 | F18: 3.4
A19: Revenue | B19: 3015 | C19: =(C17*C18*1000000)/10000000 -> 3119.5762 | D19: =(D17*D18*1000000)/10000000 -> 4209.6706 | E19: =(E17*E18*1000000)/10000000 -> 5063.0417 | F19: =(F17*F18*1000000)/10000000 -> 5063.0417
A22: Total revenue | B22: =+B13+B19+12 -> 18212.29 | C22: =+C13+C19 -> 20366.972 | D22: =+D13+D19 -> 28951.649 | E22: =+E13+E19 -> 35751.701 | F22: =+F13+F19 -> 37400.505
A24: Mining Business
A25: Particulars | B25: FY2016 | C25: FY2017E | D25: FY2018E | E25: FY2019E | F25: FY2020E
A26: Australia | B26: 37.02 | C26: =+'Australia and Mozambique'!B7 -> 285.688 | D26: =+'Australia and Mozambique'!C7 -> 563.4816 | E26: =+'Australia and Mozambique'!D7 -> 704.352 | F26: =+'Australia and Mozambique'!E7 -> 880.44
A27: Mozambique & South Africa | B27: 121.29 | C27: ='Australia and Mozambique'!B35 -> 397.85883 | D27: ='Australia and Mozambique'!C35 -> 612.306 | E27: ='Australia and Mozambique'!D35 -> 857.2284 | F27: ='Australia and Mozambique'!E35 -> 979.6896
A29: Net Revenue from Operations | B29: =+B22+B26+B27 -> 18370.6 | C29: =+C22+C26+C27 -> 21050.519 | D29: =+D22+D26+D27 -> 30127.437 | E29: =+E22+E26+E27 -> 37313.282 | F29: =+F22+F26+F27 -> 39260.634

Sheet Steel sales breakup
B1: 2013 | C1: 2014 | D1: 2015 | E1: 2016 | F1: 2017 | G1: 2018 | H1: 2019 | I1: 2020 | L1: FY17E | M1: FY18E | N1: FY19E | O1: FY20E
A2: Steel Business | K2: raigarh | L2: 2.4 | M2: 2.5 | N2: 3 | O2: 3
A3: Raigarh | K3: Angul | L3: 1 | M3: 3 | N3: 4 | O3: =+O5-O2 -> 4.5
A4: Rail & Universal Beam Mill
A5: capacity | B5: 750000 | C5: 750000 | D5: 750000 | E5: 750000 | F5: 750000 | G5: 750000 | H5: 750000 | I5: 750000 | K5: Finished Steel | L5: 3.4 | M5: =SUM(M2:M4) -> 5.5 | N5: =SUM(N2:N4) -> 7 | O5: 7.5
A6: % utilization | B6: =+B9/B5 -> 0.57471733 | C6: =+C9/C5 -> 0.336032 | D6: =+D9/D5 -> 0.45816533 | E6: =+E9/E5 -> 0.333804 | F6: 0.3 | G6: 0.6 | H6: 0.95 | I6: 0.95
A8: Opening Inventory | B8: 54489 | C8: 46150 | D8: 11817 | E8: 23960 | F8: 19252 | G8: =+F10 -> 13500 | H8: =+G10 -> 27000 | I8: =+H10 -> 42750
A9: Production | B9: 431038 | C9: 252024 | D9: 343624 | E9: 250353 | F9: =+F5*F6 -> 225000 | G9: =+G5*G6 -> 450000 | H9: =+H5*H6 -> 712500 | I9: =+I5*I6 -> 712500
A10: Closing Inventory | B10: 46150 | C10: 11817 | D10: 23960 | E10: 19252 | F10: =+F9*0.06 -> 13500 | G10: =+G9*0.06 -> 27000 | H10: =+H9*0.06 -> 42750 | I10: =+I9*0.06 -> 42750
A11: Total Saleable stock | B11: =SUM(B8+B9)-B10 -> 439377 | C11: =SUM(C8+C9)-C10 -> 286357 | D11: =SUM(D8+D9)-D10 -> 331481 | E11: =SUM(E8+E9)-E10 -> 255061 | F11: =SUM(F8+F9)-F10 -> 230752 | G11: =SUM(G8+G9)-G10 -> 436500 | H11: =SUM(H8+H9)-H10 -> 696750 | I11: =SUM(I8+I9)-I10 -> 712500
A13: Gross Sales (QTY) | B13: 400974 | C13: 259622 | D13: 311594 | E13: 233028 | F13: =+F11*E13/E11 -> 210818.89 | G13: =+G11*F13/F11 -> 398793.71 | H13: =+H11*G13/G11 -> 636562.47 | I13: =+I11*H13/H11 -> 650951.93
A14: Average Selling Price per tonne | B14: =+(B15*10000000)/B13 -> 46916.01 | C14: =+(C15*10000000)/C13 -> 39929.59 | D14: =+(D15*10000000)/D13 -> 40168.938 | E14: =+(E15*10000000)/E13 -> 37020.444 | F14: =+(F15*10000000)/F13 -> 37020.444 | G14: 48000 | H14: 50000 | I14: 49000
A15: Gross Sales (value) | B15: 1881.21 | C15: 1036.66 | D15: 1251.64 | E15: 862.68 | F15: =+E15*F13/E13 -> 780.46089 | G15: =+G13*G14/10000000 -> 1914.2098 | H15: =+H13*H14/10000000 -> 3182.8123 | I15: =+I13*I14/10000000 -> 3189.6645
A16: Less: Captive Consumption | B16: 37.01 | C16: 10.57 | D16: 6.92 | E16: 27
A17: Net Sales | B17: =+B15-B16 -> 1844.2 | C17: =C15-C16 -> 1026.09 | D17: =D15-D16 -> 1244.72 | E17: =E15-E16 -> 835.68
A20: Plate Mill
A21: capacity | B21: 1000000 | C21: 1000000 | D21: 1000000 | E21: 1000000 | F21: 1000000 | G21: 1000000 | H21: 1000000 | I21: 1000000
A22: % utilization | B22: =+B25/B21 -> 0.70047 | C22: =+C25/C21 -> 0.759888 | D22: =+D25/D21 -> 0.680672 | E22: =+E25/E21 -> 0.705875 | F22: 0.5 | G22: 0.7 | H22: 0.92 | I22: 0.95
A24: Opening Inventory | B24: 97377 | C24: =97734 -> 97734 | D24: 119558 | E24: 95834 | F24: =+E26 -> 27918 | G24: =+F26 -> 20000 | H24: =+G26 -> 28000 | I24: =+H26 -> 36800
A25: Production | B25: 700470 | C25: =799888-40000 -> 759888 | D25: =720672-40000 -> 680672 | E25: 705875 | F25: =+F21*F22 -> 500000 | G25: =+G21*G22 -> 700000 | H25: =+H21*H22 -> 920000 | I25: =+I21*I22 -> 950000
A26: Closing Inventory | B26: 97734 | C26: 119558 | D26: 95834 | E26: 27918 | F26: =+F25*0.04 -> 20000 | G26: =+G25*0.04 -> 28000 | H26: =+H25*0.04 -> 36800 | I26: =+I25*0.04 -> 38000
A27: Total Saleable stock | B27: =+SUM(B24+B25)-B26 -> 700113 | C27: =+SUM(C24+C25)-C26 -> 738064 | D27: =+SUM(D24+D25)-D26 -> 704396 | E27: =+SUM(E24+E25)-E26 -> 773791 | F27: =+SUM(F24+F25)-F26 -> 507918 | G27: =+SUM(G24+G25)-G26 -> 692000 | H27: =+SUM(H24+H25)-H26 -> 911200 | I27: =+SUM(I24+I25)-I26 -> 948800
A29: Gross Sales (QTY) | B29: 651748 | C29: 702090 | D29: 678591 | E29: 747820 | F29: =+F27*(E29/E27) -> 490870.58 | G29: =+G27*F29/F27 -> 668774.18 | H29: =+H27*G29/G27 -> 880617.1 | I29: =+I27*H29/H27 -> 916955.12
A30: Average Selling Price per tonne | B30: =+(B31*10000000)/B29 -> 39690.34 | C30: =+(C31*10000000)/C29 -> 35460.838 | D30: =+(D31*10000000)/D29 -> 39484.461 | E30: =+(E31*10000000)/E29 -> 32468.241 | F30: 32500 | G30: =+F30*1.05 -> 34125 | H30: =+G30*1.02 -> 34807.5 | I30: 34800
A31: Gross Sales (value) | B31: 2586.81 | C31: 2489.67 | D31: 2679.38 | E31: 2428.04 | F31: =+(F29*F30)/10000000 -> 1595.3294 | G31: =+G29*G30/10000000 -> 2282.1919 | H31: =+H29*H30/10000000 -> 3065.208 | I31: =+I29*I30/10000000 -> 3191.0038
A32: Less: Captive Consumption | B32: 68.9 | C32: 75.79 | D32: 64.14 | E32: 278.57
A33: Net Sales | B33: =+B31-B32 -> 2517.91 | C33: =C31-C32 -> 2413.88 | D33: =D31-D32 -> 2615.24 | E33: =E31-E32 -> 2149.47
A35: Fabricated Structures
A36: capacity | B36: 120000 | C36: 120000 | D36: 120000 | E36: 120000 | F36: 120000 | G36: 120000 | H36: 120000 | I36: 120000
A37: % utilization | B37: =+B40/B36 -> 0.695725 | C37: =+C40/C36 -> 0.72834167 | D37: =+D40/D36 -> 0.68461667 | E37: =+E40/E36 -> 0.83065833 | F37: 1 | G37: 1 | H37: 1 | I37: 1
A39: Opening Inventory | B39: 6493 | C39: 10714 | D39: 12703 | E39: 11740 | F39: =+E41 -> 9578 | G39: =+F41 -> 10800 | H39: =+G41 -> 10800 | I39: =+H41 -> 10800
A40: Production | B40: 83487 | C40: 87401 | D40: 82154 | E40: 99679 | F40: =+F36*F37 -> 120000 | G40: =+G36*G37 -> 120000 | H40: =+H36*H37 -> 120000 | I40: =+I36*I37 -> 120000
A41: Closing Inventory | B41: 10714 | C41: 12703 | D41: 11740 | E41: 9578 | F41: =+F40*0.09 -> 10800 | G41: =+G40*0.09 -> 10800 | H41: =+H40*0.09 -> 10800 | I41: =+I40*0.09 -> 10800
A42: Total Saleable stock | B42: =+B39+B40-B41 -> 79266 | C42: =+C39+C40-C41 -> 85412 | D42: =+D39+D40-D41 -> 83117 | E42: =+E39+E40-E41 -> 101841 | F42: =+F39+F40-F41 -> 118778 | G42: =+G39+G40-G41 -> 120000 | H42: =+H39+H40-H41 -> 120000 | I42: =+I39+I40-I41 -> 120000
A44: Gross Sales (QTY) | B44: 79104 | C44: 85139 | D44: 81921 | E44: 101526 | F44: =+F42*E44/E42 -> 118410.61 | G44: =+G42*F44/F42 -> 119628.83 | H44: =+H42*G44/G42 -> 119628.83 | I44: =+I42*H44/H42 -> 119628.83
A45: Average Selling Price per tonne | B45: =+(B46*10000000)/B44 -> 60669.498 | C45: =+(C46*10000000)/C44 -> 56527.561 | D45: =+(D46*10000000)/D44 -> 63154.747 | E45: =+(E46*10000000)/E44 -> 65953.549 | F45: 65000 | G45: =+F45*1.05 -> 68250 | H45: =+G45*1.02 -> 69615 | I45: 69000
A46: Gross Sales (value) | B46: 479.92 | C46: 481.27 | D46: 517.37 | E46: 669.6 | F46: =+F44*F45/10000000 -> 769.66898 | G46: =+G44*G45/10000000 -> 816.46679 | H46: =+H44*H45/10000000 -> 832.79612 | I46: =+I44*I45/10000000 -> 825.43895
A47: Less: Captive Consumption | B47: 150.45 | C47: 215.6 | D47: 205.67 | E47: 430.97
A48: Net Sales | B48: =+B46-B47 -> 329.47 | C48: =C46-C47 -> 265.67 | D48: =D46-D47 -> 311.7 | E48: =E46-E47 -> 238.63
A50: Medium and Light Section Mill
A51: capacity | B51: 600000 | C51: 600000 | D51: 600000 | E51: 600000 | F51: 600000 | G51: 600000 | H51: 600000 | I51: 600000
A52: % utilization | B52: =+B55/B51 -> 0.45272667 | C52: =+C55/C51 -> 0.42255333 | D52: =+D55/D51 -> 0.466945 | E52: =+E55/E51 -> 0.58664167 | F52: 0.65 | G52: 0.75 | H52: 0.92 | I52: 0.95
A54: Opening Inventory | B54: 46084 | C54: 42093 | D54: 18789 | E54: 19712 | F54: =+E56 -> 21235 | G54: =+F56 -> 23400 | H54: =+G56 -> 27000 | I54: =+H56 -> 33120
A55: Production | B55: 271636 | C55: 253532 | D55: 280167 | E55: 351985 | F55: =+F51*F52 -> 390000 | G55: =+G51*G52 -> 450000 | H55: =+H51*H52 -> 552000 | I55: =+I51*I52 -> 570000
A56: Closing Inventory | B56: 42093 | C56: 18789 | D56: 19712 | E56: 21235 | F56: =+F55*0.06 -> 23400 | G56: =+G55*0.06 -> 27000 | H56: =+H55*0.06 -> 33120 | I56: =+I55*0.06 -> 34200
A57: Total Saleable stock | B57: =+B54+B55-B56 -> 275627 | C57: =+C54+C55-C56 -> 276836 | D57: =+D54+D55-D56 -> 279244 | E57: =+E54+E55-E56 -> 350462 | F57: =+F54+F55-F56 -> 387835 | G57: =+G54+G55-G56 -> 446400 | H57: =+H54+H55-H56 -> 545880 | I57: =+I54+I55-I56 -> 568920
A59: Gross Sales (QTY) | B59: 262420 | C59: 265678 | D59: 269018 | E59: 334703 | F59: =+F57*E59/E57 -> 370395.47 | G59: =+G57*F59/F57 -> 426327.02 | H59: =+H57*G59/G57 -> 521333.76 | I59: =+I57*H59/H57 -> 543337.74
A60: Average Selling Price per tonne | B60: =+(B61*10000000)/B59 -> 44652.466 | C60: =+(C61*10000000)/C59 -> 38722.438 | D60: =+(D61*10000000)/D59 -> 38611.914 | E60: =+(E61*10000000)/E59 -> 31890.064 | F60: 31000 | G60: =+F60*1.05 -> 32550 | H60: =+G60*1.02 -> 33201 | I60: 33000
A61: Gross Sales (value) | B61: 1171.77 | C61: 1028.77 | D61: 1038.73 | E61: 1067.37 | F61: =+F59*F60/10000000 -> 1148.226 | G61: =+G59*G60/10000000 -> 1387.6944 | H61: =+H59*H60/10000000 -> 1730.8802 | I61: =+I59*I60/10000000 -> 1793.0145
A62: Less: Captive Consumption | B62: 27.11 | C62: 10.45 | D62: 5.89 | E62: 18.57
A63: Net Sales | B63: =+B61-B62 -> 1144.66 | C63: =C61-C62 -> 1018.32 | D63: =D61-D62 -> 1032.84 | E63: =E61-E62 -> 1048.8
A65: Cement
A66: capacity | B66: 500000 | C66: 500000 | D66: 500000 | E66: 500000 | F66: 700000 | G66: 700000 | H66: 700000 | I66: 700000
A67: % utilization | B67: =+B70/B66 -> 1.020458 | C67: =+C70/C66 -> 0.952394 | D67: =+D70/D66 -> 1.01132 | E67: =+E70/E66 -> 1.26708 | F67: =+F70/F66 -> 0.90505714 | G67: =+G70/G66 -> 0.90505714 | H67: =+H70/H66 -> 0.90505714 | I67: =+I70/I66 -> 0.90505714
A69: Opening Inventory | B69: 2083 | C69: 5085 | D69: 4560 | E69: 2792 | F69: =+E71 -> 2422 | G69: 2422 | H69: 2422 | I69: 2422
A70: Production | B70: 510229 | C70: 476197 | D70: 505660 | E70: 633540 | F70: 633540 | G70: 633540 | H70: 633540 | I70: 633540
A71: Closing Inventory | B71: 5085 | C71: 4560 | D71: 2792 | E71: 2422 | F71: 2422 | G71: 2422 | H71: 2422 | I71: 2422
A73: Gross Sales (QTY) | B73: 481683 | C73: 341042 | D73: 404709 | E73: 558765 | F73: 558765 | G73: 558765 | H73: 558765 | I73: 558765
A74: Gross Sales (value) | B74: 199.46 | C74: 118.4 | D74: 127.2 | E74: 157.05 | F74: 157.05 | G74: 157.05 | H74: 157.05 | I74: 157.05
A75: Less: Captive Consumption | B75: 80.43 | C75: 19.55 | D75: 11.83 | E75: 15.81 | F75: 15.81
A76: Net Sales | B76: =+B74-B75 -> 119.03 | C76: =C74-C75 -> 98.85 | D76: =D74-D75 -> 115.37 | E76: =E74-E75 -> 141.24 | F76: =F74-F75 -> 141.24
A78: Angul
A79: Fabricated Structures
A80: capacity | B80: 84000 | C80: 84000 | D80: 84000 | E80: 84000 | F80: 84000 | G80: 84000 | H80: 84000 | I80: 84000
A81: % utilization | F81: 0.5 | G81: 0.87 | H81: 0.9 | I81: 0.92
A83: Opening Inventory
A84: Production | F84: =+F80*F81 -> 42000 | G84: =+G80*G81 -> 73080 | H84: =+H80*H81 -> 75600 | I84: =+I80*I81 -> 77280
A85: Closing Inventory
A87: Sales (QTY) | F87: 16800 | G87: =+G84 -> 73080 | H87: =+H84 -> 75600 | I87: =+I84 -> 77280
A88: Average Selling Price per tonne | F88: 65000 | G88: =+F88*1.05 -> 68250 | H88: =+G88*1.02 -> 69615 | I88: 69000
A89: Sales (value) | F89: =+F87*F88/10000000 -> 109.2 | G89: =+G87*G88/10000000 -> 498.771 | H89: =+H87*H88/10000000 -> 526.2894 | I89: =+I87*I88/10000000 -> 533.232
A91: Plate Mill
A92: capacity | B92: 1200000 | C92: 1200000 | D92: 1200000 | E92: 1200000 | F92: 1200000 | G92: 1200000 | H92: 1200000 | I92: 1200000
A93: % utilization | C93: =+C96/C92 -> 0.033333333 | D93: =+D96/D92 -> 0.033333333 | E93: =+E96/E92 -> 0.033333333 | F93: 0.4 | G93: 0.63333333 | H93: 0.92 | I93: 0.95
A95: Opening Inventory
A96: Production | C96: 40000 | D96: 40000 | E96: 40000 | F96: =+F92*F93 -> 480000 | G96: =+G92*G93 -> 760000 | H96: =+H92*H93 -> 1104000 | I96: =+I92*I93 -> 1140000
A97: Closing Inventory
A99: Sales (QTY) | F99: =+F96 -> 480000 | G99: =+G96 -> 760000 | H99: =+H96 -> 1104000 | I99: =+I96 -> 1140000
A100: Average Selling Price per tonne | F100: 32500 | G100: =+F100*1.05 -> 34125 | H100: =+G100*1.02 -> 34807.5 | I100: 34800
A101: Sales (value) | F101: =+F99*F100/10000000 -> 1560 | G101: =+G99*G100/10000000 -> 2593.5 | H101: =+H99*H100/10000000 -> 3842.748 | I101: =+I99*I100/10000000 -> 3967.2
A103: Bar Mill
A104: capacity | F104: 1400000 | G104: 1400000 | H104: 1400000 | I104: 1400000
A105: % utilization | F105: 0.3 | G105: 0.55714286 | H105: 0.92 | I105: 0.95
A107: Opening Inventory
A108: Production | F108: =+F104*F105 -> 420000 | G108: =+G104*G105 -> 780000 | H108: =+H104*H105 -> 1288000 | I108: =+I104*I105 -> 1330000
A109: Closing Inventory
A110: Sales (QTY) | F110: =+F108 -> 420000 | G110: =+G108 -> 780000 | H110: =+H108 -> 1288000 | I110: =+I108 -> 1330000
A111: Average Selling Price per tonne | F111: 28809.167 | G111: =+F111*1.05 -> 30249.626 | H111: =+G111*1.02 -> 30854.618 | I111: 30800
A112: Sales (value) | F112: =+F110*F111/10000000 -> 1209.985 | G112: =+G110*G111/10000000 -> 2359.4708 | H112: =+H110*H111/10000000 -> 3974.0748 | I112: =+I110*I111/10000000 -> 4096.4
A114: Patratu
A115: Wire Rod
A116: capacity | B116: 600000 | C116: 600000 | D116: 600000 | E116: 600000 | F116: 600000 | G116: 600000 | H116: 600000 | I116: 600000
A117: % utilization | B117: =+B120/B116 -> 0.54156667 | C117: =+C120/C116 -> 0.61210833 | D117: =+D120/D116 -> 0.63069167 | E117: =+E120/E116 -> 0.77307167 | F117: 0.6 | G117: 0.8 | H117: 0.95 | I117: 0.95
A119: Opening Inventory | B119: 22671 | C119: 37756 | D119: 17179 | E119: 41895 | F119: =+E121 -> 9113 | G119: =+F121 -> 7200 | H119: =+G121 -> 9600 | I119: =+H121 -> 11400
A120: Production | B120: 324940 | C120: 367265 | D120: 378415 | E120: 463843 | F120: =+F116*F117 -> 360000 | G120: =+G116*G117 -> 480000 | H120: =+H116*H117 -> 570000 | I120: =+I116*I117 -> 570000
A121: Closing Inventory | B121: 37756 | C121: 17179 | D121: 41895 | E121: 9113 | F121: =+F120*0.02 -> 7200 | G121: =+G120*0.02 -> 9600 | H121: =+H120*0.02 -> 11400 | I121: =+I120*0.02 -> 11400
A122: Total Saleable Stock | B122: =+B119+B120-B121 -> 309855 | C122: =+C119+C120-C121 -> 387842 | D122: =+D119+D120-D121 -> 353699 | E122: =+E119+E120-E121 -> 496625 | F122: =+F119+F120-F121 -> 361913 | G122: =+G119+G120-G121 -> 477600 | H122: =+H119+H120-H121 -> 568200 | I122: =+I119+I120-I121 -> 570000
A124: Gross Sales (QTY) | B124: 303440 | C124: 380096 | D124: 345052 | E124: 488904 | F124: =+F122*E124/E122 -> 356286.36 | G124: =+G122*F124/F122 -> 470174.78 | H124: =+H122*G124/G122 -> 559366.23 | I124: =+I122*H124/H122 -> 561138.24
A125: Average Selling Price per tonne | B125: =+(B126*10000000)/B124 -> 43016.412 | C125: =+(C126*10000000)/C124 -> 37450.802 | D125: =+(D126*10000000)/D124 -> 38997.6 | E125: =+(E126*10000000)/E124 -> 30770.458 | F125: 27394 | G125: 30770 | H125: 30770 | I125: 30770
A126: Gross Sales (value) | B126: 1305.29 | C126: 1423.49 | D126: 1345.62 | E126: 1504.38 | F126: =+F124*F125/10000000 -> 976.01085 | G126: =+G124*G125/10000000 -> 1446.7278 | H126: =+H124*H125/10000000 -> 1721.1699 | I126: =+I124*I125/10000000 -> 1726.6224
...

Sheet Reserves & Surplus
A1: PARTICULARS | B1: 42430 | C1: 42795 | D1: 43160 | E1: 43525 | F1: 43891
A2: Opening | B2: 18055.59 | C2: =+B8 -> 32344.61 | D2: =+C8 -> 29959.03 | E2: =+D8 -> 28419.197 | F2: =+E8 -> 28981.758
A3: Revaluation Reserve | B3: 20882.75
A4: Changes due to depreciation of PP&E | B4: 1248.49 | C4: 104.32 | D4: =+'BS Working'!I77 -> 1354 | E4: =+'BS Working'!J77 -> 1354 | F4: =+'BS Working'!K77 -> 1354
A5: Other IndAS adjustment | B5: 71.75
A6: Deffered Tax adjustment on above | B6: 5273.49
A7: Profit & Loss for the year | C7: =+Conso_PL!I50 -> -2281.2596 | D7: =+Conso_PL!J50 -> -185.83294 | E7: =+Conso_PL!K50 -> 1916.5604 | F7: =+Conso_PL!L50 -> 2007.8274
B8: =+B2+B3-B4-B5-B6+B7 -> 32344.61 | C8: =+C2+C3-C4-C5-C6+C7 -> 29959.03 | D8: =+D2+D3-D4-D5-D6+D7 -> 28419.197 | E8: =+E2+E3-E4-E5-E6+E7 -> 28981.758 | F8: =+F2+F3-F4-F5-F6+F7 -> 29635.585

Sheet Debt repayment & interest cost
J1: Repayment schedule
B2: Long Term Borrowings | C2: FY16 | D2: FY17E | E2: FY18E | F2: FY19E | G2: FY20E | J2: FY17E | K2: FY18E | L2: FY19E | M2: FY20E
A3: Rate of Interest | B3: Secured
A4: 0.098 | B4: Debentures | C4: 1562 | D4: =+C4-J4 -> 1562 | E4: =+D4-K4 -> 1562 | F4: =+E4-L4 -> 1472 | G4: =+F4-M4 -> 789.6 | J4: 0 | K4: 0 | L4: 90 | M4: 682.4 | O4: 29.000761
A5: 0.089 | B5: Term loan from banks | C5: 26922 | D5: =+C5-J5 -> 24728.84 | E5: =+D5-K5 -> 21623.68 | F5: =+E5-L5 -> 18765.68 | G5: =+F5-M5 -> 17408.08 | J5: 2193.16 | K5: 3105.16 | L5: 2858 | M5: 1357.6
A6: 0.1 | B6: Term loan from others | C6: 1037.33 | D6: =+C6-J6 -> 1027.33 | E6: =+D6-K6 -> 1017.33 | F6: =+E6-L6 -> 1007.33 | G6: =+F6-M6 -> 1007.33 | J6: 10 | K6: 10 | L6: 10 | O6: 19.259513
A7: 0.0232 | B7: External commercial borrowings | C7: 82.91 | D7: =+C7-J7 -> 46.07 | E7: =+D7-K7 -> 9.23 | F7: =+E7-L7 -> 0.23 | G7: =+F7-M7 -> 0.23 | J7: 36.84 | K7: 36.84 | L7: 9 | O7: 1.5393426 | Q7: =82.89/9 -> 9.21 | R7: =+Q7*4 -> 36.84
A8: 0.0116 | B8: Others | C8: 798.1 | D8: 798.1 | E8: 798.1 | F8: 798.1 | G8: 798.1
C9: =SUM(C4:C8) -> 30402.34 | D9: =SUM(D4:D8) -> 28162.34 | E9: =SUM(E4:E8) -> 25010.34 | F9: =SUM(F4:F8) -> 22043.34 | G9: =SUM(G4:G8) -> 20003.34 | J9: =SUM(J4:J8) -> 2240 | K9: =+SUM(K4:K7) -> 3152 | L9: =+SUM(L4:L8) -> 2967 | M9: =+SUM(M4:M8) -> 2040
J10: 2240 | K10: 3152 | L10: 2967 | M10: 2040
B11: Unsecured
A12: 0.1 | B12: Debentures | C12: =300+1000+750+500 -> 2550 | D12: =+C12-J12 -> 2550 | E12: =+D12-K12 -> 2220 | F12: =+E12-L12 -> 1725 | G12: =+F12-M12 -> 920 | J12: 0 | K12: 330 | L12: 495 | M12: 805
A13: 0.0369 | B13: Term loan from banks | C13: 2785.98 | D13: =+C13-J13 -> 1732.75 | E13: =+D13-K13 -> 1090.75 | F13: =+E13-L13 -> 110.75 | G13: =+F13-M13 -> 110.75 | J13: =345+708.23 -> 1053.23 | K13: 642 | L13: 980 | O13: 486.8899
A14: 0.0116 | B14: Other loans from banks | C14: 65.46 | D14: 65.46 | E14: 65.46 | F14: 65.46 | G14: 65.46 | J14: 0 | K14: 0 | L14: 0 | M14: 0 | O14: 0
A15: 0.0229 | B15: External commercial borrowings | C15: 166.3 | D15: =+C15-J15 -> 87.79 | E15: =+D15-K15 -> 11.51 | F15: =+E15-L15 -> 1.9539925e-14 | G15: =+F15-M15 -> 1.9539925e-14 | J15: 78.51 | K15: 76.28 | L15: 11.51 | O15: 18.722906
A16: 0 | B16: Other loans | C16: =391.14-8.22 -> 382.92 | D16: =+C16-J16+8.22 -> -2.6645353e-14 | E16: =+D16-K16 -> -2.6645353e-14 | F16: =+E16-L16 -> -2.6645353e-14 | G16: =+F16-M16 -> -2.6645353e-14 | J16: 391.14 | O16: 44.036544
C17: =SUM(C12:C16) -> 5950.66 | D17: =SUM(D12:D16) -> 4436 | E17: =SUM(E12:E16) -> 3387.72 | F17: =SUM(F12:F16) -> 1901.21 | G17: =SUM(G12:G16) -> 1096.21 | J17: =SUM(J12:J16) -> 1522.88 | K17: =SUM(K12:K16) -> 1048.28 | L17: =SUM(L12:L16) -> 1486.51 | M17: =SUM(M12:M16) -> 805 | O17: =SUM(O12:O16) -> 549.64935
B19: Long Term Loans | C19: =+C9+C17 -> 36353 | D19: =+D9+D17 -> 32598.34 | E19: =+E9+E17 -> 28398.06 | F19: =+F9+F17 -> 23944.55 | G19: =+G9+G17 -> 21099.55
B23: Short Term Borrowings | C23: FY16 | D23: FY17E | E23: FY18E | F23: FY19E | G23: FY20E
A24: Rate of Interest | B24: Secured
A25: 0.089 | B25: Cash credit from banks | C25: 4631 | D25: =+C25 -> 4631 | E25: =+D25 -> 4631 | F25: =+E25 -> 4631 | G25: =+F25 -> 4631
A26: 0.089 | B26: Short term loans | C26: 762.5 | D26: =+C26-208.94 -> 553.56 | E26: =+D26 -> 553.56 | F26: =+E26 -> 553.56 | G26: =+F26 -> 553.56
A27: 0.0102 | B27: Other loans | C27: 420.58 | D27: =+C27 -> 420.58 | E27: =+D27 -> 420.58 | F27: =+E27 -> 420.58 | G27: =+F27 -> 420.58
C28: =SUM(C25:C27) -> 5814.08 | D28: =SUM(D25:D27) -> 5605.14 | E28: =SUM(E25:E27) -> 5605.14 | F28: =SUM(F25:F27) -> 5605.14 | G28: =SUM(G25:G27) -> 5605.14
B31: Unsecured
A32: 0.08 | B32: Short term loans | C32: 1615.34 | D32: =+C32-208.94 -> 1406.4 | E32: =+D32 -> 1406.4 | F32: =+E32 -> 1406.4 | G32: =+F32 -> 1406.4
A33: 0.08 | B33: Other loans | C33: 20.6 | D33: =+C33 -> 20.6 | E33: =+D33 -> 20.6 | F33: =+E33 -> 20.6 | G33: =+F33 -> 20.6
A34: 0 | B34: From Others | C34: 327.86 | D34: =+C34 -> 327.86 | E34: =+D34 -> 327.86 | F34: =+E34 -> 327.86 | G34: =+F34 -> 327.86
C35: =SUM(C32:C34) -> 1963.8 | D35: =SUM(D32:D34) -> 1754.86 | E35: =SUM(E32:E34) -> 1754.86 | F35: =SUM(F32:F34) -> 1754.86 | G35: =SUM(G32:G34) -> 1754.86
B37: Total Short term borrowings | C37: =+C28+C35 -> 7777.88 | D37: =+D28+D35 -> 7360 | E37: =+E28+E35 -> 7360 | F37: =+F28+F35 -> 7360 | G37: =+G28+G35 -> 7360
B39: Interest Cost
B40: Long Term Borrowings
B41: Unsecured
B42: Debentures | C42: =(C4+I4)*$A4 -> 153.076 | D42: =(D4+J4)*$A4 -> 153.076 | E42: =(E4+K4)*$A4 -> 153.076 | F42: =(F4+L4)*$A4 -> 153.076 | G42: =(G4+M4)*$A4 -> 144.256
B43: Term loan from banks | C43: =(C5+I5)*$A5-388.6054 -> 2007.4526 | D43: =(D5+J5)*$A5-217.2945 -> 2178.7635 | E43: =(E5+K5)*$A5 -> 2200.8668 | F43: =(F5+L5)*$A5 -> 1924.5075 | G43: =(G5+M5)*$A5 -> 1670.1455
B44: Other loans from banks | C44: =(C6+I6)*$A6 -> 103.733 | D44: =(D6+J6)*$A6 -> 103.733 | E44: =(E6+K6)*$A6 -> 102.733 | F44: =(F6+L6)*$A6 -> 101.733 | G44: =(G6+M6)*$A6 -> 100.733
B45: External commercial borrowings | C45: =(C7+I7)*$A7 -> 1.923512 | D45: =(D7+J7)*$A7 -> 1.923512 | E45: =(E7+K7)*$A7 -> 1.068824 | F45: =(F7+L7)*$A7 -> 0.214136 | G45: =(G7+M7)*$A7 -> 0.005336
B46: Other loans | C46: =(C8+I8)*$A8 -> 9.25796 | D46: =(D8+J8)*$A8 -> 9.25796 | E46: =(E8+K8)*$A8 -> 9.25796 | F46: =(F8+L8)*$A8 -> 9.25796 | G46: =(G8+M8)*$A8 -> 9.25796
B48: Unsecured
B49: Debentures | C49: =+(C12+I12)*$A12 -> 255 | D49: =+(D12+J12)*$A12 -> 255 | E49: =+(E12+K12)*$A12 -> 255 | F49: =+(F12+L12)*$A12 -> 222 | G49: =+(G12+M12)*$A12 -> 172.5
B50: Term loan from banks | C50: =+(C13+I13)*$A13 -> 102.80266 | D50: =+(D13+J13)*$A13 -> 102.80266 | E50: =+(E13+K13)*$A13 -> 63.938475 | F50: =+(F13+L13)*$A13 -> 40.248675 | G50: =+(G13+M13)*$A13 -> 4.086675
B51: Other loans from banks | C51: =+(C14+I14)*$A14 -> 0.759336 | D51: =+(D14+J14)*$A14 -> 0.759336 | E51: =+(E14+K14)*$A14 -> 0.759336 | F51: =+(F14+L14)*$A14 -> 0.759336 | G51: =+(G14+M14)*$A14 -> 0.759336
B52: External commercial borrowings | C52: =+(C15+I15)*$A15 -> 3.80827 | D52: =+(D15+J15)*$A15 -> 3.80827 | E52: =+(E15+K15)*$A15 -> 2.010391 | F52: =+(F15+L15)*$A15 -> 0.263579 | G52: =+(G15+M15)*$A15 -> 4.4746429e-16
B53: Other loans | C53: =+(C16+I16)*$A16 -> 0 | D53: =+(D16+J16)*$A16 -> 0 | E53: =+(E16+K16)*$A16 -> 0 | F53: =+(F16+L16)*$A16 -> 0 | G53: =+(G16+M16)*$A16 -> 0
B55: Short term Borrowings
B56: Secured
B57: Cash credit from banks | C57: =+C25*$A25 -> 412.159 | D57: =+D25*$A25 -> 412.159 | E57: =+E25*$A25 -> 412.159 | F57: =+F25*$A25 -> 412.159 | G57: =+G25*$A25 -> 412.159
B58: Short term loans | C58: =+C26*$A26 -> 67.8625 | D58: =+D26*$A26 -> 49.26684 | E58: =+E26*$A26 -> 49.26684 | F58: =+F26*$A26 -> 49.26684 | G58: =+G26*$A26 -> 49.26684
B59: Other loans | C59: =+C27*$A27 -> 4.289916 | D59: =+D27*$A27 -> 4.289916 | E59: =+E27*$A27 -> 4.289916 | F59: =+F27*$A27 -> 4.289916 | G59: =+G27*$A27 -> 4.289916
B61: Unsecured
B62: Short term loans | C62: =+C32*$A32 -> 129.2272 | D62: =+D32*$A32 -> 112.512 | E62: =+E32*$A32 -> 112.512 | F62: =+F32*$A32 -> 112.512 | G62: =+G32*$A32 -> 112.512
B63: Other loans | C63: =+C33*$A33 -> 1.648 | D63: =+D33*$A33 -> 1.648 | E63: =+E33*$A33 -> 1.648 | F63: =+F33*$A33 -> 1.648 | G63: =+G33*$A33 -> 1.648
B64: From Others | C64: =+C34*$A34 -> 0 | D64: =+D34*$A34 -> 0 | E64: =+E34*$A34 -> 0 | F64: =+F34*$A34 -> 0 | G64: =+G34*$A34 -> 0
B66: Interest Cost | C66: =+SUM(C42:C64) -> 3253 | D66: =+SUM(D42:D64) -> 3389 | E66: =+SUM(E42:E64) -> 3368.5865 | F66: =+SUM(F42:F64) -> 3031.936 | G66: =+SUM(G42:G64) -> 2681.6196

Sheet Bifurcation of RM and Power
C1: 2016 | D1: 2017E | E1: 2018E | F1: 2019E | G1: 2020E
A2: Raw Material Cost
B4: JSPL Standalone | C4: 5070 | D4: =' JSPL_PL'!C12 -> 5490.2428 | E4: =' JSPL_PL'!D12 -> 7391.9008 | F4: =' JSPL_PL'!E12 -> 10035.521 | G4: =' JSPL_PL'!F12 -> 10814.87
B6: Oman Business | C6: =(88*67*1.4*1.6*1000000)/10000000 -> 1320.704 | D6: ='Oman business'!F59 -> 1520.9849 | E6: ='Oman business'!G59 -> 1606.8217 | F6: ='Oman business'!H59 -> 1609.5846 | G6: ='Oman business'!I59 -> 1612.3474
B8: Multiplying factor | C8: 1.0245 | D8: 1.0103 | E8: 1.0103 | F8: 1.0103 | G8: 1.0103
B9: Total | C9: 6545 | D9: =(D4+D6)*D8 -> 7083.4434 | E9: =+(E4+E6)*E8 -> 9091.4093 | F9: =+(F4+F6)*F8 -> 11765.05 | G9: =+(G4+G6)*G8 -> 12555.218
A11: Power & Fuel Cost
B13: JSPL Standalone | C13: =' JSPL_PL'!B15 -> 2193 | D13: =' JSPL_PL'!C15 -> 2330.0625 | E13: =' JSPL_PL'!D15 -> 3563.625 | F13: =' JSPL_PL'!E15 -> 4454.5312 | G13: =' JSPL_PL'!F15 -> 4797.1875
B14: JPL | C14: 1909.59 | D14: ='Jindal Power Ltd'!B38 -> 1275.7827 | E14: ='Jindal Power Ltd'!C38 -> 1702.7364 | F14: ='Jindal Power Ltd'!D38 -> 1983.0247 | G14: ='Jindal Power Ltd'!E38 -> 1983.0247
C16: =SUM(C13:C15) -> 4102.59 | D16: =SUM(D13:D15) -> 3605.8452 | E16: =+E13+E14 -> 5266.3614 | F16: =+F13+F14 -> 6437.5559 | G16: =+G13+G14 -> 6780.2122
B18: Multiplying factor | C18: =1+0.0646932791236755 -> 1.0646933 | D18: 1.401092 | E18: 1.401092 | F18: 1.35 | G18: 1.3
B20: Total | C20: =+C16*C18 -> 4368 | D20: =+D16*D18 -> 5052.1209 | E20: =+E16*E18 -> 7378.6568 | F20: =+F16*F18 -> 8690.7005 | G20: =+G16*G18 -> 8814.2758

Sheet BS Working
A3: DESCRIPTION | B3: FY11 | C3: FY12 | D3: FY13 | E3: FY14 | F3: FY15 | G3: FY16 | H3: FY17E | I3: FY18E | J3: FY19E | K3: FY20E
A4: Debtors | B4: =+Conso_BS!C47 -> 1153.7 | C4: =+Conso_BS!D47 -> 1306.75 | D4: =+Conso_BS!E47 -> 1954.13 | E4: =+Conso_BS!F47 -> 1772.41 | F4: =+Conso_BS!G47 -> 1690.7 | G4: =+Conso_BS!H47 -> 1429.18 | H4: =+H5*H7/365 -> 1845.5242 | I4: =+I5*I7/365 -> 2558.7686 | J4: =+J5*J7/365 -> 3066.8451 | K4: =+K5*K7/365 -> 3226.9014
A5: Revenue | B5: =+Conso_PL!C3 -> 13112.15 | C5: =+Conso_PL!D3 -> 18208.6 | D5: =+Conso_PL!E3 -> 19806.78 | E5: =+Conso_PL!F3 -> 20004.04 | F5: =+Conso_PL!G3 -> 19400.77 | G5: =+Conso_PL!H3 -> 18371.59 | H5: =+Conso_PL!I3 -> 21050.51 | I5: =+Conso_PL!J3 -> 30127.437 | ... K5: =+Conso_PL!L3 -> 39260.634
A6: as a % of revenue | B6: =+B4/B5 -> 0.087987096 | C6: =+C4/C5 -> 0.071765539 | D6: =+D4/D5 -> 0.098659651 | E6: =+E4/E5 -> 0.088602602 | F6: =+F4/F5 -> 0.087146026 | G6: =+G4/G5 -> 0.07779294 | H6: =+H4/H5 -> 0.087671233 | I6: =+I4/I5 -> 0.084931507 | ... K6: =+K4/K5 -> 0.082191781
A7: Days outstanding | B7: =+B4/B5*365 -> 32.11529 | C7: =+C4/C5*365 -> 26.194422 | D7: =+D4/D5*365 -> 36.010773 | E7: =+E4/E5*365 -> 32.33995 | F7: =+F4/F5*365 -> 31.808299 | G7: =+G4/G5*365 -> 28.394423 | H7: 32 | I7: 31 | J7: 30 | K7: 30
A8: Turnover | C8: =+C5/AVERAGE(B4:C4) -> 14.801032 | D8: =+D5/AVERAGE(C4:D4) -> 12.14812 | E8: =+E5/AVERAGE(D4:E4) -> 10.735986 | F8: =+F5/AVERAGE(E4:F4) -> 11.204247 | G8: =+G5/AVERAGE(F4:G4) -> 11.777113 | H8: =+H5/AVERAGE(G4:H4) -> 12.856435 | I8: =+I5/AVERAGE(H4:I4) -> 13.680942 | J8: =+J5/AVERAGE(I4:J4) -> 13.265497 | K8: =+K5/AVERAGE(J4:K4) -> 12.476077
A10: Inventory | B10: =+Conso_BS!C46 -> 2773.43 | C10: =+Conso_BS!D46 -> 3579.53 | D10: =+Conso_BS!E46 -> 4524.17 | E10: =+Conso_BS!F46 -> 4881.24 | F10: =+Conso_BS!G46 -> 4848.69 | G10: =+Conso_BS!H46 -> 3254.1 | H10: =+H11*H13/365 -> 3748.721 | I10: =+I11*I13/365 -> 5365.1599 | J10: =+J11*J13/365 -> 6644.831 | K10: =+K11*K13/365 -> 6991.6198
A11: Revenue | B11: =+Conso_PL!C3 -> 13112.15 | C11: =+Conso_PL!D3 -> 18208.6 | D11: =+Conso_PL!E3 -> 19806.78 | E11: =+Conso_PL!F3 -> 20004.04 | F11: =+Conso_PL!G3 -> 19400.77 | G11: =+Conso_PL!H3 -> 18371.59 | H11: =+Conso_PL!I3 -> 21050.51 | I11: =+Conso_PL!J3 -> 30127.437 | ... K11: =+Conso_PL!L3 -> 39260.634
A12: as a % of revenue | B12: =+B10/B11 -> 0.21151604 | C12: =+C10/C11 -> 0.19658458 | D12: =+D10/D11 -> 0.22841522 | E12: =+E10/E11 -> 0.24401271 | F12: =+F10/F11 -> 0.24992255 | G12: =+G10/G11 -> 0.17712675 | H12: =+H10/H11 -> 0.17808219 | I12: =+I10/I11 -> 0.17808219 | ... K12: =+K10/K11 -> 0.17808219
A13: Days outstanding | B13: =+B10/B11*365 -> 77.203353 | C13: =+C10/C11*365 -> 71.753372 | D13: =+D10/D11*365 -> 83.371555 | E13: =+E10/E11*365 -> 89.064639 | F13: =+F10/F11*365 -> 91.221732 | G13: =+G10/G11*365 -> 64.651263 | H13: 65 | I13: 65 | J13: 65 | K13: 65
A14: Turnover | C14: =+C11/AVERAGE(B10:C10) -> 5.7323201 | D14: =+D11/AVERAGE(C10:D10) -> 4.88833 | E14: =+E11/AVERAGE(D10:E10) -> 4.2537306 | F14: =+F11/AVERAGE(E10:F10) -> 3.987854 | G14: =+G11/AVERAGE(F10:G10) -> 4.5346331 | H14: =+H11/AVERAGE(G10:H10) -> 6.0120086 | I14: =+I11/AVERAGE(H10:I10) -> 6.6113299 | J14: =+J11/AVERAGE(I10:J10) -> 6.2137069 | K14: =+K11/AVERAGE(J10:K10) -> 5.7581896
A16: Creditor | B16: =+Conso_BS!C19 -> 933.55 | C16: =+Conso_BS!D19 -> 1251.36 | D16: =+Conso_BS!E19 -> 1398.2 | E16: =+Conso_BS!F19 -> 2601.58 | F16: =+Conso_BS!G19 -> 2053.29 | G16: =+Conso_BS!H19 -> 2317.74 | H16: =+Conso_BS!I19 -> 2937.82 | I16: =+I17*I19/365 -> 4127.0461 | J16: =+J17*J19/365 -> 4906.9521 | K16: =+K17*K19/365 -> 5163.0423
A17: Revenue | B17: =+Conso_PL!C3 -> 13112.15 | C17: =+Conso_PL!D3 -> 18208.6 | D17: =+Conso_PL!E3 -> 19806.78 | E17: =+Conso_PL!F3 -> 20004.04 | F17: =+Conso_PL!G3 -> 19400.77 | G17: =+Conso_PL!H3 -> 18371.59 | H17: =+Conso_PL!I3 -> 21050.51 | I17: =+Conso_PL!J3 -> 30127.437 | ... K17: =+Conso_PL!L3 -> 39260.634
A18: as a % of revenue | B18: =+B16/B17 -> 0.071197325 | C18: =+C16/C17 -> 0.06872357 | D18: =+D16/D17 -> 0.070591989 | E18: =+E16/E17 -> 0.13005273 | F18: =+F16/F17 -> 0.10583549 | G18: =+G16/G17 -> 0.12615892 | H18: =+H16/H17 -> 0.13956051 | I18: 0.14 | J18: =+J16/J17 -> 0.13150685 | K18: =+K16/K17 -> 0.13150685
A19: Days outstanding | B19: =+B16/B17*365 -> 25.987023 | C19: =+C16/C17*365 -> 25.084103 | D19: =+D16/D17*365 -> 25.766076 | E19: =+E16/E17*365 -> 47.469246 | F19: =+F16/F17*365 -> 38.629954 | G19: =+G16/G17*365 -> 46.048007 | H19: 50 | I19: 50 | J19: 48 | K19: 48
A20: Turnover | C20: =+C17/AVERAGE(B16:C16) -> 16.667597 | D20: =+D17/AVERAGE(C16:D16) -> 14.950996 | E20: =+E17/AVERAGE(D16:E16) -> 10.00257 | F20: =+F17/AVERAGE(E16:F16) -> 8.3356871 | G20: =+G17/AVERAGE(F16:G16) -> 8.4060691 | H20: =+H17/AVERAGE(G16:H16) -> 8.0107581 | I20: =+I17/AVERAGE(H16:I16) -> 8.5288061 | J20: =+J17/AVERAGE(I16:J16) -> 8.2606352 | K20: =+K17/AVERAGE(J16:K16) -> 7.7975484
A22: =+[65]BS!A180 -> Other Current Liabilities | B22: =+[65]BS!B180 -> 7.0656408 | C22: =+[65]BS!C180 -> 42.292052 | D22: =+[65]BS!D180 -> 43.625696 | E22: =+[65]BS!E180 -> 59.696 | F22: =+[65]BS!F180 -> 82.632 | G22: =+[65]BS!G180 -> 58.471 | H22: =+[65]BS!H180 -> 51.94711 | ... J22: =+[65]BS!J180 -> 21.942262
A23: Current Liabilities | B23: =+[65]BS!B244 -> 45.425958 | C23: =+[65]BS!C244 -> 104.75748 | D23: =+[65]BS!D244 -> 100.14228 | E23: =+[65]BS!E244 -> 132.613 | F23: =+[65]BS!F244 -> 130.705 | G23: =+[65]BS!G244 -> 110.763 | H23: =+[65]BS!H244 -> 85.195772 | I23: =+[65]BS!I244 -> 71.172342 | J23: =+[65]BS!J244 -> 59.485681
A24: as a % of current assets | B24: =+B22/B23 -> 0.15554192 | C24: =+C22/C23 -> 0.40371391 | D24: =+D22/D23 -> 0.43563713 | E24: =+E22/E23 -> 0.45015195 | F24: =+F22/F23 -> 0.63220229 | G24: =+G22/G23 -> 0.52789289 | H24: =+H22/H23 -> 0.60973812 | I24: =+I22/I23 -> 0.51211883 | J24: =+J22/J23 -> 0.36886628
A25: Revenue | B25: =+'[65]P&L'!B7 -> 116.11387 | C25: =+'[65]P&L'!C7 -> 171.74037 | D25: =+'[65]P&L'!D7 -> 220.41846 | E25: =+'[65]P&L'!E7 -> 239.45 | F25: =+'[65]P&L'!F7 -> 223.108 | G25: =+'[65]P&L'!G7 -> 293.762 | H25: =+'[65]P&L'!H7 -> 371.05078 | I25: =+'[65]P&L'!I7 -> 455.60871 | J25: =+'[65]P&L'!J7 -> 548.55654
A26: as a % of revenue | B26: =+B22/B25 -> 0.060850962 | C26: =+C22/C25 -> 0.24625574 | D26: =+D22/D25 -> 0.19792215 | E26: =+E22/E25 -> 0.24930466 | F26: =+F22/F25 -> 0.37036771 | G26: =+G22/G25 -> 0.19904208 | H26: =+H22/H25 -> 0.14 | I26: =+I22/I25 -> 0.08 | J26: =+J22/J25 -> 0.04
A29: Other Current Liabilities | B29: =+Conso_BS!C20 -> 3254.99 | C29: =+Conso_BS!D20 -> 4110.16 | D29: =+Conso_BS!E20 -> 3401.25 | E29: =+Conso_BS!F20 -> 6212.68 | F29: =+Conso_BS!G20 -> 6571.14 | G29: =+Conso_BS!H20 -> 6432.52 | H29: =+Conso_BS!I20 -> 10511.8 | I29: =+I30*I31 -> 11448.426 | J29: =+J30*J31 -> 12313.383 | K29: =+K30*K31 -> 12563.403
A30: Revenue | B30: =+Conso_PL!C3 -> 13112.15 | C30: =+Conso_PL!D3 -> 18208.6 | D30: =+Conso_PL!E3 -> 19806.78 | E30: =+Conso_PL!F3 -> 20004.04 | F30: =+Conso_PL!G3 -> 19400.77 | G30: =+Conso_PL!H3 -> 18371.59 | H30: =+Conso_PL!I3 -> 21050.51 | I30: =+Conso_PL!J3 -> 30127.437 | ... K30: =+Conso_PL!L3 -> 39260.634
A31: As a % of revenue | B31: =+B29/B30 -> 0.24824228 | C31: =+C29/C30 -> 0.22572631 | D31: =+D29/D30 -> 0.1717215 | E31: =+E29/E30 -> 0.31057126 | F31: =+F29/F30 -> 0.33870511 | G31: =+G29/G30 -> 0.35013409 | H31: =+H29/H30 -> 0.49936082 | I31: 0.38 | J31: 0.33 | K31: 0.32
A34: Short Term Provisions | B34: =+Conso_BS!C22 -> 3086.79 | C34: =+Conso_BS!D22 -> 4111.33 | D34: =+Conso_BS!E22 -> 4883.8 | E34: =+Conso_BS!F22 -> 412.43 | F34: =+Conso_BS!G22 -> 154.89 | G34: =+Conso_BS!H22 -> 65.7 | H34: =+H35*H36 -> 210.5051 | I34: =+I35*I36 -> 120.50975 | J34: =+J35*J36 -> 149.25313 | K34: =+K35*K36 -> 157.04254
A35: Revenue | B35: =+Conso_PL!C3 -> 13112.15 | C35: =+Conso_PL!D3 -> 18208.6 | D35: =+Conso_PL!E3 -> 19806.78 | E35: =+Conso_PL!F3 -> 20004.04 | F35: =+Conso_PL!G3 -> 19400.77 | G35: =+Conso_PL!H3 -> 18371.59 | H35: =+Conso_PL!I3 -> 21050.51 | I35: =+Conso_PL!J3 -> 30127.437 | ... K35: =+Conso_PL!L3 -> 39260.634
A36: As a % of revenue | B36: =+B34/B35 -> 0.23541448 | C36: =+C34/C35 -> 0.22579056 | D36: =+D34/D35 -> 0.24657213 | E36: =+E34/E35 -> 0.020617335 | F36: =+F34/F35 -> 0.0079837037 | G36: =+G34/G35 -> 0.0035761739 | H36: 0.01 | I36: 0.004 | J36: 0.004 | K36: 0.004
A38: Other current assets | B38: =+Conso_BS!C49 -> 109.27 | C38: =+Conso_BS!D49 -> 234.31 | D38: =+Conso_BS!E49 -> 423.99 | E38: =+Conso_BS!F49 -> 674.07 | F38: =+Conso_BS!G49 -> 984.13 | G38: =+Conso_BS!H49 -> 5805.19 | H38: =+Conso_BS!I49 -> 5000.87 | I38: =+I39*I40 -> 3012.7437 | J38: =+J39*J40 -> 3731.3282 | K38: =+K39*K40 -> 3926.0634
A39: Revenue | B39: =+Conso_PL!C3 -> 13112.15 | C39: =+Conso_PL!D3 -> 18208.6 | D39: =+Conso_PL!E3 -> 19806.78 | E39: =+Conso_PL!F3 -> 20004.04 | F39: =+Conso_PL!G3 -> 19400.77 | G39: =+Conso_PL!H3 -> 18371.59 | H39: =+Conso_PL!I3 -> 21050.51 | I39: =+Conso_PL!J3 -> 30127.437 | ... K39: =+Conso_PL!L3 -> 39260.634
A40: As a % of revenue | B40: =+B38/B39 -> 0.0083334922 | C40: =+C38/C39 -> 0.012868095 | D40: =+D38/D39 -> 0.021406306 | E40: =+E38/E39 -> 0.033696693 | F40: =+F38/F39 -> 0.050726337 | G40: =+G38/G39 -> 0.31598735 | H40: =+H38/H39 -> 0.23756527 | I40: 0.1 | J40: 0.1 | K40: 0.1
A42: Cash balance | B42: =+[65]BS!B458 -> 14.878575 | C42: =+[65]BS!C458 -> 5.2541504 | D42: =+[65]BS!D458 -> 3.4206164 | E42: =+[65]BS!E458 -> 2.648 | F42: =+[65]BS!F458 -> 4.337 | G42: =+[65]BS!G458 -> 26.314 | H42: =+H43*H44 -> 44.526094 | I42: =+I43*I44 -> 45.560871 | J42: =+J43*J44 -> 43.884524
A43: Revenue | B43: =+'[65]P&L'!B7 -> 116.11387 | C43: =+'[65]P&L'!C7 -> 171.74037 | D43: =+'[65]P&L'!D7 -> 220.41846 | E43: =+'[65]P&L'!E7 -> 239.45 | F43: =+'[65]P&L'!F7 -> 223.108 | G43: =+'[65]P&L'!G7 -> 293.762 | H43: =+'[65]P&L'!H7 -> 371.05078 | I43: =+'[65]P&L'!I7 -> 455.60871 | J43: =+'[65]P&L'!J7 -> 548.55654
A44: As a % of revenue | B44: =+B42/B43 -> 0.12813779 | C44: =+C42/C43 -> 0.030593566 | D44: =+D42/D43 -> 0.015518738 | E44: =+E42/E43 -> 0.011058676 | F44: =+F42/F43 -> 0.019439016 | G44: =+G42/G43 -> 0.089575915 | H44: 0.12 | I44: 0.1 | J44: 0.08
A46: Short term loans & advances | B46: =+Conso_BS!C50 -> 4728.7 | C46: =+Conso_BS!D50 -> 6927.21 | D46: =+Conso_BS!E50 -> 8078.79 | E46: =+Conso_BS!F50 -> 4607.97 | F46: =+Conso_BS!G50 -> 5860.59 | G46: =+Conso_BS!H50 -> 1622.93 | H46: =+Conso_BS!I50 -> 2139.69 | I46: =+I47*I48 -> 3072.9985 | J46: =+J47*J48 -> 3805.9547 | K46: =+K47*K48 -> 5889.0951
A47: Revenue | B47: =+Conso_PL!C3 -> 13112.15 | C47: =+Conso_PL!D3 -> 18208.6 | D47: =+Conso_PL!E3 -> 19806.78 | E47: =+Conso_PL!F3 -> 20004.04 | F47: =+Conso_PL!G3 -> 19400.77 | G47: =+Conso_PL!H3 -> 18371.59 | H47: =+Conso_PL!I3 -> 21050.51 | I47: =+Conso_PL!J3 -> 30127.437 | ... K47: =+Conso_PL!L3 -> 39260.634
A48: As a % of revenue | B48: =+B46/B47 -> 0.36063498 | C48: =+C46/C47 -> 0.38043617 | D48: =+D46/D47 -> 0.40788003 | E48: =+E46/E47 -> 0.23035197 | F48: =+F46/F47 -> 0.30208028 | G48: =+G46/G47 -> 0.088339115 | H48: =+H46/H47 -> 0.10164552 | I48: 0.102 | J48: 0.102 | K48: 0.15
A50: Long term provisions | G50: =+Conso_BS!H15 -> 195.73 | H50: =+Conso_PL!I5*'BS Working'!H51 -> 227.58597 | I50: =+I47*I51 -> 325.72046 | J50: =+J47*J51 -> 403.40967 | K50: =+K47*K51 -> 424.46332
G51: =+Conso_BS!H15/Conso_PL!H3 -> 0.01065395 | H51: 0.010811423 | I51: 0.010811423 | J51: 0.010811423 | K51: 0.010811423
A52: Debt
H53: 47004.58 | I53: =+H53-2000 -> 45004.58 | J53: =+I53-2000 -> 43004.58 | K53: =+J53-4000 -> 39004.58
A54: Cost of Debt | H54: 0.089 | I54: 0.089 | J54: 0.089 | K54: 0.089
A56: Interest Cost | H56: =+H53*H54 -> 4183.4076 | I56: =+I53*I54 -> 4005.4076 | J56: =+J53*J54 -> 3827.4076 | K56: =+K53*K54 -> 3471.4076
A58: Depreciation
A59: Gross Block | B59: =+Conso_BS!B30 -> 13263.17 | C59: =+Conso_BS!C30 -> 19377.4 | D59: =+Conso_BS!D30 -> 22421.81 | E59: =+Conso_BS!E30 -> 26857.44 | F59: =+Conso_BS!F30 -> 47257.62 | G59: 63260 | H59: =+G59+300 -> 63560 | I59: =+H59+300 -> 63860 | J59: =+I59+300-L93+I67 -> 67213.866 | K59: =+J59+300 -> 67513.866
A60: Revaluation of assets | G60: 20882.75 | H60: =+G60-G77 -> 19539.903
A61: Total Gross block | G61: =+G59+G60 -> 84142.75 | H61: =+G61+G67-H67 -> 86131.53 | I61: =+H61+300 -> 86431.53 | J61: =+I61-L93+300+I67 -> 89785.396 | K61: =+J61+300 -> 90085.396 | M61: Net block | N61: 62189.52 | O61: 59478.8 | P61: =+N61-O61 -> 2710.72
A62: Less: Accumulated depreciation | G62: =+G61-G63-G65 -> 22703.71 | H62: =G62+3949.02-2710.72 -> 23942.01 | I62: =+H62+I75 -> 29404.48 | J62: =+I62+J75-L94 -> 32386.109 | K62: =+J62+K75 -> 38039.444 | M62: Depreciation | N62: 3949.02
A63: Less: Impairment of assets | G63: 226.82 | M63: transferred from CWIP | N63: =10702.7-8713.92 -> 1988.78
N64: =+N61+N62-N63 -> 64149.76
A65: Net Block implied by Revaluation | B65: =+Conso_BS!C33 -> 14945.28 | C65: =+Conso_BS!D33 -> 16585.78 | D65: =+Conso_BS!E33 -> 19428.9 | E65: =+Conso_BS!F33 -> 34988.95 | F65: =+Conso_BS!G33 -> 46643.35 | G65: 61212.22 | H65: =+H61-H62 -> 62189.52 | I65: =+I61-I62 -> 57027.05 | J65: =+J61-J62 -> 57399.287 | K65: =+K61-K62 -> 52045.953 | N65: 61212.22 | O65: 59478.8 | P65: =+N65-O65 -> 1733.42
N66: =+N64-N65 -> 2937.54
A67: Capital Work in Progress | G67: 10702.7 | H67: 8713.92 | I67: =+H67 -> 8713.92
A71: Depreciation | B71: =+Conso_PL!B33*-1 -> 996.96 | C71: =+Conso_PL!C33*-1 -> 1151 | D71: =+Conso_PL!D33*-1 -> 1386.47 | E71: =+Conso_PL!E33*-1 -> 1539.22 | F71: =+Conso_PL!F33*-1 -> 1829.2 | G71: 4067.88 | H71: =3949.02-134 -> 3815.02 | I71: 4035.95 | J71: 4224.6066 | K71: 4236.8521
A73: Depreciation rate | B73: =+B71/B59 -> 0.07516755 | C73: =+C71/C59 -> 0.059399094 | D73: =+D71/D59 -> 0.061835775 | E73: =+E71/E59 -> 0.057310749 | F73: =+F71/F59 -> 0.038706985 | G73: =+G71/G59 -> 0.064304142 | H73: =+H71/H59 -> 0.060022341 | I73: =+I71/I59 -> 0.063199969 | ... K73: =+K71/K59 -> 0.062755287
A75: Revised depreciation | G75: =+G73*G61 -> 5410.7273 | H75: =+H73*H61 -> 5169.8161 | I75: =+I73*I61 -> 5462.47 | J75: =+J73*J61 -> 5643.2995 | K75: =+K73*K61 -> 5653.3349
A77: Transferred from Reval reserve | G77: =+G75-G71 -> 1342.8473 | H77: =+H75-H71 -> 1354.7961 | I77: 1354 | J77: 1354 | K77: 1354
A79: Depreciation for tangible assets | G79: =+G75-G77 -> 4067.88 | H79: =+H75-H77 -> 3815.02 | I79: =+I75-I77 -> 4108.47 | J79: =+J75-J77 -> 4289.2995 | K79: =+K75-K77 -> 4299.3349
A81: Intangible assets | G81: 3277.43 | H81: =+G81-H82 -> 3143.23 | I81: =+H81-I82 -> 3014.525 | J81: =+I81-J82 -> 2891.0901 | K81: =+J81-K82 -> 2772.7095
A82: Amortisation | H82: =+G81*H83 -> 134.2 | I82: =+H81*I83 -> 128.70495 | J82: =+I81*J83 -> 123.43491 | K82: =+J81*K83 -> 118.38065
A83: Amortisation rate | H83: 0.040946717 | I83: 0.040946717 | J83: 0.040946717 | K83: 0.040946717
A85: Total Depreciation | H85: =+H82+H79 -> 3949.22 | I85: =+I82+I79 -> 4237.1749 | J85: =+J82+J79 -> 4412.7344 | K85: =+K82+K79 -> 4417.7156
A87: Deferred Tax Assets / Liabilities | B87: =+Conso_BS!C12 -> 1005.48 | C87: =+Conso_BS!D12 -> 1191.95 | D87: =+Conso_BS!E12 -> 1336.54 | E87: =+Conso_BS!F12 -> 1472.67 | F87: =+Conso_BS!G12 -> 2018.47 | G87: =+Conso_BS!H12 -> 6621.15 | H87: =+Conso_BS!I12 -> 5358.63 | I87: =+I65*I88 -> 4913.8 | J87: =+J65*J88 -> 4945.8742 | K87: =+K65*K88 -> 4484.5981
A88: As of WDV | B88: =+B87/B65 -> 0.067277428 | C88: =+C87/C65 -> 0.071865779 | D88: =+D87/D65 -> 0.068791337 | E88: =+E87/E65 -> 0.042089574 | F88: =+F87/F65 -> 0.04327455 | G88: =+G87/G65 -> 0.10816713 | H88: =+H87/H65 -> 0.086166126 | I88: 0.086166126 | J88: 0.086166126 | K88: 0.086166126
A92: JPL
A93: Gross Block | B93: 4227.03 | C93: 4354.24 | D93: 4496.06 | E93: 11354.68 | F93: 11493.78 | G93: 11640.31 | H93: 15481.612 | I93: 19244.182 | J93: 19244.182 | L93: =+J93*1000/3400 -> 5660.0536
A94: Less: Depreciation | B94: 1584.16 | C94: 1971.4 | D94: 2307.19 | E94: 2611.62 | F94: 3186.96 | G94: 4096.91 | H94: 6659.5524 | I94: 7885.4068 | J94: 9049.6798 | L94: =+J94*1000/3400 -> 2661.6705
B95: 2642.87 | C95: 2382.84 | D95: 2188.87 | E95: 8743.06 | F95: 8306.82 | G95: 7543.4 | H95: 8822.0599 | I95: 11358.776 | J95: 10194.502 | L95: =+J95*1000/3400 -> 2998.3831
M96: Sales consideration | N96: 4000
C97: 387.24 | D97: 335.79 | E97: 304.43 | F97: 575.34 | G97: 909.95 | H97: 1436 | I97: 1225.8544 | J97: 1164.273 | M97: WDV of asset | N97: 3000
C98: 0.088934005 | D98: 0.074685391 | E98: 0.026810971 | F98: 0.050056639 | G98: 0.078172317 | H98: 0.092755197 | I98: 0.0637 | J98: 0.0605 | M98: Profit | N98: =+N96-N97 -> 1000
A100: Net Current assets
A101: Current Assets
A102: Currents Investments | B102: =+Conso_BS!C45 -> 0 | C102: =+Conso_BS!D45 -> 0 | D102: =+Conso_BS!E45 -> 0 | E102: =+Conso_BS!F45 -> 0.04 | F102: =+Conso_BS!G45 -> 1432.4 | G102: =+Conso_BS!H45 -> 0.03 | H102: =+Conso_BS!I45 -> 0.38 | I102: =+Conso_BS!J45 -> 0.38 | ... K102: =+Conso_BS!L45 -> 0.38
A103: Inventories | B103: =+Conso_BS!C46 -> 2773.43 | C103: =+Conso_BS!D46 -> 3579.53 | D103: =+Conso_BS!E46 -> 4524.17 | E103: =+Conso_BS!F46 -> 4881.24 | F103: =+Conso_BS!G46 -> 4848.69 | G103: =+Conso_BS!H46 -> 3254.1 | H103: =+Conso_BS!I46 -> 3599.26 | I103: =+Conso_BS!J46 -> 5365.1599 | ... K103: =+Conso_BS!L46 -> 6991.6198
A104: Sundry Debtors | B104: =+Conso_BS!C47 -> 1153.7 | C104: =+Conso_BS!D47 -> 1306.75 | D104: =+Conso_BS!E47 -> 1954.13 | E104: =+Conso_BS!F47 -> 1772.41 | F104: =+Conso_BS!G47 -> 1690.7 | G104: =+Conso_BS!H47 -> 1429.18 | H104: =+Conso_BS!I47 -> 1716.62 | I104: =+Conso_BS!J47 -> 2558.7686 | ... K104: =+Conso_BS!L47 -> 3226.9014
A105: Cash and Bank | B105: =+Conso_BS!C48 -> 463.99 | C105: =+Conso_BS!D48 -> 149.21 | D105: =+Conso_BS!E48 -> 200.13 | E105: =+Conso_BS!F48 -> 1015.28 | F105: =+Conso_BS!G48 -> 1139.07 | G105: =+Conso_BS!H48 -> 620.38 | H105: =+Conso_BS!I48 -> 477.21043 | I105: =+Conso_BS!J48 -> 231.08256 | ... K105: =+Conso_BS!L48 -> 4106.6425
A106: Other Current Assets | B106: =+Conso_BS!C49 -> 109.27 | C106: =+Conso_BS!D49 -> 234.31 | D106: =+Conso_BS!E49 -> 423.99 | E106: =+Conso_BS!F49 -> 674.07 | F106: =+Conso_BS!G49 -> 984.13 | G106: =+Conso_BS!H49 -> 5805.19 | H106: =+Conso_BS!I49 -> 5000.87 | I106: =+Conso_BS!J49 -> 3012.7437 | ... K106: =+Conso_BS!L49 -> 3926.0634
A107: Short Term Loans and Advances | B107: =+Conso_BS!C50 -> 4728.7 | C107: =+Conso_BS!D50 -> 6927.21 | D107: =+Conso_BS!E50 -> 8078.79 | E107: =+Conso_BS!F50 -> 4607.97 | F107: =+Conso_BS!G50 -> 5860.59 | G107: =+Conso_BS!H50 -> 1622.93 | H107: =+Conso_BS!I50 -> 2139.69 | I107: =+Conso_BS!J50 -> 3072.9985 | ... K107: =+Conso_BS!L50 -> 5889.0951
B108: =SUM(B102:B107) -> 9229.09 | C108: =SUM(C102:C107) -> 12197.01 | D108: =SUM(D102:D107) -> 15181.21 | E108: =SUM(E102:E107) -> 12951.01 | F108: =SUM(F102:F107) -> 15955.58 | G108: =SUM(G102:G107) -> 12731.81 | H108: =SUM(H102:H107) -> 12934.03 | I108: =SUM(I102:I107) -> 14241.133 | ... K108: =SUM(K102:K107) -> 24140.702
A110: Less: Current Liabilities
A111: Trade Payables | B111: =+Conso_BS!C19 -> 933.55 | C111: =+Conso_BS!D19 -> 1251.36 | D111: =+Conso_BS!E19 -> 1398.2 | E111: =+Conso_BS!F19 -> 2601.58 | F111: =+Conso_BS!G19 -> 2053.29 | G111: =+Conso_BS!H19 -> 2317.74 | H111: =+Conso_BS!I19 -> 2937.82 | I111: =+Conso_BS!J19 -> 4127.0461 | ... K111: =+Conso_BS!L19 -> 5163.0423
A112: Other Current Liabilities | B112: =+Conso_BS!C20 -> 3254.99 | C112: =+Conso_BS!D20 -> 4110.16 | D112: =+Conso_BS!E20 -> 3401.25 | E112: =+Conso_BS!F20 -> 6212.68 | F112: =+Conso_BS!G20 -> 6571.14 | G112: =+Conso_BS!H20 -> 6432.52 | H112: =+Conso_BS!I20 -> 10511.8 | I112: =+Conso_BS!J20 -> 11448.426 | ... K112: =+Conso_BS!L20 -> 12563.403
A113: Short Term Borrowings | B113: =+Conso_BS!C21 -> 5925.98 | C113: =+Conso_BS!D21 -> 4569.31 | D113: =+Conso_BS!E21 -> 8247.18 | E113: =+Conso_BS!F21 -> 8329.58 | F113: =+Conso_BS!G21 -> 6852.34 | G113: =+Conso_BS!H21 -> 7777.95 | H113: =+Conso_BS!I21 -> 7360.1 | I113: =+Conso_BS!J21 -> 7360.1 | ... K113: =+Conso_BS!L21 -> 7360.1
A114: Short Term Provisions | B114: =+Conso_BS!C22 -> 3086.79 | C114: =+Conso_BS!D22 -> 4111.33 | D114: =+Conso_BS!E22 -> 4883.8 | E114: =+Conso_BS!F22 -> 412.43 | F114: =+Conso_BS!G22 -> 154.89 | G114: =+Conso_BS!H22 -> 65.7 | H114: =+Conso_BS!I22 -> 62.43 | I114: =+Conso_BS!J22 -> 120.50975 | ... K114: =+Conso_BS!L22 -> 157.04254
B115: =SUM(B111:B114) -> 13201.31 | C115: =SUM(C111:C114) -> 14042.16 | D115: =SUM(D111:D114) -> 17930.43 | E115: =SUM(E111:E114) -> 17556.27 | F115: =SUM(F111:F114) -> 15631.66 | G115: =SUM(G111:G114) -> 16593.91 | H115: =SUM(H111:H114) -> 20872.15 | I115: =SUM(I111:I114) -> 23056.082 | ... K115: =SUM(K111:K114) -> 25243.588
A117: Net Current Assets | B117: =+B108-B115 -> -3972.22 | C117: =+C108-C115 -> -1845.15 | D117: =+D108-D115 -> -2749.22 | E117: =+E108-E115 -> -4605.26 | F117: =+F108-F115 -> 323.92 | G117: =+G108-G115 -> -3862.1 | H117: =+H108-H115 -> -7938.1196 | I117: =+I108-I115 -> -8814.9485 | ... K117: =+K108-K115 -> -1102.8855
A119: Current ratio | B119: =+B108/B115 -> 0.6991041 | C119: =+C108/C115 -> 0.86859928 | D119: =+D108/D115 -> 0.84667295 | E119: =+E108/E115 -> 0.73768574 | F119: =+F108/F115 -> 1.020722 | G119: =+G108/G115 -> 0.76725799 | H119: =+H108/H115 -> 0.61967887 | I119: =+I108/I115 -> 0.61767361 | ... K119: =+K108/K115 -> 0.95631027

Sheet  JSPL_PL
A1: JSPL India Steel & Captive Power Business
A2: Particulars | B2: FY2016 | C2: FY2017E | D2: FY2018E | E2: FY2019E | F2: FY2020E
A3: Steel Sales | B3: =+'Steel sales breakup'!E232-157+45.21 -> 12761.19 | C3: ='Steel sales breakup'!F231-528+601-540 -> 13458.637 | D3: ='Steel sales breakup'!G231 -> 20049.222 | E3: ='Steel sales breakup'!H231 -> 25894.315 | F3: ='Steel sales breakup'!I231 -> 27441.53
A4: Power Sales | B4: =+'Steel sales breakup'!E227 -> 398.79 | C4: ='Captive Power Sales'!C17 -> 541.93112 | D4: ='Captive Power Sales'!D17 -> 602.14568 | E4: ='Captive Power Sales'!E17 -> 662.36025 | F4: ='Captive Power Sales'!F17 -> 744.70849 | N4: 9471 | O4: 3800 | P4: =+N4+O4 -> 13271 | R4: =+(P4*10000000)/3400000 -> 39032.353
A5: Traded Goods | B5: =+'Steel sales breakup'!E234 -> 291.88 | C5: 300 | D5: 300 | E5: 300 | F5: 300 | P5: =+C3 -> 13458.637
A6: Cement | B6: 157 | C6: 157.05 | D6: 157.05 | E6: 157.05 | F6: 157.05 | P6: =+P5-P4 -> 187.63725
A7: Less : Captive Consumption | B7: 1073.82 | C7: 601
A8: Net Sales | B8: =+SUM(B3:B6)-B7 -> 12535.04 | C8: =+SUM(C3:C6)-C7 -> 13856.618 | D8: =SUM(D3:D6) -> 21108.418 | E8: =SUM(E3:E6) -> 27013.725 | F8: =SUM(F3:F6) -> 28643.289
A9: YOY-Growth | C9: =+(C8/B8)-1 -> 0.10543073 | D9: =+(D8/C8)-1 -> 0.52334557 | E9: =+(E8/D8)-1 -> 0.27976077 | F9: =+(F8/E8)-1 -> 0.060323522
A10: Expenditure | N10: 15502.49
N11: 1645
A12: Raw Material Consumed | B12: ='Raw material cost'!B39 -> 5627.01 | C12: ='Raw material cost'!C39 -> 5490.2428 | D12: ='Raw material cost'!D39 -> 7391.9008 | E12: ='Raw material cost'!E39 -> 10035.521 | F12: ='Raw material cost'!F39 -> 10814.87 | N12: =N10-N11 -> 13857.49
B13: =+B12/B8 -> 0.44890244 | C13: =+C12/C8 -> 0.39621809 | D13: =+D12/D8 -> 0.35018734 | E13: =+E12/E8 -> 0.37149712 | F13: =+F12/F8 -> 0.37757084
N14: =5026.65+132.04+332.3 -> 5490.99
A15: Power & Fuel Cost | B15: 2193 | C15: =C18 -> 2330.0625 | D15: =D18 -> 3563.625 | E15: =E18 -> 4454.5312 | F15: =F18 -> 4797.1875 | N15: 531.6
A16: Power & Fuel Cost per of finished Steel | B16: =(B15*10000000)/(3.2*1000000) -> 6853.125 | C16: 6853.125 | D16: 6853.125 | E16: 6853.125 | F16: 6853.125
A17: Finished Steel sales | C17: 3.4 | D17: 5.2 | E17: 6.5 | F17: 7
A18: Power & Fuel Cost (Estimated) | C18: =(C16*C17*1000000)/10000000 -> 2330.0625 | D18: =(D16*D17*1000000)/10000000 -> 3563.625 | E18: =(E16*E17*1000000)/10000000 -> 4454.5312 | F18: =(F16*F17*1000000)/10000000 -> 4797.1875
B19: =+B15/B8 -> 0.17494958 | C19: =+C15/C8 -> 0.1681552 | D19: =+D15/D8 -> 0.16882482 | E19: =+E15/E8 -> 0.16489881 | F19: =+F15/F8 -> 0.16748033 | N19: =5568-601 -> 4967
N20: =N14+N15+N19 -> 10989.59
A21: Employee Cost | B21: 537.25 | C21: 531 | D21: =D8*D22 -> 844.33673 | E21: =E8*E22 -> 1080.549 | F21: =F8*F22 -> 1145.7315
B22: =+B21/B8 -> 0.042859855 | C22: =C21/C8 -> 0.038321038 | D22: 0.04 | E22: 0.04 | F22: 0.04 | N22: =N12-N20 -> 2867.9
N23: =N22/N12 -> 0.20695667
A24: Other Manufacturing Expenses | B24: 1107.93 | C24: =C8*9%+277+88 -> 1612.0957 | D24: =D8*D25 -> 2533.0102 | E24: =E8*E25 -> 2971.5098 | F24: =F8*F25 -> 2864.3289
B25: =+B24/B8 -> 0.088386635 | C25: =+C24/C8 -> 0.1163412 | D25: 0.12 | E25: 0.11 | F25: 0.1 | N25: =2956-2868 -> 88
A27: General and Administration Expenses | B27: 50.14 | C27: =C8*C28 -> 55.426473 | D27: =D8*D28 -> 84.433673 | E27: =E8*E28 -> 108.0549 | F27: =F8*F28 -> 114.57315
B28: =+B27/B8 -> 0.0039999872 | C28: 0.004 | D28: 0.004 | E28: 0.004 | F28: 0.004
A30: Selling and Distribution Expenses | B30: 333.1 | C30: =C8*C31 -> 415.69855 | D30: =D8*D31 -> 633.25254 | E30: =E8*E31 -> 810.41176 | F30: =F8*F31 -> 859.29866
B31: =+B30/B8 -> 0.026573509 | C31: 0.03 | D31: 0.03 | E31: 0.03 | F31: 0.03
A33: Miscellaneous Expenses | B33: 521.93 | C33: =C8*C34 -> 554.26473 | D33: =D8*D34 -> 844.33673 | E33: =E8*E34 -> 1080.549 | F33: =F8*F34 -> 1145.7315
B34: =+B33/B8 -> 0.041637681 | C34: 0.04 | D34: 0.04 | E34: 0.04 | F34: 0.04
A36: Total Expenditure | B36: =B12+B15+B21+B24+B27+B30+B33 -> 10370.36 | C36: =C12+C15+C21+C24+C27+C30+C33 -> 10988.791 | D36: =D12+D15+D21+D24+D27+D30+D33 -> 15894.896 | E36: =E12+E15+E21+E24+E27+E30+E33 -> 20541.127 | F36: =F12+F15+F21+F24+F27+F30+F33 -> 21741.722
B37: =+B36/B8 -> 0.82730969 | C37: =C36/C8 -> 0.79303553 | D37: =D36/D8 -> 0.75301217 | E37: =E36/E8 -> 0.76039594 | F37: =F36/F8 -> 0.75905117
A39: EBIDTA | B39: =+B8-B36 -> 2164.68 | C39: =C8-C36 -> 2867.8276 | D39: =D8-D36 -> 5213.5225 | E39: =E8-E36 -> 6472.5984 | F39: =F8-F36 -> 6901.5669
A40: EBIDTA Margin | B40: =+B39/B8 -> 0.17269031 | C40: =C39/C8 -> 0.20696447 | D40: =D39/D8 -> 0.24698783 | E40: =E39/E8 -> 0.23960406 | F40: =F39/F8 -> 0.24094883
A42: EBIDTA per tonne | B42: =(B39/3.2)*10 -> 6764.625 | C42: =(C39/3.4)*10 -> 8434.7872 | D42: =(D39/5.2)*10 -> 10026.005 | E42: =(E39/6.5)*10 -> 9957.8437 | F42: =(F39/7)*10 -> 9859.3812

Sheet Jindal Power Ltd
B1: FY17 | C1: FY18 | D1: FY19 | E1: FY20 | F1: FY21 | G1: FY22 | H1: FY23 | I1: FY24 | J1: FY25 | K1: FY26 | L1: FY27 | M1: FY28 | N1: FY29 | O1: FY30
A2: Tamnar-1 (EUP-I)
A3: Capacity (MW) | B3: 1000 | C3: 1000 | D3: Not calculated as power plant transferred to JSW energy
A5: PLF(%) | B5: 0.5434 | C5: 0.5434
A6: Power generation (Million Units) | B6: =+(1000*24*365*B3*B5)/1000000 -> 4760.184 | C6: =+(1000*24*365*C3*C5)/1000000 -> 4760.184
A7: Price per Unit | B7: 3.4 | C7: 3
A8: Revenue (Rs. In Cr) | B8: =+(B6*B7)/10 -> 1618.4626 | C8: =+(C6*C7)/10 -> 1428.0552
A10: Tamnar-2 (EUP -II) & (EUP-III)
A11: Capacity (MW) | B11: 2400 | C11: 2400 | D11: 2400 | E11: 2400 | F11: 2400 | G11: 2400 | H11: 2400 | I11: 2400 | J11: 2400 | K11: 2400 | L11: 2400 | M11: 2400 | N11: 2400 | O11: 2400
A13: PLF(%) | B13: 0.21 | C13: 0.3625 | D13: 0.7083 | E13: 0.7083 | F13: 0.7083 | G13: 0.7083 | H13: 0.7083 | I13: 0.7083 | J13: 0.7083 | K13: 0.7083 | L13: 0.7083 | M13: 0.7083 | N13: 0.7083 | O13: 0.7083
A14: Power generation (Million Units) | B14: =+(1000*24*365*B11*B13)/1000000 -> 4415.04 | C14: =+(1000*24*365*C11*C13)/1000000 -> 7621.2 | D14: =+(1000*24*365*D11*D13)/1000000 -> 14891.299 | E14: =+(1000*24*365*E11*E13)/1000000 -> 14891.299 | F14: =+(1000*24*365*F11*F13)/1000000 -> 14891.299 | G14: =+(1000*24*365*G11*G13)/1000000 -> 14891.299 | H14: =+(1000*24*365*H11*H13)/1000000 -> 14891.299 | I14: =+(1000*24*365*I11*I13)/1000000 -> 14891.299 | ... O14: =+(1000*24*365*O11*O13)/1000000 -> 14891.299
A15: Price per Unit | B15: 3.4 | C15: 3.4 | D15: 3.4 | E15: 3.4 | F15: 3.4 | G15: 3.4 | H15: 3.4 | I15: 3.4 | J15: 3.4 | K15: 3.4 | L15: 3.4 | M15: 3.4 | N15: 3.4 | O15: 3.4
A16: Revenue (Rs. In Cr) | B16: =+(B14*B15)/10 -> 1501.1136 | C16: =+(C14*C15)/10 -> 2591.208 | D16: =+(D14*D15)/10 -> 5063.0417 | E16: =+(E14*E15)/10 -> 5063.0417 | F16: =+(F14*F15)/10 -> 5063.0417 | G16: =+(G14*G15)/10 -> 5063.0417 | H16: =+(H14*H15)/10 -> 5063.0417 | I16: =+(I14*I15)/10 -> 5063.0417 | ... O16: =+(O14*O15)/10 -> 5063.0417
A18: Total revenue | B18: =+B8+B16 -> 3119.5762 | C18: =+C8+C16 -> 4019.2632 | D18: =+D16+D8 -> 5063.0417 | E18: =+E16+E8 -> 5063.0417 | F18: =+F16+F8 -> 5063.0417 | G18: =+G16+G8 -> 5063.0417 | H18: =+H16+H8 -> 5063.0417 | I18: =+I16+I8 -> 5063.0417 | J18: =+J16+J8 -> 5063.0417 | K18: =+K16+K8 -> 5063.0417 | ... O18: =+O16+O8 -> 5063.0417
A20: Cost of coal
A22: Tamnar-1 (EUP-I)
A23: GCV (Coal/kg) | B23: 3000 | C23: 3000 | D23: 3000 | E23: 3000 | F23: 3000 | G23: 3000 | H23: 3000 | I23: 3000 | J23: 3000 | K23: 3000 | L23: 3000 | M23: 3000 | N23: 3000 | O23: 3000
A24: Coal Cost | B24: 1700 | C24: 1700 | D24: 1700 | E24: 1700 | F24: 1700 | G24: 1700 | H24: 1700 | I24: 1700 | J24: 1700 | K24: 1700 | L24: 1700 | M24: 1700 | N24: 1700 | O24: 1700
A25: Heat rate required per unit (Kcal) | B25: 2550 | C25: 2550 | D25: 2550 | E25: 2550 | F25: 2550 | G25: 2550 | H25: 2550 | I25: 2550 | J25: 2550 | K25: 2550 | L25: 2550 | M25: 2550 | N25: 2550 | O25: 2550
A26: Fuel required per unit | B26: =+B25/B23 -> 0.85 | C26: =+C25/C23 -> 0.85 | D26: =+D25/D23 -> 0.85 | E26: =+E25/E23 -> 0.85 | F26: =+F25/F23 -> 0.85 | G26: =+G25/G23 -> 0.85 | H26: =+H25/H23 -> 0.85 | I26: =+I25/I23 -> 0.85 | ... O26: =+O25/O23 -> 0.85
A27: Fuel cost per unit (Rs.) | B27: =B26*B24/1000 -> 1.445 | C27: =C26*C24/1000 -> 1.445 | D27: =D26*D24/1000 -> 1.445 | E27: =E26*E24/1000 -> 1.445 | F27: =F26*F24/1000 -> 1.445 | G27: =G26*G24/1000 -> 1.445 | H27: =H26*H24/1000 -> 1.445 | I27: =I26*I24/1000 -> 1.445 | ... O27: =O26*O24/1000 -> 1.445
A28: Total Fuel cost (Rs. Cr) | B28: =B27*B6/10 -> 687.84659 | C28: =C27*C6/10 -> 687.84659 | D28: =D27*D6/10 -> 0 | E28: =E27*E6/10 -> 0 | F28: =F27*F6/10 -> 0 | G28: =G27*G6/10 -> 0 | H28: =H27*H6/10 -> 0 | I28: =I27*I6/10 -> 0 | ... O28: =O27*O6/10 -> 0
A30: Tamnar-2 (EUP -II) & (EUP-III)
A31: GCV (Coal/kg) | B31: 3000 | C31: 3000 | D31: 3000 | E31: 3000 | F31: 3000 | G31: 3000 | H31: 3000 | I31: 3000 | J31: 3000 | K31: 3000 | L31: 3000 | M31: 3000 | N31: 3000 | O31: 3000
A32: Coal Cost | B32: 1700 | C32: 1700 | D32: 1700 | E32: 1700 | F32: 1700 | G32: 1700 | H32: 1700 | I32: 1700 | J32: 1700 | K32: 1700 | L32: 1700 | M32: 1700 | N32: 1700 | O32: 1700
A33: Heat rate required per unit (Kcal) | B33: 2350 | C33: 2350 | D33: 2350 | E33: 2350 | F33: 2350 | G33: 2350 | H33: 2350 | I33: 2350 | J33: 2350 | K33: 2350 | L33: 2350 | M33: 2350 | N33: 2350 | O33: 2350
A34: Fuel required per unit | B34: =+B33/B31 -> 0.78333333 | C34: =+C33/C31 -> 0.78333333 | D34: =+D33/D31 -> 0.78333333 | E34: =+E33/E31 -> 0.78333333 | F34: =+F33/F31 -> 0.78333333 | G34: =+G33/G31 -> 0.78333333 | H34: =+H33/H31 -> 0.78333333 | I34: =+I33/I31 -> 0.78333333 | ... O34: =+O33/O31 -> 0.78333333
A35: Fuel cost per unit (Rs.) | B35: =B34*B32/1000 -> 1.3316667 | C35: =C34*C32/1000 -> 1.3316667 | D35: =D34*D32/1000 -> 1.3316667 | E35: =E34*E32/1000 -> 1.3316667 | F35: =F34*F32/1000 -> 1.3316667 | G35: =G34*G32/1000 -> 1.3316667 | H35: =H34*H32/1000 -> 1.3316667 | I35: =I34*I32/1000 -> 1.3316667 | ... O35: =O34*O32/1000 -> 1.3316667
A36: Total fuel cost (Rs. Cr) | B36: =B35*B14/10 -> 587.93616 | C36: =C35*C14/10 -> 1014.8898 | D36: =D35*D14/10 -> 1983.0247 | E36: =E35*E14/10 -> 1983.0247 | F36: =F35*F14/10 -> 1983.0247 | G36: =G35*G14/10 -> 1983.0247 | H36: =H35*H14/10 -> 1983.0247 | I36: =I35*I14/10 -> 1983.0247 | ... O36: =O35*O14/10 -> 1983.0247
A38: Total Fuel Cost | B38: =+B28+B36 -> 1275.7827 | C38: =+C28+C36 -> 1702.7364 | D38: =+D28+D36 -> 1983.0247 | E38: =+E28+E36 -> 1983.0247 | F38: =+F28+F36 -> 1983.0247 | G38: =+G28+G36 -> 1983.0247 | H38: =+H28+H36 -> 1983.0247 | I38: =+I28+I36 -> 1983.0247 | ... O38: =+O28+O36 -> 1983.0247
A39: As % of Revenue | B39: =+B38/B18 -> 0.40896028 | C39: =+C38/C18 -> 0.42364391 | D39: =+D38/D18 -> 0.39166667 | E39: =+E38/E18 -> 0.39166667 | F39: =+F38/F18 -> 0.39166667 | G39: =+G38/G18 -> 0.39166667 | H39: =+H38/H18 -> 0.39166667 | I39: =+I38/I18 -> 0.39166667 | ... O39: =+O38/O18 -> 0.39166667
A41: Employee benefit Expenses | B41: =+B18*2% -> 62.391523 | C41: =+C18*2% -> 80.385264 | D41: =+D18*2% -> 101.26083 | E41: =+E18*2% -> 101.26083 | F41: =+F18*2% -> 101.26083 | G41: =+G18*2% -> 101.26083 | H41: =+H18*2% -> 101.26083 | I41: =+I18*2% -> 101.26083 | ... O41: =+O18*2% -> 101.26083
A42: As % of Revenue | B42: =+B41/B18 -> 0.02 | C42: =+C41/C18 -> 0.02 | D42: =+D41/D18 -> 0.02 | E42: =+E41/E18 -> 0.02 | F42: =+F41/F18 -> 0.02 | G42: =+G41/G18 -> 0.02 | H42: =+H41/H18 -> 0.02 | I42: =+I41/I18 -> 0.02 | ... O42: =+O41/O18 -> 0.02
A44: Other Expenses | B44: =+B18*23.51% -> 733.41236 | C44: =+C18*23% -> 924.43054 | D44: =+D18*23% -> 1164.4996 | E44: =+E18*23% -> 1164.4996 | F44: =+F18*23% -> 1164.4996 | G44: =+G18*23% -> 1164.4996 | H44: =+H18*23% -> 1164.4996 | I44: =+I18*23% -> 1164.4996 | J44: =+J18*23% -> 1164.4996 | ... O44: =+O18*23% -> 1164.4996
A45: As % of Revenue | B45: =+B44/B18 -> 0.2351 | C45: =+C44/C18 -> 0.23 | D45: =+D44/D18 -> 0.23 | E45: =+E44/E18 -> 0.23 | F45: =+F44/F18 -> 0.23 | G45: =+G44/G18 -> 0.23 | H45: =+H44/H18 -> 0.23 | I45: =+I44/I18 -> 0.23 | ... O45: =+O44/O18 -> 0.23
A47: Total Expenses | B47: =+B38+B41+B44 -> 2071.5866 | C47: =+C38+C41+C44 -> 2707.5522 | D47: =+D38+D41+D44 -> 3248.7851 | E47: =+E38+E41+E44 -> 3248.7851 | F47: =+F38+F41+F44 -> 3248.7851 | G47: =+G38+G41+G44 -> 3248.7851 | H47: =+H38+H41+H44 -> 3248.7851 | I47: =+I38+I41+I44 -> 3248.7851 | ... O47: =+O38+O41+O44 -> 3248.7851
A48: As % of Revenue | B48: =+B47/B18 -> 0.66406028 | C48: =+C47/C18 -> 0.67364391 | D48: =+D47/D18 -> 0.64166667 | E48: =+E47/E18 -> 0.64166667 | F48: =+F47/F18 -> 0.64166667 | G48: =+G47/G18 -> 0.64166667 | H48: =+H47/H18 -> 0.64166667 | I48: =+I47/I18 -> 0.64166667 | ... O48: =+O47/O18 -> 0.64166667
A50: EBDITA | B50: =+B18-B47 -> 1047.9895 | C50: =+C18-C47 -> 1311.711 | D50: =+D18-D47 -> 1814.2566 | E50: =+E18-E47 -> 1814.2566 | F50: =+F18-F47 -> 1814.2566 | G50: =+G18-G47 -> 1814.2566 | H50: =+H18-H47 -> 1814.2566 | I50: =+I18-I47 -> 1814.2566 | ... O50: =+O18-O47 -> 1814.2566
B51: =+B50/B18 -> 0.33593972 | C51: =+C50/C18 -> 0.32635609 | D51: =+D50/D18 -> 0.35833333 | E51: =+E50/E18 -> 0.35833333 | F51: =+F50/F18 -> 0.35833333 | G51: =+G50/G18 -> 0.35833333 | H51: =+H50/H18 -> 0.35833333 | I51: =+I50/I18 -> 0.35833333 | ... O51: =+O50/O18 -> 0.35833333

Sheet Oman business
B1: Q1FY17 | C1: Q2FY17 | D1: Q3FY17 | E1: Q4FY17 | F1: FY17 | G1: FY18 | H1: FY19 | I1: FY20
A2: Hot Briqutted Iron
A3: Capacity (in Million Tonnes) | B3: =F3/4 -> 0.375 | C3: =G3/4 -> 0.375 | D3: =H3/4 -> 0.375 | E3: =I3/4 -> 0.375 | F3: 1.5 | G3: 1.5 | H3: 1.5 | I3: 1.5
A4: Utilisation | B4: =+B5/B3 -> 0.93333333 | C4: =+C5/C3 -> 0.74666667 | D4: =+D5/D3 -> 0.82666667 | E4: =+E5/E3 -> 1.04 | F4: =+F5/F3 -> 0.93333333 | G4: =+G5/G3 -> 0.98 | H4: =+H5/H3 -> 0.98 | I4: =+I5/I3 -> 0.98
A5: Production (in Million Tonnes) | B5: 0.35 | C5: 0.28 | D5: 0.31 | E5: 0.39 | F5: 1.4 | G5: 1.47 | H5: 1.47 | I5: 1.47
A6: Conversion factor | B6: 0.95 | C6: 0.95 | D6: 0.95 | E6: 0.95 | F6: 0.95 | G6: 0.95 | H6: 0.95 | I6: 0.95
A8: Liquid steel | B8: =B5*B6 -> 0.3325 | C8: =C5*C6 -> 0.266 | D8: =D5*D6 -> 0.2945 | E8: =E5*E6 -> 0.3705 | F8: =+F5*F6 -> 1.33 | G8: =+G5*G6 -> 1.3965 | H8: =+H5*H6 -> 1.3965 | I8: =+I5*I6 -> 1.3965
A10: Revenue
A12: Billets (in Million Tonnes) | B12: =+B8-B21 -> 0.2915 | C12: =+C8-C21 -> 0.166 | D12: =+D8-D21 -> 0.1545 | E12: =+E8-E21 -> 0.1905 | F12: =SUM(B12:E12) -> 0.8025 | G12: =+G8-G21 -> 0.4165 | H12: =+H8-H21 -> 0.2765 | I12: =+I8-I21 -> 0.1365
A13: Average Realisation (in $/ton) | B13: 335.934 | C13: 336.6 | D13: 384.23 | E13: 406.3 | F13: =AVERAGE(B13:E13) -> 365.766 | G13: 365 | H13: 365 | I13: 365
A14: Average INR per USD | B14: 66.93 | C14: 66.96 | D14: 67.46 | E14: 67 | F14: 67 | G14: 66.7 | H14: 66.7 | I14: 66.7
A15: Sales (in Rs. Crores) | B15: =+(B12*B13*B14)/10 -> 655.41043 | C15: =+(C12*C13*C14)/10 -> 374.14302 | D15: =+(D12*D13*D14)/10 -> 400.46641 | E15: =+(E12*E13*E14)/10 -> 518.58101 | F15: =+(F12*F13*F14)/10 -> 1966.6323 | G15: =+(G12*G13*G14)/10 -> 1013.9901 | H15: =+(H12*H13*H14)/10 -> 673.15307 | I15: =+(I12*I13*I14)/10 -> 332.31607
A17: TMT Rebars
A18: Capacity (in Million Tonnes) | B18: =F18/4 -> 0.35 | C18: =G18/4 -> 0.35 | D18: =H18/4 -> 0.35 | E18: =I18/4 -> 0.35 | F18: 1.4 | G18: 1.4 | H18: 1.4 | I18: 1.4
A19: Utilisation | B19: =B21/B18 -> 0.11714286 | C19: =C21/C18 -> 0.28571429 | D19: =D21/D18 -> 0.4 | E19: =E21/E18 -> 0.51428571 | F19: =F21/F18 -> 0.32928571 | G19: =G21/G18 -> 0.7 | H19: =H21/H18 -> 0.8 | I19: =I21/I18 -> 0.9
A21: Production(in Million Tonnes) | B21: =41000/1000000 -> 0.041 | C21: 0.1 | D21: 0.14 | E21: 0.18 | F21: =SUM(B21:E21) -> 0.461 | G21: 0.98 | H21: 1.12 | I21: 1.26
A23: Average Realisation (in $/ton) | B23: 456 | C23: 378 | D23: 416 | E23: 433 | F23: =AVERAGE(B23:E23) -> 420.75 | G23: 407 | H23: 407 | I23: 407
A24: Average INR per USD | B24: 66.93 | C24: 66.96 | D24: 67.46 | E24: 67 | F24: =AVERAGE(B24:E24) -> 67.0875 | G24: 66.7 | H24: 66.7 | I24: 66.7
A25: Sales (in Rs. Crores) | B25: =+(B21*B23*B24)/10 -> 125.13233 | C25: =+(C21*C23*C24)/10 -> 253.1088 | D25: =+(D21*D23*D24)/10 -> 392.88704 | E25: =+(E21*E23*E24)/10 -> 522.198 | F25: =SUM(B25:E25) -> 1293.3262 | G25: =+(G21*G23*G24)/10 -> 2660.3962 | H25: =+(H21*H23*H24)/10 -> 3040.4528 | I25: =+(I21*I23*I24)/10 -> 3420.5094
A27: Total Revenue | B27: =+B15+B25 -> 780.54275 | C27: =+C15+C25 -> 627.25182 | D27: =+D15+D25 -> 793.35345 | E27: =+E15+E25 -> 1040.779 | F27: =+F15+F25 -> 3259.9585 | G27: =+G15+G25 -> 3674.3863 | H27: =+H15+H25 -> 3713.6059 | I27: =+I15+I25 -> 3752.8255
A29: Expenditure
A31: Raw Material Cost
A32: Iron Ore Cost
A33: Iron Ore req per tonne of HBI | B33: 1.6 | C33: 1.6 | D33: 1.6 | E33: 1.6 | F33: 1.6 | G33: 1.6 | H33: 1.6 | I33: 1.6
A34: Average Cost (S/ton) | B34: 88 | C34: 88 | D34: 88 | E34: 88 | F34: 88 | G34: 88 | H34: 88 | I34: 88
A35: Average INR per USD | B35: 66.93 | C35: 66.96 | D35: 67.46 | E35: 67 | F35: 67 | G35: 67 | H35: 67 | I35: 67
A36: Total Iron Ore cost (In Rs. Crs) | B36: =+B33*B34*B35*B5/10 -> 329.83104 | C36: =+C33*C34*C35*C5/10 -> 263.9831 | D36: =+D33*D34*D35*D5/10 -> 294.44941 | E36: =+E33*E34*E35*E5/10 -> 367.9104 | F36: =+F33*F34*F35*F5/10 -> 1320.704 | G36: =+G33*G34*G35*G5/10 -> 1386.7392 | H36: =+H33*H34*H35*H5/10 -> 1386.7392 | I36: =+I33*I34*I35*I5/10 -> 1386.7392
A38: Natural Gas Cost
A39: For Reducing Iron
A40: Natural Gas req per tonne of Reducing Iron | B40: 9.35 | C40: 9.35 | D40: 9.35 | E40: 9.35 | F40: 9.35 | G40: 9.35 | H40: 9.35 | I40: 9.35
A41: Average Cost (S/mmBtu) | B41: 2.15 | C41: 2.15 | D41: 2.15 | E41: 2.15 | F41: 2.15 | G41: 2.15 | H41: 2.15 | I41: 2.15
A42: Average INR per USD | B42: 67 | C42: 67 | D42: 67 | E42: 67 | F42: 67 | G42: 67 | H42: 67 | I42: 67
A43: Total cost (In Rs. Crs) | B43: =+(B5*B40*B41*B42)/10 -> 47.140362 | C43: =+(C5*C40*C41*C42)/10 -> 37.71229 | D43: =+(D5*D40*D41*D42)/10 -> 41.752893 | E43: =+(E5*E40*E41*E42)/10 -> 52.527833 | F43: =+(F5*F40*F41*F42)/10 -> 188.56145 | G43: =+(G5*G40*G41*G42)/10 -> 197.98952 | H43: =+(H5*H40*H41*H42)/10 -> 197.98952 | I43: =+(I5*I40*I41*I42)/10 -> 197.98952
A45: For Conversion into Liquid Steel
A46: Natural Gas req per tonne of Liquid Steel | B46: 0.13 | C46: 0.13 | D46: 0.13 | E46: 0.13 | F46: 0.13 | G46: 0.13 | H46: 0.13 | I46: 0.13
A47: Average Cost (S/mmBtu) | B47: 2.15 | C47: 2.15 | D47: 2.15 | E47: 2.15 | F47: 2.15 | G47: 2.15 | H47: 2.15 | I47: 2.15
A48: Average INR per USD | B48: 67 | C48: 67 | D48: 67 | E48: 67 | F48: 67 | G48: 67 | H48: 67 | I48: 67
A49: Total cost (In Rs. Crs) | B49: =+(B5*B46*B47*B48)/10 -> 0.6554275 | C49: =+(C5*C46*C47*C48)/10 -> 0.524342 | D49: =+(D5*D46*D47*D48)/10 -> 0.5805215 | E49: =+(E5*E46*E47*E48)/10 -> 0.7303335 | F49: =+(F5*F46*F47*F48)/10 -> 2.62171 | G49: =+(G5*G46*G47*G48)/10 -> 2.7527955 | H49: =+(H5*H46*H47*H48)/10 -> 2.7527955 | I49: =+(I5*I46*I47*I48)/10 -> 2.7527955
A51: For Conversion into TMT Rebar
A52: Natural Gas req per tonne of TMT Rebar | B52: 1.37 | C52: 1.37 | D52: 1.37 | E52: 1.37 | F52: 1.37 | G52: 1.37 | H52: 1.37 | I52: 1.37
A53: Average Cost (S/mmBtu) | B53: 2.15 | C53: 2.15 | D53: 2.15 | E53: 2.15 | F53: 2.15 | G53: 2.15 | H53: 2.15 | I53: 2.15
A54: Average INR per USD | B54: 67 | C54: 67 | D54: 67 | E54: 67 | F54: 67 | G54: 67 | H54: 67 | I54: 67
A55: Total cost (In Rs. Crs) | B55: =+(B21*B52*B53*B54)/10 -> 0.80912885 | C55: =+(C21*C52*C53*C54)/10 -> 1.973485 | D55: =+(D21*D52*D53*D54)/10 -> 2.762879 | E55: =+(E21*E52*E53*E54)/10 -> 3.552273 | F55: =+(F21*F52*F53*F54)/10 -> 9.0977659 | G55: =+(G21*G52*G53*G54)/10 -> 19.340153 | H55: =+(H21*H52*H53*H54)/10 -> 22.103032 | I55: =+(I21*I52*I53*I54)/10 -> 24.865911
A57: Total Natural Gas Cost (In Rs. Crs) | B57: =+B43+B49+B55 -> 48.604919 | C57: =+C43+C49+C55 -> 40.210117 | D57: =+D43+D49+D55 -> 45.096293 | E57: =+E43+E49+E55 -> 56.810439 | F57: =+F43+F49+F55 -> 200.28093 | G57: =+G43+G49+G55 -> 220.08247 | H57: =+H43+H49+H55 -> 222.84535 | I57: =+I43+I49+I55 -> 225.60823
A59: Raw Material Cost | B59: =+B57+B36 -> 378.43596 | C59: =+C57+C36 -> 304.19322 | D59: =+D57+D36 -> 339.5457 | E59: =+E57+E36 -> 424.72084 | F59: =+F57+F36 -> 1520.9849 | G59: =+G57+G36 -> 1606.8217 | H59: =+H57+H36 -> 1609.5846 | I59: =+I57+I36 -> 1612.3474
A60: As % of Revenue | B60: =+B59/B27 -> 0.48483694 | C60: =+C59/C27 -> 0.48496188 | D60: =+D59/D27 -> 0.42798793 | E60: =+E59/E27 -> 0.40807975 | F60: =+F59/F27 -> 0.46656573 | G60: =+G59/G27 -> 0.43730342 | H60: =+H59/H27 -> 0.43342902 | I60: =+I59/I27 -> 0.4296356
A62: Employee Benefit expenses | B62: =+B27*4% -> 31.22171 | C62: =+C27*4% -> 25.090073 | D62: =+D27*4% -> 31.734138 | E62: =+E27*4% -> 41.63116 | F62: =+F27*4% -> 130.39834 | G62: =+G27*4% -> 146.97545 | H62: =+H27*4% -> 148.54424 | I62: =+I27*4% -> 150.11302
A63: As % of Revenue | B63: =+B62/B27 -> 0.04 | C63: =+C62/C27 -> 0.04 | D63: =+D62/D27 -> 0.04 | E63: =+E62/E27 -> 0.04 | F63: =+F62/F27 -> 0.04 | G63: =+G62/G27 -> 0.04 | H63: =+H62/H27 -> 0.04 | I63: =+I62/I27 -> 0.04
A65: Other Expenses | B65: =B27-B59-B62-B71 -> 147.67353 | C65: =C27-C59-C62-C71 -> 209.4474 | D65: =D27-D59-D62-D71 -> 279.73301 | E65: =E27-E59-E62-E71 -> 360.02701 | F65: =F27-F59-F62-F71 -> 940.10197 | G65: =G27*28% -> 1028.8282 | H65: =H27*28% -> 1039.8096 | I65: =I27*28% -> 1050.7911
A66: As % of Revenue | B66: =B65/B27 -> 0.1891934 | C66: =C65/C27 -> 0.33391279 | D66: =D65/D27 -> 0.35259569 | E66: =E65/E27 -> 0.3459207 | F66: =F65/F27 -> 0.28837851 | G66: =G65/G27 -> 0.28 | H66: =H65/H27 -> 0.28 | I66: =I65/I27 -> 0.28
A68: EBIDTA (in $ millions) | B68: =33.35 -> 33.35 | C68: 13.22 | D68: 21.1 | E68: 32 | F68: =SUM(B68:E68) -> 99.67 | G68: =(G71*10)/67 -> 133.09866 | H68: =(H71*10)/67 -> 136.66678 | I68: =(I71*10)/67 -> 140.23491
A69: EBIDTA per tonne (in S ) | B69: =B68/B8 -> 100.30075 | C69: =C68/C8 -> 49.699248 | D69: =D68/D8 -> 71.646859 | E69: =E68/E8 -> 86.369771 | F69: =F68/F8 -> 74.93985 | G69: =G68/G8 -> 95.308741 | H69: =H68/H8 -> 97.86379 | I69: =I68/I8 -> 100.41884
A71: EBIDTA (in Rs. Crs) | B71: =(33.35*66.93)/10 -> 223.21155 | C71: =(C68*66.96)/10 -> 88.52112 | D71: =(D68*67.46)/10 -> 142.3406 | E71: =(E68*67)/10 -> 214.4 | F71: =SUM(B71:E71) -> 668.47327 | G71: =G27-G59-G62-G65 -> 891.761 | H71: =H27-H59-H62-H65 -> 915.66745 | I71: =I27-I59-I62-I65 -> 939.57389
A72: EBIDTA per tonne (in Rs.) | B72: =(B71*10)/B8 -> 6713.1293 | C72: =(C71*10)/C8 -> 3327.8617 | D72: =(D71*10)/D8 -> 4833.2971 | E72: =(E71*10)/E8 -> 5786.7746 | F72: =(F71*10)/F8 -> 5026.1148 | G72: =(G71*10)/G8 -> 6385.6856 | H72: =(H71*10)/H8 -> 6556.8739 | I72: =(I71*10)/I8 -> 6728.0623
B73: =B71/B27 -> 0.28596967 | C73: =C71/C27 -> 0.14112533 | D73: =D71/D27 -> 0.17941638 | E73: =E71/E27 -> 0.20599954 | F73: =F71/F27 -> 0.20505576 | G73: =G71/G27 -> 0.24269658 | H73: =H71/H27 -> 0.24657098 | I73: =I71/I27 -> 0.2503644

Sheet Overseas Business
A1: Oman Business | E1: $ | F1: =225*1000000 -> 225000000 | G1: Capex | L1: US | M1: Foreign exchange | N1: 64.8144 | O1: =+N1 -> 64.8144
A2: 2015-16 | F2: Production | G2: Sales | H2: $ Value | I2: INR/USD | J2: Rupee Sales | L2: 2 | N2: =+N1*(1.05)/(1.02) -> 66.720706
A3: Revenue | B3: 2815.77 | E3: Q1 | F3: =1.1-0.85 -> 0.25 | G3: =1.07-0.82 -> 0.25 | H3: 381.5 | I3: 65.461 | J3: =+(G3*H3*I3)/10 -> 624.33429 | L3: India
E4: Q2 | F4: 0.18 | G4: 0.19 | H4: 332.17 | I4: 65.461 | J4: =+(G4*H4*I4)/10 -> 413.13943 | L4: 5
E5: Q3 | F5: 0.29 | G5: 0.25 | H5: 276.98 | I5: 65.461 | J5: =+(G5*H5*I5)/10 -> 453.28469
E6: Q4 | F6: 0.35 | G6: 0.4 | H6: 284.2 | I6: 65.461 | J6: =+(G6*H6*I6)/10 -> 744.16065
G7: =SUM(G3:G6) -> 1.09 | J7: =SUM(J3:J6) -> 2234.9191
J9: =+B3-J7 -> 580.85094
A11: 2016-17 | B11: =J16 -> 3241.6268 | F11: Production | G11: Sales | H11: $ Value | I11: INR/USD | J11: Rupee Sales
E12: Q1 | F12: 0.35 | G12: 0.33 | H12: 335.934 | I12: 66.93 | J12: =+(G12*H12*I12)/10 -> 741.97407
E13: Q2 | F13: 0.28 | G13: 0.27 | H13: 336.6 | I13: 66.96 | J13: =+(G13*H13*I13)/10 -> 608.54587
E14: Q3 | F14: 0.31 | G14: 0.32 | H14: 384.23 | I14: 67.46 | J14: =+(G14*H14*I14)/10 -> 829.44499
E15: Q4 | F15: 0.39 | G15: 0.39 | H15: 406.3 | I15: 67 | J15: =+(G15*H15*I15)/10 -> 1061.6619
F16: 1.33 | G16: 1.31 | J16: =SUM(J12:J15) -> 3241.6268
G19: Total | H19: Rebar | I19: Billet | J19: $ Rebar | K19: $ Billet | L19: INR/USD | M19: Rupee Sales
A20: 2017-18 | B20: =+N20 -> 4005.335 | F20: Sales | G20: 1.5 | H20: 1 | I20: 0.5 | J20: 407 | K20: 387 | L20: 66.7 | M20: =+H20*1000000*J20*L20+I20*1000000*K20*L20 -> 40053350000 | N20: =+M20/10000000 -> 4005.335
A21: 2018-19 | B21: =+N21 -> 4072.035 | G21: 1.5 | H21: 1.5 | J21: 407 | K21: 387 | L21: 66.7 | M21: =+H21*1000000*J21*L21+I21*1000000*K21*L21 -> 40720350000 | N21: =+M21/10000000 -> 4072.035
A22: 2019-20 | B22: =+N22 -> 4072.035 | G22: 1.5 | H22: 1.5 | J22: 407 | K22: 387 | L22: 66.7 | M22: =+H22*1000000*J22*L22+I22*1000000*K22*L22 -> 40720350000 | N22: =+M22/10000000 -> 4072.035
A24: Mining Operations
A25: Australia | H25: 31.12.2016 | L25: Volume | M25: Hard Coking coal | N25: Discount | O25: $ NSR | P25: INR/USD | Q25: Rupee Sales | S25: Long Term Average | T25: 120
A26: 2016-17 | B26: =+Q26 -> 225.3793 | G26: Volume Guidance | H26: 100000 | I26: 70000 | J26: 70000 | K26: 70000 | L26: =+H26+I26+J26+K26 -> 310000 | M26: 218 | N26: 0.5 | O26: =+M26*N26 -> 109 | P26: 66.7 | Q26: =+L26*O26*P26/10000000 -> 225.3793 | S26: One Year Average | T26: 168
A27: 2017-18 | B27: =+Q27 -> 560.28 | G27: Volume Guidance | L27: 1000000 | M27: 168 | N27: 0.5 | O27: =+M27*N27 -> 84 | P27: 66.7 | Q27: =+L27*O27*P27/10000000 -> 560.28
A28: 2018-19 | B28: =+Q28 -> 560.28 | G28: Volume Guidance | L28: 1000000 | M28: 168 | N28: 0.5 | O28: =+M28*N28 -> 84 | P28: 66.7 | Q28: =+L28*O28*P28/10000000 -> 560.28
A29: 2019-20 | B29: =+Q29 -> 560.28 | G29: Volume Guidance | L29: 1000000 | M29: 168 | N29: 0.5 | O29: =+M29*N29 -> 84 | P29: 66.7 | Q29: =+L29*O29*P29/10000000 -> 560.28
A32: Mozambique and South Africa | H32: 31.12.2016 | L32: Volume | M32: Hard Coking coal | N32: Discount | O32: $ NSR | P32: INR/USD | Q32: Rupee Sales
A33: 2016-17 | B33: =+Q33 -> 5316.4069 | G33: Volume Guidance | H33: =0.15*1000000 -> 150000 | I33: 1500000 | J33: 150000 | K33: 150000 | L33: =+(H33+I33+J33+K33)*0.25 -> 487500 | M33: 218 | N33: 0.75 | O33: =+M33*N33 -> 163.5 | P33: 66.7 | Q33: =+L33*O33*P33/1000000 -> 5316.4069
A34: 2017-18 | B34: =+Q34 -> 5462.73 | G34: Volume Guidance | L34: =2600000*0.25 -> 650000 | M34: 168 | N34: 0.75 | O34: =+M34*N34 -> 126 | P34: 66.7 | Q34: =+L34*O34*P34/1000000 -> 5462.73
A35: 2018-19 | B35: =+Q35 -> 6303.15 | G35: Volume Guidance | L35: =3000000*0.25 -> 750000 | M35: 168 | N35: 0.75 | O35: =+M35*N35 -> 126 | P35: 66.7 | Q35: =+L35*O35*P35/1000000 -> 6303.15
A36: 2019-20 | B36: =+Q36 -> 6303.15 | G36: Volume Guidance | L36: =3000000*0.25 -> 750000 | M36: 168 | N36: 0.75 | O36: =+M36*N36 -> 126 | P36: 66.7 | Q36: =+L36*O36*P36/1000000 -> 6303.15

Sheet Oman Steel Business
C1: 1.05 | D1: 1.33 | E1: 1.5 | F1: 1.5 | G1: 1.5
C2: 2016 | D2: 2017 | E2: 2018 | F2: 2019 | G2: 2020
B3: Revenue | C3: =28786543508.7719/10000000 -> 2878.6544 | D3: =+'Overseas Business'!B11 -> 3241.6268 | E3: =+'Overseas Business'!B20 -> 4005.335 | F3: =+'Overseas Business'!B21 -> 4072.035 | G3: =+'Overseas Business'!B22 -> 4072.035
A5: Less: | B5: Raw Material | C5: =(88*67*1.4*1.6*1000000)/10000000 -> 1320.704 | D5: =(88*67*1.5*1.6*1000000)/10000000 -> 1415.04 | E5: =(88*67*1.5*1.6*1000000)/10000000 -> 1415.04 | F5: =(88*67*1.5*1.6*1000000)/10000000 -> 1415.04 | G5: =(88*67*1.5*1.6*1000000)/10000000 -> 1415.04
C6: =+C5/C3 -> 0.45879214 | D6: =+D5/D3 -> 0.43652156 | E6: =+E5/E3 -> 0.3532888 | F6: =+F5/F3 -> 0.34750192 | G6: =+G5/G3 -> 0.34750192
B7: Other direct expenses | C7: 744.45553 | D7: =+$C$7*D1/$C$1 -> 942.977 | E7: =+$C$7*E1/$C$1 -> 1063.5079 | F7: =+$C$7*F1/$C$1 -> 1063.5079 | G7: =+$C$7*G1/$C$1 -> 1063.5079
C8: =+C7/C3 -> 0.25861234 | D8: =+D7/D3 -> 0.29089622 | E8: =+E7/E3 -> 0.26552283 | F8: =+F7/F3 -> 0.26117356 | G8: =+G7/G3 -> 0.26117356
B9: Staff Cost | C9: 99.435895 | D9: =+$C$9*D1/$C$1 -> 125.95213 | E9: =+$C$9*E1/$C$1 -> 142.05128 | F9: =+$C$9*F1/$C$1 -> 142.05128 | G9: =+$C$9*G1/$C$1 -> 142.05128
C10: =+C9/C3 -> 0.034542492 | D10: =+D9/D3 -> 0.038854606 | E10: =+E9/E3 -> 0.035465517 | F10: =+F9/F3 -> 0.034884592 | G10: =+G9/G3 -> 0.034884592
B11: Direct Labour | C11: 19.716649 | D11: =+$C$11*D1/$C$1 -> 24.974422 | E11: =+$C$11*E1/$C$1 -> 28.166642 | F11: =+$C$11*F1/$C$1 -> 28.166642 | G11: =+$C$11*G1/$C$1 -> 28.166642
C12: =+C11/C3 -> 0.006849259 | D12: =+D11/D3 -> 0.0077042866 | E12: =+E11/E3 -> 0.0070322811 | F12: =+F11/F3 -> 0.0069170922 | G12: =+G11/G3 -> 0.0069170922
B13: Repairs and Maintenance | C13: 15.57086 | D13: =+$C$13*D1/$C$1 -> 19.723089 | E13: =+$C$13*E1/$C$1 -> 22.244085 | F13: =+$C$13*F1/$C$1 -> 22.244085 | G13: =+$C$13*G1/$C$1 -> 22.244085
C14: =+C13/C3 -> 0.0054090758 | D14: =+D13/D3 -> 0.0060843181 | E14: =+E13/E3 -> 0.0055536142 | F14: =+F13/F3 -> 0.0054626459 | G14: =+G13/G3 -> 0.0054626459
B15: Total expenditure | C15: =+C5+C7+C9+C11+C13 -> 2199.8829 | D15: =+D5+D7+D9+D11+D13 -> 2528.6666 | E15: =+E5+E7+E9+E11+E13 -> 2671.0099 | F15: =+F5+F7+F9+F11+F13 -> 2671.0099 | G15: =+G5+G7+G9+G11+G13 -> 2671.0099
C16: =+C15/C3 -> 0.76420531 | D16: =+D15/D3 -> 0.78006099 | E16: =+E15/E3 -> 0.66686305 | F16: =+F15/F3 -> 0.65593982 | G16: =+G15/G3 -> 0.65593982
B18: EBIDTA | C18: =+C3-C15 -> 678.77142 | D18: =+D3-D15 -> 712.96018 | E18: =+E3-E15 -> 1334.3251 | F18: =+F3-F15 -> 1401.0251 | G18: =+G3-G15 -> 1401.0251
B19: EBIDTA Margin | C19: =+C18/C3 -> 0.23579469 | D19: =+D18/D3 -> 0.21993901 | E19: =+E18/E3 -> 0.33313695 | F19: =+F18/F3 -> 0.34406018 | G19: =+G18/G3 -> 0.34406018

Sheet JPL_PL
A1: Particulars | B1: FY2015 | C1: FY2016 | D1: FY2017E | E1: FY2018 | F1: FY2019 | G1: FY2020
A2: Revnue from operations | B2: 3240.81 | C2: =+'Revenue Breakup'!B19 -> 3015 | D2: =+'Revenue Breakup'!C19 -> 3119.5762 | E2: =+'Revenue Breakup'!D19 -> 4209.6706 | F2: =+'Revenue Breakup'!E19 -> 5063.0417 | G2: =+'Revenue Breakup'!F19 -> 5063.0417
A3: Other Income | B3: 370.57 | C3: 418.39 | D3: 370 | E3: 370 | F3: 370 | G3: 370
A4: Total Revenue | B4: =SUM(B2:B3) -> 3611.38 | C4: =SUM(C2:C3) -> 3433.39 | D4: =SUM(D2:D3) -> 3489.5762 | E4: =SUM(E2:E3) -> 4579.6706 | F4: =SUM(F2:F3) -> 5433.0417 | G4: =SUM(G2:G3) -> 5433.0417
A7: Expenses:
A8: Cost of fuel & other mfg expenses | B8: 982.44 | C8: 1909.59 | D8: =+'PLF Calculation'!Y6+30 -> 1059.24 | E8: =+'PLF Calculation'!Y7+30 -> 1704 | F8: =+'PLF Calculation'!Y8+30 -> 1704 | G8: =+'PLF Calculation'!Y9+30 -> 1704
B9: =+B8/B4 -> 0.27204005 | C9: =+C8/C4 -> 0.55618208 | D9: =+D8/D4 -> 0.30354403 | E9: =+E8/E4 -> 0.37207917 | F9: =+F8/F4 -> 0.31363646 | G9: =+G8/G4 -> 0.31363646
A10: Employee benefit expenses | B10: 78.77 | C10: 65 | D10: 71 | E10: 71 | F10: 71 | G10: 71
B11: =+B10/B4 -> 0.021811607 | C11: =+C10/C4 -> 0.018931726 | D11: =+D10/D4 -> 0.02034631 | E11: =+E10/E4 -> 0.015503299 | F11: =+F10/F4 -> 0.013068186 | G11: =+G10/G4 -> 0.013068186
A12: Other expenses | B12: 482.67 | C12: 373.96 | D12: 414.4224 | E12: 703.5024 | F12: 743.448 | G12: 763.4208
B13: =+B12/B4 -> 0.13365251 | C13: =+C12/C4 -> 0.10891859 | D13: =+D12/D4 -> 0.1187601 | E13: =+E12/E4 -> 0.15361419 | F13: =+F12/F4 -> 0.13683826 | G13: =+G12/G4 -> 0.14051444
A14: Total Expenses | B14: =+B8+B10+B12 -> 1543.88 | C14: =+C8+C10+C12 -> 2348.55 | D14: =+D8+D10+D12 -> 1544.6624 | E14: =+E8+E10+E12 -> 2478.5024 | F14: =+F8+F10+F12 -> 2518.448 | G14: =+G8+G10+G12 -> 2538.4208
B15: =+B14/B4 -> 0.42750417 | C15: =+C14/C4 -> 0.6840324 | D15: =+D14/D4 -> 0.44265043 | E15: =+E14/E4 -> 0.54119666 | F15: =+F14/F4 -> 0.46354292 | G15: =+G14/G4 -> 0.46721909
A16: EBIDTA | B16: =+B4-B14 -> 2067.5 | C16: =+C4-C14 -> 1084.84 | D16: =+D4-D14 -> 1944.9138 | E16: =+E4-E14 -> 2101.1682 | F16: =+F4-F14 -> 2914.5937 | G16: =+G4-G14 -> 2894.6209
B17: =+B16/B4 -> 0.57249583 | C17: =+C16/C4 -> 0.3159676 | D17: =+D16/D4 -> 0.55734957 | E17: =+E16/E4 -> 0.45880334 | F17: =+F16/F4 -> 0.53645708 | G17: =+G16/G4 -> 0.53278091

Sheet Australia and Mozambique
B1: FY17 | C1: FY18 | D1: FY19 | E1: FY20
A2: Australia
A3: Volume per month | B3: =(0.04+0.1+0.12)*1000000 -> 260000 | C3: =80*1000 -> 80000 | D3: =100*1000 -> 100000 | E3: =125*1000 -> 125000
A4: Annual Volume | B4: =B3 -> 260000 | C4: =+C3*12 -> 960000 | D4: =+D3*12 -> 1200000 | E4: =+E3*12 -> 1500000
A5: Realisation per tonne (In S) | B5: 164 | C5: =176*0.5 -> 88 | D5: =176*0.5 -> 88 | E5: =176*0.5 -> 88
A6: INR/USD | B6: 67 | C6: 66.7 | D6: 66.7 | E6: 66.7
A7: Revenue | B7: =+B4*B5*B6/10000000 -> 285.688 | C7: =+C4*C5*C6/10000000 -> 563.4816 | D7: =+D4*D5*D6/10000000 -> 704.352 | E7: =+E4*E5*E6/10000000 -> 880.44
A9: Cost of Mining | B9: =65*66.7*B4/10000000 -> 112.723 | C9: =65*66.7*C4/10000000 -> 416.208 | D9: =65*66.7*D4/10000000 -> 520.26 | E9: =65*66.7*E4/10000000 -> 650.325
A10: Cost of Mining per tonne | B10: 65 | C10: 65 | D10: 65 | E10: 65
A11: Average INR per USD | B11: 67 | C11: 67 | D11: 67 | E11: 67
A12: Cost of mining (in Rs. Crores) | B12: =(B4*B10*B11)/1000000 -> 1132.3 | C12: =(C4*C10*C11)/1000000 -> 4180.8 | D12: =(D4*D10*D11)/1000000 -> 5226 | E12: =(E4*E10*E11)/1000000 -> 6532.5
A14: EBDITA | B14: =+B7-B9 -> 172.965 | C14: =+C7-C9 -> 147.2736 | D14: =+D7-D9 -> 184.092 | E14: =+E7-E9 -> 230.115
A15: EBIDTA Margin | B15: =+B14/B7 -> 0.6054332 | C15: =+C14/C7 -> 0.26136364 | D15: =+D14/D7 -> 0.26136364 | E15: =+E14/E7 -> 0.26136364
A17: Mozambique
A18: Volume
A19: Volume per month | C19: =125*1000 -> 125000 | D19: =175*1000 -> 175000 | E19: =200*1000 -> 200000
A20: Annual Volume | B20: =300000+290000 -> 590000 | C20: =C19*12 -> 1500000 | D20: =D19*12 -> 2100000 | E20: =E19*12 -> 2400000
A21: Coking coal share | B21: 0.25 | C21: 0.25 | D21: 0.25 | E21: 0.25
A22: Coking coal Volume | B22: =B20*B21 -> 147500 | C22: =C20*C21 -> 375000 | D22: =D20*D21 -> 525000 | E22: =E20*E21 -> 600000
A24: Thermal coal share | B24: 0.55 | C24: 0.55 | D24: 0.55 | E24: 0.55
A25: THermal coal volume | B25: =B20*B24 -> 324500 | C25: =C20*C24 -> 825000 | D25: =D20*D24 -> 1155000 | E25: =E20*E24 -> 1320000
A27: Realisation
A28: Coking Coal (In $) | B28: =328*0.75 -> 246 | C28: =168*0.75 -> 126 | D28: =168*0.75 -> 126 | E28: =168*0.75 -> 126
A29: Thermal Coal (In $) | B29: 72 | C29: 54 | D29: 54 | E29: 54
A31: INR/USD | B31: 66.7 | C31: 66.7 | D31: 66.7 | E31: 66.7
A33: Coking coal | B33: =+B22*B28*B31/10000000 -> 242.02095 | C33: =+C22*C28*C31/10000000 -> 315.1575 | D33: =+D22*D28*D31/10000000 -> 441.2205 | E33: =+E22*E28*E31/10000000 -> 504.252
A34: Thermal Coal | B34: =+B25*B29*B31/10000000 -> 155.83788 | C34: =+C25*C29*C31/10000000 -> 297.1485 | D34: =+D25*D29*D31/10000000 -> 416.0079 | E34: =+E25*E29*E31/10000000 -> 475.4376
A35: Total Revenue | B35: =B33+B34 -> 397.85883 | C35: =C33+C34 -> 612.306 | D35: =D33+D34 -> 857.2284 | E35: =E33+E34 -> 979.6896
A38: Cost of Mining
A39: Cost of Mining per tonne | B39: 110 | C39: 110 | D39: 110 | E39: 110
A40: Average INR per USD | B40: 66.7 | C40: 66.7 | D40: 66.7 | E40: 66.7
A41: Cost of Mining (in Rs. Crores) | B41: =(B39*B40*B22)/10000000 -> 108.22075 | C41: =(C39*C40*C22)/10000000 -> 275.1375 | D41: =(D39*D40*D22)/10000000 -> 385.1925 | E41: =(E39*E40*E22)/10000000 -> 440.22
B42: =B41/B35 -> 0.27200791 | C42: =C41/C35 -> 0.44934641 | D42: =D41/D35 -> 0.44934641 | E42: =E41/E35 -> 0.44934641
A45: Freight & Other expenses | B45: =B35-B41-B49 -> 250.28508 | C45: =C35-C41-C49 -> 227.1135 | D45: =D35-D41-D49 -> 303.9519 | E45: =E35-E41-E49 -> 331.3656
B46: =+B45/B35 -> 0.62908012 | C46: =+C45/C35 -> 0.37091503 | D46: =+D45/D35 -> 0.35457516 | E46: =+E45/E35 -> 0.33823529
A48: EBIDTA per tonne (in $) | B48: 10 | C48: 11 | D48: 12 | E48: 13
A49: EBDITA (in Rs. Crs) | B49: =(B20*B48*B40)/10000000 -> 39.353 | C49: =(C20*C48*C40)/10000000 -> 110.055 | D49: =(D20*D48*D40)/10000000 -> 168.084 | E49: =(E20*E48*E40)/10000000 -> 208.104
A50: EBIDTA Margin | B50: =+B49/B35 -> 0.098911968 | C50: =+C49/C35 -> 0.17973856 | D50: =+D49/D35 -> 0.19607843 | E50: =+E49/E35 -> 0.2124183

Sheet Raw material cost
B1: FY16 | C1: FY17E | D1: FY18E | E1: FY19E | F1: FY20E
A3: Total Iron Ore Cost (In Rs. Crs) | C3: =C6+C7+C10+C11+C14+C15 -> 1561.4526 | D3: =D6+D7+D10+D11+D14+D15 -> 1946.5049 | E3: =E6+E7+E10+E11+E14+E15 -> 2688.8962 | F3: =F6+F7+F10+F11+F14+F15 -> 2845.418
A5: Iron Ore Lumps
A6: Raigarh | C6: ='Raigarh Plant'!D31 -> 93.3 | D6: ='Raigarh Plant'!E31 -> 0 | E6: ='Raigarh Plant'!F31 -> 0 | F6: ='Raigarh Plant'!G31 -> 0
A7: Angul | C7: ='Angul Plant'!D30 -> 0 | D7: ='Angul Plant'!E30 -> 93.3 | E7: ='Angul Plant'!F30 -> 93.3 | F7: ='Angul Plant'!G30 -> 93.3
A9: Iron Ore Fines
A10: Raigarh | C10: ='Raigarh Plant'!D35 -> 222.15258 | D10: ='Raigarh Plant'!E35 -> 438.26087 | E10: ='Raigarh Plant'!F35 -> 438.26087 | F10: ='Raigarh Plant'!G35 -> 594.78261
A11: Angul | C11: ='Angul Plant'!D34 -> 0 | D11: ='Angul Plant'!E34 -> 317.27739 | E11: ='Angul Plant'!F34 -> 614.6687 | F11: ='Angul Plant'!G34 -> 614.6687
A13: Iron Ore Pellets
A14: Raigarh | C14: ='Raigarh Plant'!D26 -> 652.66667 | D14: ='Raigarh Plant'!E26 -> 652.66667 | E14: ='Raigarh Plant'!F26 -> 652.66667 | F14: ='Raigarh Plant'!G26 -> 652.66667
A15: Angul | C15: ='Angul Plant'!D25 -> 593.33333 | D15: ='Angul Plant'!E25 -> 445 | E15: ='Angul Plant'!F25 -> 890 | F15: ='Angul Plant'!G25 -> 890
A17: Total Coal Cost (In Rs. Crs) | C17: =C20+C21+C24+C25 -> 2315.9586 | D17: =D20+D21+D24+D25 -> 3433.0822 | E17: =E20+E21+E24+E25 -> 4635.6002 | F17: =F20+F21+F24+F25 -> 5020.3841
A19: Coking coal
A20: Raigarh | C20: ='Raigarh Plant'!D50 -> 995.9586 | D20: ='Raigarh Plant'!E50 -> 1077.395 | E20: ='Raigarh Plant'!F50 -> 1077.395 | F20: ='Raigarh Plant'!G50 -> 1462.1789
A21: Angul | C21: ='Angul Plant'!D49 -> 0 | D21: ='Angul Plant'!E49 -> 1192.8301 | E21: ='Angul Plant'!F49 -> 1923.9196 | F21: ='Angul Plant'!G49 -> 1923.9196
A23: Thermal Coal
A24: Raigarh | C24: ='Raigarh Plant'!D41 -> 691.42857 | D24: ='Raigarh Plant'!E41 -> 691.42857 | E24: ='Raigarh Plant'!F41 -> 691.42857 | F24: ='Raigarh Plant'!G41 -> 691.42857
A25: Angul | C25: ='Angul Plant'!D40 -> 628.57143 | D25: ='Angul Plant'!E40 -> 471.42857 | E25: ='Angul Plant'!F40 -> 942.85714 | F25: ='Angul Plant'!G40 -> 942.85714
A27: Pulverised Coal Injection Cost | C27: =(1500*('Raigarh Plant'!D5+'Angul Plant'!D5))/10000000 -> 211.95652 | D27: =(1500*('Raigarh Plant'!E5+'Angul Plant'!E5))/10000000 -> 480.97826 | E27: =(1500*('Raigarh Plant'!F5+'Angul Plant'!F5))/10000000 -> 635.86957 | F27: =(1500*('Raigarh Plant'!G5+'Angul Plant'!G5))/10000000 -> 717.3913
A29: Oxygen Lancing Cost | C29: =((1500*('Raigarh Plant'!D5+'Raigarh Plant'!D15+'Angul Plant'!D5+'Angul Plant'!D15))/10000000) -> 586.95652 | D29: =((1500*('Raigarh Plant'!E5+'Raigarh Plant'!E15+'Angul Plant'!E5+'Angul Plant'!E15))/10000000) -> 811.3354 | E29: =((1500*('Raigarh Plant'!F5+'Raigarh Plant'!F15+'Angul Plant'!F5+'Angul Plant'!F15))/10000000) -> 1100.1553 | F29: =((1500*('Raigarh Plant'!G5+'Raigarh Plant'!G15+'Angul Plant'!G5+'Angul Plant'!G15))/10000000) -> 1181.677
A31: Ferro Chrome Cost | C31: =(1500*('Raigarh Plant'!D9+'Raigarh Plant'!D19+'Angul Plant'!D9+'Angul Plant'!D19))/10000000 -> 510 | D31: =(1500*('Raigarh Plant'!E9+'Raigarh Plant'!E19+'Angul Plant'!E9+'Angul Plant'!E19))/10000000 -> 720 | E31: =(1500*('Raigarh Plant'!F9+'Raigarh Plant'!F19+'Angul Plant'!F9+'Angul Plant'!F19))/10000000 -> 975 | F31: =(1500*('Raigarh Plant'!G9+'Raigarh Plant'!G19+'Angul Plant'!G9+'Angul Plant'!G19))/10000000 -> 1050
A33: TOTAL COST OF RAW MATERIALS | B33: =5070.99+241.36+314.66 -> 5627.01 | C33: =C3+C17+C27+C29+C31 -> 5186.3242 | D33: =D3+D17+D27+D29+D31 -> 7391.9008 | E33: =E3+E17+E27+E29+E31 -> 10035.521 | F33: =F3+F17+F27+F29+F31 -> 10814.87
A35: Difference | C35: 303.91578
A36: As % of estimation | C36: =C35/C33 -> 0.058599456
A38: Multiplying factor | C38: 1.0586
A39: As per the actual results | B39: =B33 -> 5627.01 | C39: =C33*C38 -> 5490.2428 | D39: =D33 -> 7391.9008 | E39: =E33 -> 10035.521 | F39: =F33 -> 10814.87

Sheet PLF Calculation
B1: PPA | C1: =400+200+200+60+60+150 -> 1070 | E1: ON BLENDED BASIS | I1: Nominal Capacity per Quarter | J1: Generated in Q3
C2: 3400 | E2: 8760000 | F2: 3400 | G2: =E2*F2 -> 29784000000 | H2: =G2/4 -> 7446000000 | I2: =H2/1000000 -> 7446 | J2: 2356 | K2: =J2/I2 -> 0.3164115 | Q2: MW | R2: Units per MW | S2: MU | T2: Coal Per MW | U2: Coal Required | V2: Coal Rate | W2: Coal cost | X2: Coal Cost Per unit | Z2: 1200
C3: =C1/C2 -> 0.31470588 | J3: Q3 | K3: Q2 | L3: Q1 | M3: FY16 | P3: Captive Mine | Q3: 1200 | R3: 8760000 | S3: =+(Q3*R3)/1000000 -> 10512 | T3: 4500 | U3: =+Q3*T3 -> 5400000 | V3: 1700 | W3: =+V3*U3 -> 9180000000 | X3: =+W3/(S3*1000000) -> 0.87328767 | Z3: 8760000
E4: For One MW Plant | G4: generated MU | H4: PLF | J4: =852*10000000 -> 8520000000 | K4: =815*10000000 -> 8150000000 | P4: E-Auction Basis | Q4: 700 | R4: 8760000 | S4: =+(Q4*R4)/1000000 -> 6132 | T4: 4500 | U4: =+Q4*T4 -> 3150000 | V4: 2400 | W4: =+V4*U4 -> 7560000000 | X4: =+W4/(S4*1000000) -> 1.2328767 | Z4: =+Z2*Z3 -> 10512000000
A5: FY2017E | B5: 1000 | C5: 365 | D5: 24 | E5: =B5*C5*D5 -> 8760000 | F5: 1100 | G5: =(E5*F5)/1000000 -> 9636 | H5: =F5/F2 -> 0.32352941 | J5: =J2*1000000 -> 2356000000 | K5: =2580*1000000 -> 2580000000 | R5: 1000000 | Z5: 0.28
A6: FY2018E | B6: 1000 | C6: 365 | D6: 24 | E6: =B6*C6*D6 -> 8760000 | F6: 1900 | G6: =(E6*F6)/1000000 -> 16644 | H6: =F6/F2 -> 0.55882353 | J6: =J4/J5 -> 3.6162988 | K6: =K4/K5 -> 3.1589147 | O6: FY 2017E | P6: 1100 | Q6: 9636000000 | R6: =+X3 -> 0.87328767 | S6: 4415040000 | T6: =+S6*R6 -> 3855600000 | U6: =+Q6-S6 -> 5220960000 | V6: =+X4 -> 1.2328767 | W6: =+U6*V6 -> 6436800000 | X6: =+W6+T6 -> 10292400000 | Y6: =+X6/10000000 -> 1029.24 | Z6: =+Z4*Z5 -> 2.94336e+09
A7: FY2019E | B7: 1000 | C7: 365 | D7: 24 | E7: =B7*C7*D7 -> 8760000 | F7: 1900 | G7: =(E7*F7)/1000000 -> 16644 | H7: =F7/2400 -> 0.79166667 | I7: EBIDTA | J7: 0.35 | K7: 0.25 | L7: 0.27 | O7: FY 2018E | P7: 1900 | Q7: 16644000000 | R7: 0.87328767 | S7: =+Z4 -> 10512000000 | T7: =+S7*R7 -> 9180000000 | U7: =+Q7-S7 -> 6132000000 | V7: 1.2328767 | W7: =+U7*V7 -> 7.56e+09 | X7: =+W7+T7 -> 1.674e+10 | Y7: =+X7/10000000 -> 1674
A8: FY2020E | B8: 1000 | C8: 365 | D8: 24 | E8: =B8*C8*D8 -> 8760000 | F8: 1900 | G8: =(E8*F8)/1000000 -> 16644 | H8: =F8/2400 -> 0.79166667 | O8: FY 2019E | P8: 1900 | Q8: 16644000000 | R8: 0.87328767 | S8: 10512000000 | T8: =+S8*R8 -> 9180000000 | U8: =+Q8-S8 -> 6132000000 | V8: 1.2328767 | W8: =+U8*V8 -> 7.56e+09 | X8: =+W8+T8 -> 1.674e+10 | Y8: =+X8/10000000 -> 1674
O9: FY 2020E | P9: 1900 | Q9: 16644000000 | R9: 0.87328767 | S9: 10512000000 | T9: =+S9*R9 -> 9180000000 | U9: =+Q9-S9 -> 6132000000 | V9: 1.2328767 | W9: =+U9*V9 -> 7.56e+09 | X9: =+W9+T9 -> 1.674e+10 | Y9: =+X9/10000000 -> 1674
A10: Captive Power Plant
A11: Raigarh | B11: MW | C11: Required | D11: Saleable | F11: 1000 | G11: 365 | H11: 24 | I11: =F11*G11*H11 -> 8760000 | J11: 1649 | K11: =+I11*J11/1000000 -> 14445.24 | L11: 1
A12: DCPP | B12: 540 | F12: 1000 | G12: 365 | H12: 24 | I12: =F12*G12*H12 -> 8760000 | J12: 900 | K12: =+I12*J12/1000000 -> 7884 | L12: Required
A13: Raigarh | B13: 299 | F13: 1000 | G13: 365 | H13: 24 | I13: =F13*G13*H13 -> 8760000 | J13: 1649 | K13: =+(I13*J13/1000000)*0.75 -> 10833.93 | L13: Maximum
A14: Angul | B14: 810 | K14: =+K13-K12 -> 2949.93 | L14: Saleable units
B15: =SUM(B12:B14) -> 1649 | C15: 900 | D15: =+B15-C15 -> 749 | H15: =6823*1000000 -> 6823000000 | K15: 2.5
H16: 8760000 | K16: =+(K14*1000000*2.5)/10000000 -> 737.4825
H17: =+H15/H16 -> 778.88128 | I17: 1649
A19: Revenue
E20: For One MW Plant | G20: generated MU | H20: Internal Use | I20: External Sale | J20: Rate
A21: FY2016 | B21: 1000 | C21: 365 | D21: 24 | E21: =B21*C21*D21 -> 8760000 | F21: 778.9 | G21: =+(F21*E21)/1000000 -> 6823.164 | H21: 4880 | I21: 1943 | J21: 2.5 | K21: =+(I21*1000000*J21)/10000000 -> 485.75 | M21: =+F21*4500*2400/10000000 -> 841.212 | O21: =398.79*10000000 -> 3987900000
A22: FY2017E | B22: 1000 | C22: 365 | D22: 24 | E22: =B22*C22*D22 -> 8760000 | F22: 900 | G22: =+(F22*E22)/1000000 -> 7884 | H22: =+H21/G21*G22 -> 5638.7213 | I22: =+G22-H22 -> 2245.2787 | J22: 2.5 | K22: =+(I22*1000000*J22)/10000000 -> 561.31968 | O22: =1934*1000000 -> 1934000000
A23: FY2018E | B23: 1000 | C23: 365 | D23: 24 | E23: =B23*C23*D23 -> 8760000 | F23: 1000 | G23: =+(F23*E23)/1000000 -> 8760 | H23: =+H22/G22*G23 -> 6265.2459 | I23: =+G23-H23 -> 2494.7541 | J23: 2.5 | K23: =+(I23*1000000*J23)/10000000 -> 623.68854 | O23: =O21/O22 -> 2.0619959
A24: FY2019E | B24: 1000 | C24: 365 | D24: 24 | E24: =B24*C24*D24 -> 8760000 | F24: 1100 | G24: =+(F24*E24)/1000000 -> 9636 | H24: =+H23/G23*G24 -> 6891.7704 | I24: =+G24-H24 -> 2744.2296 | J24: 2.5 | K24: =+(I24*1000000*J24)/10000000 -> 686.05739
A25: FY2020E | B25: 1000 | C25: 365 | D25: 24 | E25: =B25*C25*D25 -> 8760000 | F25: 1236.76 | G25: =+(F25*E25)/1000000 -> 10834.018 | H25: =+H24/G24*G25 -> 7748.6055 | I25: =+G25-H25 -> 3085.4121 | J25: 2.5 | K25: =+(I25*1000000*J25)/10000000 -> 771.35303 | O25: =3004+1943 -> 4947
A28: FY2017E | G28: =+G21*1000000*2.5/10000000 -> 1705.791 | H28: =+H22*1000000*2.5/10000000 -> 1409.6803
A29: FY2018E | H29: =+H23*1000000*2.5/10000000 -> 1566.3115
A30: FY2019E | H30: =+H24*1000000*2.5/10000000 -> 1722.9426
A31: FY2020E | H31: =+H25*1000000*2.5/10000000 -> 1937.1514

Sheet Captive Power Sales
B1: FY16 | C1: FY17 | D1: FY18 | E1: FY19 | F1: FY20
A2: Raigarh
A3: Capacity | B3: 851 | C3: 851 | D3: 851 | E3: 851 | F3: 851
A4: Angul
A5: Capacity | B5: 810 | C5: 810 | D5: 810 | E5: 810 | F5: 810
A6: Total Capacity | B6: =B5+B3 -> 1661 | C6: =C5+C3 -> 1661 | D6: =D5+D3 -> 1661 | E6: =E5+E3 -> 1661 | F6: =F5+F3 -> 1661
A7: Maximum generation units | B7: =(B6*1000*24*365)/1000000 -> 14550.36 | C7: =(C6*1000*24*365)/1000000 -> 14550.36 | D7: =(D6*1000*24*365)/1000000 -> 14550.36 | E7: =(E6*1000*24*365)/1000000 -> 14550.36 | F7: =(F6*1000*24*365)/1000000 -> 14550.36
A8: PLF (%) | B8: =B9/B7 -> 0.46892311 | C8: =C9/C7 -> 0.54184226 | D8: =D9/D7 -> 0.60204696 | E8: =E9/E7 -> 0.66225166 | F8: =F9/F7 -> 0.74458639
A9: Generated Power | B9: 6823 | C9: 7884 | D9: 8760 | E9: 9636 | F9: 10834
A11: Internal usage | B11: 4947 | C11: =B11/B9*C9 -> 5716.2755 | D11: =C11/C9*D9 -> 6351.4173 | E11: =D11/D9*E9 -> 6986.559 | F11: =E11/E9*F9 -> 7855.1661
A13: External Sales | B13: =B9-B11 -> 1876 | C13: =C9-C11 -> 2167.7245 | D13: =D9-D11 -> 2408.5827 | E13: =E9-E11 -> 2649.441 | F13: =F9-F11 -> 2978.8339
A15: Rate per unit | B15: 2.06 | C15: 2.5 | D15: 2.5 | E15: 2.5 | F15: 2.5
A17: Sales ( In Rs. Crs) | B17: =B13*B15/10 -> 386.456 | C17: =C13*C15/10 -> 541.93112 | D17: =D13*D15/10 -> 602.14568 | E17: =E13*E15/10 -> 662.36025 | F17: =F13*F15/10 -> 744.70849

Sheet RM and Power Standalone
C1: 2016 | D1: FY2017E | E1: FY2018E | F1: FY2019E | G1: FY2020E
A2: Iron Ore requirement
A3: Raigarh | B3: Pellets | D3: =+'[66]Bifurcation of Iron Making'!K7*1.4*1000000 -> 1848000 | E3: =+'[66]Bifurcation of Iron Making'!L7*1.4*1000000 -> 1848000 | F3: =+'[66]Bifurcation of Iron Making'!M7*1.4*1000000 -> 1848000 | G3: =+'[66]Bifurcation of Iron Making'!N7*1.4*1000000 -> 1848000
B4: Iron Ore Lumps | D4: =+'[66]Details of Linkages'!$C$3 -> 933000
B5: Iron ore Fines | D5: =+'[66]Bifurcation of Iron Making'!K13*1.6*1000000-D4 -> 1362653.2 | E5: =+'[66]Bifurcation of Iron Making'!L13*1000000*1.6 -> 2469566.3 | F5: =+'[66]Bifurcation of Iron Making'!M13*1000000*1.6 -> 3339131.9 | G5: =+'[66]Bifurcation of Iron Making'!N13*1000000*1.6 -> 3400000
A7: Angul | B7: Pellets | D7: =+'[66]Bifurcation of Iron Making'!K8*1.4*1000000 -> 1666666.4 | E7: =+'[66]Bifurcation of Iron Making'!L8*1.4*1000000 -> 999999.84 | F7: =+'[66]Bifurcation of Iron Making'!M8*1.4*1000000 -> 1333333.1 | G7: =+'[66]Bifurcation of Iron Making'!N8*1.4*1000000 -> 2520000
B8: Iron Ore Lumps | E8: =+'[66]Details of Linkages'!$C$3 -> 933000 | F8: =+'[66]Details of Linkages'!$C$3 -> 933000 | G8: =+'[66]Details of Linkages'!$C$3 -> 933000
B9: Iron ore Fines | E9: =+'[66]Bifurcation of Iron Making'!L14*1.6*1000000-E8 -> 3240914.9 | F9: =+'[66]Bifurcation of Iron Making'!M14*1.6*1000000-F8 -> 4187000 | G9: =+'[66]Bifurcation of Iron Making'!N14*1.6*1000000-G8 -> 4187000
D10: =+D3+D7 -> 3514666.4 | E10: =+E3+E7 -> 2847999.8 | F10: =+F3+F7 -> 3181333.1 | G10: =+G3+G7 -> 4368000
B11: Average Pellets Cost per tonne | D11: 3560 | E11: 3560 | F11: 3560 | G11: 3560
B12: Pellet cost | D12: =+(D3+D7)*D11/10000000 -> 1251.2212 | E12: =+(E3+E7)*E11/10000000 -> 1013.8879 | F12: =+(F3+F7)*F11/10000000 -> 1132.5546 | G12: =+(G3+G7)*G11/10000000 -> 1555.008
B14: Average Iron Ore Lumps Cost per tonne | D14: 1000 | E14: 1000 | F14: 1000 | G14: 1000
B15: Iron Ore Lumps Cost | D15: =+D14*D4/10000000 -> 93.3 | E15: =+E14*E8/10000000 -> 93.3 | F15: =+F14*F8/10000000 -> 93.3 | G15: =+G14*G8/10000000 -> 93.3
B17: Average Iron Ore Fines Cost per tonne | D17: 1673 | E17: 1800 | F17: 1900 | G17: 2000
B18: Iron Ore Fines Cost | D18: =+(D5+D9)*D17/10000000 -> 227.97188 | E18: =+(E5+E9)*E17/10000000 -> 1027.8866 | F18: =+(F5+F9)*F17/10000000 -> 1429.9651 | G18: =+(G5+G9)*G17/10000000 -> 1517.4
B20: Total Iron Ore Cost | D20: =+D12+D15+D18 -> 1572.4931 | E20: =+E12+E15+E18 -> 2135.0746 | F20: =+F12+F15+F18 -> 2655.8197 | G20: =+G12+G15+G18 -> 3165.708
A23: Coking coal requirment
B24: Raigarh (BF Route) | D24: =+'[66]Bifurcation of Iron Making'!K13*1000000*0.6 -> 860869.94 | E24: =+'[66]Bifurcation of Iron Making'!L13*1000000*0.6 -> 926087.36 | F24: =+'[66]Bifurcation of Iron Making'!M13*1000000*0.6 -> 1252174.5 | G24: =+'[66]Bifurcation of Iron Making'!N13*1000000*0.6 -> 1275000
B25: Angul(BF Route) | E25: =+'[66]Bifurcation of Iron Making'!L14*1000000*0.6 -> 1565218.1 | F25: =+'[66]Bifurcation of Iron Making'!M14*1000000*0.6 -> 1920000 | G25: =+'[66]Bifurcation of Iron Making'!N14*1000000*0.6 -> 1920000
B26: Total | D26: =+SUM(D24:D25) -> 860869.94 | E26: =+SUM(E24:E25) -> 2491305.4 | F26: =+SUM(F24:F25) -> 3172174.5 | G26: =+SUM(G24:G25) -> 3195000
B28: Average CNF Price assumed | D28: 176.12 | E28: 176.12 | F28: 176.12 | G28: 176.12
B29: Average USD/INR rate | D29: 66.7 | E29: 66.7 | F29: 66.7 | G29: 66.7
B32: Total Coking coal cost | D32: =+(D26*D28*D29)/10000000 -> 1011.2815 | E32: =+(E26*E28*E29)/10000000 -> 2926.5873 | F32: =+(F26*F28*F29)/10000000 -> 3726.4181 | G32: =+(G26*G28*G29)/10000000 -> 3753.2317
A34: Thermal Coal requirement
B35: Raigarh(DRI Route) | D35: =+'[66]Bifurcation of Iron Making'!K7*1000000*1.6 -> 2112000 | E35: =+'[66]Bifurcation of Iron Making'!L7*1000000*1.6 -> 2112000 | F35: =+'[66]Bifurcation of Iron Making'!M7*1000000*1.6 -> 2112000 | G35: =+'[66]Bifurcation of Iron Making'!N7*1000000*1.6 -> 2112000
B36: Angul (DRI Route) | D36: =+'[66]Bifurcation of Iron Making'!K8*1000000*1.6 -> 1904761.6 | E36: =+'[66]Bifurcation of Iron Making'!L8*1000000*1.6 -> 1142857 | F36: =+'[66]Bifurcation of Iron Making'!M8*1000000*1.6 -> 1523809.3 | G36: =+'[66]Bifurcation of Iron Making'!N8*1000000*1.6 -> 2880000
B38: Average Coal Cost per tonne | D38: 3300 | E38: 3300 | F38: 3300 | G38: 3300
B39: Total Thermal coal Cost | D39: =+(D35+D36)*D38/10000000 -> 1325.5313 | E39: =+(E35+E36)*E38/10000000 -> 1074.1028 | F39: =+(F35+F36)*F38/10000000 -> 1199.8171 | G39: =+(G35+G36)*G38/10000000 -> 1647.36
B42: Pulverised Coal Injection Cost | D42: =+('[66]Bifurcation of Iron Making'!K15*1000000*1500)/10000000 -> 215.21749 | E42: =+('[66]Bifurcation of Iron Making'!L15*1000000*1500)/10000000 -> 622.82636 | F42: =+('[66]Bifurcation of Iron Making'!M15*1000000*1500)/10000000 -> 793.04362 | G42: =+('[66]Bifurcation of Iron Making'!N15*1000000*1500)/10000000 -> 798.75
B44: Oxygen Lancing Cost | D44: =+('[66]Bifurcation of Iron Making'!K19*1000000*1500)/10000000 -> 514.32006 | E44: =+('[66]Bifurcation of Iron Making'!L19*1000000*1500)/10000000 -> 829.32024 | F44: =+('[66]Bifurcation of Iron Making'!M19*1000000*1500)/10000000 -> 1015.9201 | G44: =+('[66]Bifurcation of Iron Making'!N19*1000000*1500)/10000000 -> 1127.97
B46: Total Raw Material Cost | D46: =+D20+D32+D39+D42+D44 -> 4638.8435 | E46: =+E20+E32+E39+E42+E44 -> 7587.9113 | F46: =+F20+F32+F39+F42+F44 -> 9391.0185 | G46: =+G20+G32+G39+G42+G44 -> 10493.02
B48: Raw Material | C48: 5070 | D48: =+D46 -> 4638.8435 | E48: =+E46 -> 7587.9113 | F48: =+F46 -> 9391.0185 | G48: =+G46 -> 10493.02
B50: Multiplying Factor | C50: 1.1098619 | D50: 1.1098619 | E50: 1.1098619 | F50: 1.1098619 | G50: 1.1098619
B52: Raw Material cost for the year | C52: =+C48*C50 -> 5627 | D52: =+D48*D50 -> 5148.4758 | E52: =+E48*E50 -> 8421.5339 | F52: =+F48*F50 -> 10422.734 | G52: =+G48*G50 -> 11645.803
B54: Power & Fuel cost for the year | C54: =+'Bifurcation of RM and Power'!C13 -> 2193 | D54: =+'Bifurcation of RM and Power'!D13 -> 2330.0625 | E54: =+'Bifurcation of RM and Power'!E13 -> 3563.625 | F54: =+'Bifurcation of RM and Power'!F13 -> 4454.5312 | G54: =+'Bifurcation of RM and Power'!G13 -> 4797.1875

Sheet Consolidated Qty performance
A1: DESCRIPTION | B1: 42705 | C1: 42614 | D1: 42522 | E1: YTD
A2: Net Sales | B2: 5296.8 | C2: 4485.44 | D2: 4536.12 | E2: =+B2+C2+D2 -> 14318.36
A3: Other operating income | B3: 111.07 | C3: 180.1 | D3: 119.33 | E3: =+B3+C3+D3 -> 410.5
A4: Net Sales & Other Operating Income | B4: 5407.87 | C4: 4665.54 | D4: 4655.45 | E4: =+B4+C4+D4 -> 14728.86
A6: Expenditure
A7: Raw Material Cost | B7: 1853.66 | C7: 1485 | D7: 1370.09 | E7: =+B7+C7+D7 -> 4708.75 | F7: 1800 | G7: =+E7+F7 -> 6508.75
A8: Operating & Manufacturing Expenses | B8: 1197.84 | C8: 1132.85 | D8: 1032.67 | E8: =+B8+C8+D8 -> 3363.36 | F8: 1121 | G8: =+E8+F8 -> 4484.36
A9: Electricity, Power & Fuel Cost | B9: 991.93 | C9: 1160.37 | D9: 1074.88 | E9: =+B9+C9+D9 -> 3227.18 | F9: 1075 | G9: =+E9+F9 -> 4302.18
A10: Employee Cost | B10: 238.79 | C10: 222.23 | D10: 226.9 | E10: =+B10+C10+D10 -> 687.92 | F10: 229 | G10: =+E10+F10 -> 916.92
A11: General Administration Expenses
A12: Selling & Distribution Expenses
A13: Loss on Foreign Exchange | B13: 22.24 | C13: 12.01 | D13: 7.6 | E13: =+B13+C13+D13 -> 41.85
A14: Loss on Foreign Exchange Loan
A15: Miscellaneous Expenses | B15: -173.33 | C15: -195.31 | D15: -40.76 | E15: =+B15+C15+D15 -> -409.4
A17: Total Expenditure | B17: 4131.13 | C17: 3817.15 | D17: 3671.38 | E17: =+B17+C17+D17 -> 11619.66
A19: EBIDTA (Excl OI) | B19: 1276.74 | C19: 848.39 | D19: 984.07 | E19: =+B19+C19+D19 -> 3109.2
A20: EBIDTA Margin | B20: 0.23608926 | C20: 0.18184176 | D20: 0.21138021 | E20: =+E19/E4 -> 0.21109577
A22: Other Income | B22: 0.31 | C22: 0.68 | D22: 31.15 | E22: =+B22+C22+D22 -> 32.14
A23: Operating Profit | B23: 1277.05 | C23: 849.07 | D23: 1015.22 | E23: =+B23+C23+D23 -> 3141.34
A25: Less: Depreciation | B25: 1027.44 | C25: 998.6 | D25: 917.1 | E25: =+B25+C25+D25 -> 2943.14 | F25: 1100 | G25: =+E25+F25 -> 4043.14
A27: EBIT | B27: 249.61 | C27: -149.53 | D27: 98.12 | E27: =+B27+C27+D27 -> 198.2
A28: EBIT Margin | B28: 0.046156805 | C28: -0.032049881 | D28: 0.021076373 | E28: =+E27/E4 -> 0.013456574
A30: Interest | B30: 835.25 | C30: 871.61 | D30: 852.9 | E30: =+B30+C30+D30 -> 2559.76
A31: EBT (Before Exceptional Items) | B31: -585.64 | C31: -1021.14 | D31: -754.78 | E31: =+B31+C31+D31 -> -2361.56
A33: Exceptional Items | D33: -625.72 | E33: =+D33 -> -625.72
A35: PBT | B35: -585.64 | C35: -1021.14 | D35: -1380.5 | E35: =+B35+C35+D35 -> -2987.28
A37: Tax | B37: -130.59 | C37: -273.87 | D37: -140.97 | E37: =+B37+C37+D37 -> -545.43
A39: Profit After Tax | B39: -455.05 | C39: -747.27 | D39: -1239.53 | E39: =+B39+C399+D39 -> -1694.58
A40: PAT margin | B40: -0.084145884 | C40: -0.16016795 | D40: -0.26625353 | E40: =+E39/E4 -> -0.11505167

Sheet Raigarh Plant
I1: Mining | J1: (Capacity 3110000 MT)
A2: Iron Making Capacity | B2: Blast Furnace | C2: ( In metric tonnes) | D2: 2125000 | E2: 2125000 | F2: 2125000 | G2: 2125000 | J2: Lumps | K2: Fines
C3: Utilisation | D3: =+D5/D2 -> 0.66496164 | E3: =+E5/E2 -> 0.71611253 | F3: =+F5/F2 -> 0.71611253 | G3: =+G5/G2 -> 0.97186701 | I3: Output | J3: 0.3 | K3: 0.7
J4: =3110000*J3 -> 933000 | K4: =3110000*K3 -> 2177000 | L4: Fines are directly transported to Pelletisation Plant
C5: Production | D5: =+('Reconciliation with SMS'!J26)*1000000 -> 1413043.5 | E5: =+('Reconciliation with SMS'!K26)*1000000 -> 1521739.1 | F5: =+('Reconciliation with SMS'!L26)*1000000 -> 1521739.1 | G5: =+('Reconciliation with SMS'!M26)*1000000 -> 2065217.4 | J5: Transferred to 2017 to Raigarh Plant & from 2018 to 2020 transferred to Angul Plant
I6: Pellets Production
C7: Conversion to steel | D7: 0.92 | E7: 0.92 | F7: 0.92 | G7: 0.92 | J7: FY2017E | K7: FY2018E | L7: FY2019E | M7: FY2020E
I8: Production | J8: =6.45*1000000 -> 6450000 | K8: 7000000 | L8: 7000000 | M8: 7000000
C9: Saleable Steel production | D9: =+D5*D7 -> 1300000 | E9: =+E5*E7 -> 1400000 | F9: =+F5*F7 -> 1400000 | G9: =+G5*G7 -> 1900000
I10: Transferred to
A12: Iron Making Capacity | B12: Direct Reduced Iron | C12: ( In metric tonnes) | D12: 1320000 | E12: 1320000 | F12: 1320000 | G12: 1320000 | I12: Angul | J12: =+'Angul Plant'!D23 -> 1666666.7 | K12: =+'Angul Plant'!E23 -> 1250000 | L12: =+'Angul Plant'!F23 -> 2500000 | M12: =+'Angul Plant'!G23 -> 2500000
C13: Utilisation | D13: =+D15/D12 -> 0.99206349 | E13: =+E15/E12 -> 0.99206349 | F13: =+F15/F12 -> 0.99206349 | G13: =+G15/G12 -> 0.99206349 | I13: Raigarh | J13: =+D24 -> 1833333.3 | K13: =+E24 -> 1833333.3 | L13: =+F24 -> 1833333.3 | M13: =+G24 -> 1833333.3
C15: Production | D15: =+'Reconciliation with SMS'!J27*1000000 -> 1309523.8 | E15: =+'Reconciliation with SMS'!K27*1000000 -> 1309523.8 | F15: =+'Reconciliation with SMS'!L27*1000000 -> 1309523.8 | G15: =+'Reconciliation with SMS'!M27*1000000 -> 1309523.8 | I15: Sold Outside | J15: =+J8-J12-J13 -> 2950000 | K15: =+K8-K12-K13 -> 3916666.7 | L15: =+L8-L12-L13 -> 2666666.7 | M15: =+M8-M12-M13 -> 2666666.7
C17: Conversion to steel | D17: 0.84 | E17: 0.84 | F17: 0.84 | G17: 0.84
C19: Saleable Steel production | D19: =+D15*D17 -> 1100000 | E19: =+E15*E17 -> 1100000 | F19: =+F15*F17 -> 1100000 | G19: =+G15*G17 -> 1100000
J20: Australia
K21: FY2017E | L21: FY2018E | M21: FY2019E | N21: FY2020E
A22: Iron Ore Requirement | B22: Total ( In Metric Tonnes) | D22: =+D24+D29+D33 -> 4094202.9 | E22: =+E24+E29+E33 -> 4268115.9 | F22: =+F24+F29+F33 -> 4268115.9 | G22: =+G24+G29+G33 -> 5137681.2 | J22: Volume | K22: 310000 | L22: 1000000 | M22: 1000000 | N22: 1000000
A24: Direct Reduced Iron | B24: Iron Ore pellets | C24: (in Metric Tonnes) | D24: =1.4*D15 -> 1833333.3 | E24: =1.4*E15 -> 1833333.3 | F24: =1.4*F15 -> 1833333.3 | G24: =1.4*G15 -> 1833333.3 | J24: Transferred to
A25: 1.4 metric ton per tonne of steel | C25: Cost per metric tonne | D25: 3560 | E25: 3560 | F25: 3560 | G25: 3560
C26: Total cost in crores | D26: =+D24*D25/10000000 -> 652.66667 | E26: =+E24*E25/10000000 -> 652.66667 | F26: =+F24*F25/10000000 -> 652.66667 | G26: =+G24*G25/10000000 -> 652.66667 | J26: Angul | K26: 0 | L26: 500000 | M26: 500000 | N26: 500000
J27: Raigarh | K27: 310000 | L27: 500000 | M27: 500000 | N27: 500000
A29: Blast Furnace | B29: Iron Ore Lumps | C29: (in Metric Tonnes) | D29: 933000 | J29: Mozambique
A30: 1.6 metric ton per tonne of steel | C30: Cost per metric tonne | D30: 1000 | K30: FY2017E | L30: FY2018E | M30: FY2019E | N30: FY2020E
C31: Total cost in crores | D31: =+D29*D30/10000000 -> 93.3 | J31: Volume | K31: 487500 | L31: 650000 | M31: 750000 | N31: 750000
B33: Iron Ore Fines | C33: (in Metric Tonnes) | D33: =+(D5*1.6)-D29 -> 1327869.6 | E33: =+(E5*1.6)-E29 -> 2434782.6 | F33: =+(F5*1.6)-F29 -> 2434782.6 | G33: =+(G5*1.6)-G29 -> 3304347.8 | J33: Transferred to
C34: Cost per metric tonne | D34: 1673 | E34: 1800 | F34: 1800 | G34: 1800
C35: Total cost in crores | D35: =+D33*D34/10000000 -> 222.15258 | E35: =+E33*E34/10000000 -> 438.26087 | F35: =+F33*F34/10000000 -> 438.26087 | G35: =+G33*G34/10000000 -> 594.78261 | J35: Angul | K35: 0 | L35: 325000 | M35: 375000 | N35: 375000
J36: Raigarh | K36: 487500 | L36: 325000 | M36: 375000 | N36: 375000
A37: Thermal Coal Requirement
A39: Direct Reduced Iron | B39: Thermal coal | C39: (in Metric Tonnes) | D39: =+D15*1.6 -> 2095238.1 | E39: =+E15*1.6 -> 2095238.1 | F39: =+F15*1.6 -> 2095238.1 | G39: =+G15*1.6 -> 2095238.1
A40: 1.6 metric ton per tonne of steel | C40: Cost per metric tonne | D40: 3300 | E40: 3300 | F40: 3300 | G40: 3300
C41: Total cost in crores | D41: =+D39*D40/10000000 -> 691.42857 | E41: =+E39*E40/10000000 -> 691.42857 | F41: =+F39*F40/10000000 -> 691.42857 | G41: =+G39*G40/10000000 -> 691.42857
A43: Coking Coal Requirement
A45: Blast Furnace | B45: Coking Coal | C45: (in Metric Tonnes) | D45: =+D5*0.6 -> 847826.09 | E45: =+E5*0.6 -> 913043.48 | F45: =+F5*0.6 -> 913043.48 | G45: =+G5*0.6 -> 1239130.4
A46: 0.6 metric ton per tonne of steel
C48: Average CNF Price assumed | D48: 176.12 | E48: 176.12 | F48: 176.12 | G48: 176.12
C49: Average USD/INR rate | D49: 66.7 | E49: 67 | F49: 67 | G49: 67
C50: Total Coking coal cost from outside | D50: =(D45*D48*D49)/10000000 -> 995.9586 | E50: =(E45*E48*E49)/10000000 -> 1077.395 | F50: =(F45*F48*F49)/10000000 -> 1077.395 | G50: =(G45*G48*G49)/10000000 -> 1462.1789

Sheet Angul Plant
D1: 2017 | E1: 2018 | F1: 2019 | G1: 2020
A2: Iron Making Capacity | B2: Blast Furnace | C2: ( In metric tonnes) | D2: 3200000 | E2: 3200000 | F2: 3200000 | G2: 3200000
C3: Utilisation | D3: 0 | E3: 0.81521739 | F3: 1 | G3: 1
C5: Production | D5: =+'Reconciliation with SMS'!J30*1000000 -> 0 | E5: =+'Reconciliation with SMS'!K30*1000000 -> 1684782.6 | F5: =+'Reconciliation with SMS'!L30*1000000 -> 2717391.3 | G5: =+'Reconciliation with SMS'!M30*1000000 -> 2717391.3
C7: Conversion to steel | D7: 0.92 | E7: 0.92 | F7: 0.92 | G7: 0.92
C9: Saleable Steel production | D9: =+D5*D7 -> 0 | E9: =+E5*E7 -> 1550000 | F9: =+F5*F7 -> 2500000 | G9: =+G5*G7 -> 2500000
A12: Iron Making Capacity | B12: Direct Reduced Iron | C12: ( In metric tonnes) | D12: 1800000 | E12: 1800000 | F12: 1800000 | G12: 1800000
C13: Utilisation | D13: 0.66137566 | E13: 0.3968254 | F13: 0.6984127 | G13: 1
C15: Production | D15: =+'Reconciliation with SMS'!J31*1000000 -> 1190476.2 | E15: =+'Reconciliation with SMS'!K31*1000000 -> 892857.14 | F15: =+'Reconciliation with SMS'!L31*1000000 -> 1785714.3 | G15: =+'Reconciliation with SMS'!M31*1000000 -> 1785714.3
C17: Conversion to steel | D17: 0.84 | E17: 0.84 | F17: 0.84 | G17: 0.84
C19: Saleable Steel production | D19: =D15*D17 -> 1000000 | E19: =E15*E17 -> 750000 | F19: =F15*F17 -> 1500000 | G19: =G15*G17 -> 1500000
A21: Iron Ore Requirement | B21: Total ( In Metric Tonnes) | D21: =+D23+E28+D32 -> 2599666.7 | E21: =+E23+E28+E32 -> 3945652.2 | F21: =+F23+F28+F32 -> 6847826.1 | G21: =+G23+G28+G32 -> 6847826.1
A23: Direct Reduced Iron | B23: Iron Ore pellets | C23: (in Metric Tonnes) | D23: =+D15*1.4 -> 1666666.7 | E23: =+E15*1.4 -> 1250000 | F23: =+F15*1.4 -> 2500000 | G23: =+G15*1.4 -> 2500000
A24: 1.4 metric ton per tonne of steel | C24: Cost per metric tonne | D24: 3560 | E24: 3560 | F24: 3560 | G24: 3560
C25: Total cost in crores | D25: =+D23*D24/10000000 -> 593.33333 | E25: =+E23*E24/10000000 -> 445 | F25: =+F23*F24/10000000 -> 890 | G25: =+G23*G24/10000000 -> 890
A28: Blast Furnace | B28: Iron Ore Lumps | C28: (in Metric Tonnes) | E28: 933000 | F28: 933000 | G28: 933000
A29: 1.6 metric ton per tonne of steel | C29: Cost per metric tonne | E29: 1000 | F29: 1000 | G29: 1000
C30: Total cost in crores | E30: =+E28*E29/10000000 -> 93.3 | F30: =+F28*F29/10000000 -> 93.3 | G30: =+G28*G29/10000000 -> 93.3
B32: Iron Ore Fines | C32: (in Metric Tonnes) | D32: =+D5*1.6-D28 -> 0 | E32: =+E5*1.6-E28 -> 1762652.2 | F32: =+F5*1.6-F28 -> 3414826.1 | G32: =+G5*1.6-G28 -> 3414826.1
C33: Cost per metric tonne | D33: 1673 | E33: 1800 | F33: 1800 | G33: 1800
C34: Total cost in crores | D34: =+D32*D33/10000000 -> 0 | E34: =+E32*E33/10000000 -> 317.27739 | F34: =+F32*F33/10000000 -> 614.6687 | G34: =+G32*G33/10000000 -> 614.6687
A36: Thermal Coal Requirement
A38: Direct Reduced Iron | B38: Thermal coal | C38: (in Metric Tonnes) | D38: =+D15*1.6 -> 1904761.9 | E38: =+E15*1.6 -> 1428571.4 | F38: =+F15*1.6 -> 2857142.9 | G38: =+G15*1.6 -> 2857142.9
A39: 1.6 metric ton per tonne of steel | C39: Cost per metric tonne | D39: 3300 | E39: 3300 | F39: 3300 | G39: 3300
C40: Total cost in crores | D40: =+D38*D39/10000000 -> 628.57143 | E40: =+E38*E39/10000000 -> 471.42857 | F40: =+F38*F39/10000000 -> 942.85714 | G40: =+G38*G39/10000000 -> 942.85714
A42: Coking Coal Requirement
A44: Blast Furnace | B44: Coking Coal | C44: (in Metric Tonnes) | D44: =+D5*0.6 -> 0 | E44: =+E5*0.6 -> 1010869.6 | F44: =+F5*0.6 -> 1630434.8 | G44: =+G5*0.6 -> 1630434.8
A45: 0.6 metric ton per tonne of steel
B47: Sourced From Oustide | C47: Average CNF Price assumed | D47: 176.12 | E47: 176.12 | F47: 176.12 | G47: 176.12
C48: Average USD/INR rate | D48: 66.7 | E48: 67 | F48: 67 | G48: 67
C49: Total Coking coal cost from outside | D49: =(D44*D47*D48)/10000000 -> 0 | E49: =(E44*E47*E48)/10000000 -> 1192.8301 | F49: =(F44*F47*F48)/10000000 -> 1923.9196 | G49: =(G44*G47*G48)/10000000 -> 1923.9196

Sheet Historical segmental EBIDTA
A1: Description | B1: 38777 | C1: 39142 | D1: 39508 | E1: 39873 | F1: 40238 | G1: 40603 | H1: 40969 | I1: 41334 | J1: 41699 | K1: 42064 | L1: 42430
A2: Revenue
A3: Revenue From Operations | B3: 3166.55 | C3: 4265.82 | D3: 6677.96 | E3: 12390.41 | F3: 12472.84 | G3: 14967.79 | H3: 20897.28 | I3: 19806 | J3: 19285 | K3: 19359 | L3: 18369
A4: Iron & Steel | B4: 2669.73 | C4: 3694.53 | D4: 5985.84 | E4: 8255.43 | F4: 7567.11 | G4: 10420.82 | H4: 15893.21 | I4: 16098 | J4: 15583 | K4: 15049 | L4: 14548
A5: Others | B5: 39.63 | C5: 39.78 | D5: 28.9 | E5: 67.56 | F5: 136.25 | G5: 229.51 | H5: 539.75 | I5: 527 | J5: 795 | K5: 319 | L5: 384
A6: Power | B6: 457.19 | C6: 531.51 | D6: 663.22 | E6: 4067.42 | F6: 4769.48 | G6: 4317.46 | H6: 4464.32 | I6: 3181 | J6: 2907 | K6: 3991 | L6: 3437
A8: EBIT | B8: 921.57 | C8: 1181.21 | D8: 2136.54 | E8: 4104.46 | F8: 5238.84 | G8: 5818.96 | H8: 6403.12 | I8: 6287.59 | J8: 5204.16 | K8: 4193.62 | L8: 2381.48
A9: Iron & Steel | B9: 641.07 | C9: 893.19 | D9: 1735.66 | E9: 1937.79 | F9: 1871.52 | G9: 2887.51 | H9: 3923.22 | I9: 3915.44 | J9: 3328.77 | K9: 2377.22 | L9: 1023.73
A10: Others | B10: 4.34 | C10: 2.54 | D10: 4.86 | E10: 8.73 | F10: -52.92 | G10: -6.32 | H10: -173.63 | I10: -6.71 | J10: -148.84 | K10: -1023.24 | L10: -207.43
A11: Power | B11: 276.16 | C11: 285.48 | D11: 396.02 | E11: 2157.94 | F11: 3420.24 | G11: 2937.77 | H11: 2653.53 | I11: 2378.86 | J11: 2024.23 | K11: 2839.64 | L11: 1565.18
A13: Depreciation | B13: 220.75 | C13: 336.55 | D13: 479.25 | E13: 964.06 | F13: 996.96 | G13: 1151 | H13: 1386.47 | I13: 1539.22 | J13: 1829.2 | K13: 2732.83 | L13: 2819.39
A14: Iron & Steel | B14: 176 | C14: 279.2 | D14: 388.92 | E14: 365.69 | F14: 423.17 | G14: 591.39 | H14: 797.57 | I14: 862.47 | J14: 1023.42 | K14: 1756.73 | L14: 1441.6
A15: Others | B15: 1.11 | C15: 1.79 | D15: 2.45 | E15: 3.42 | F15: 33.15 | G15: 46.88 | H15: 83.92 | I15: 88.04 | J15: 230.38 | K15: 269.82 | L15: 282.64
A16: Power | B16: 43.64 | C16: 55.56 | D16: 87.88 | E16: 594.95 | F16: 540.64 | G16: 512.73 | H16: 504.98 | I16: 588.71 | J16: 575.4 | K16: 706.28 | L16: 1095.15
A18: EBIDTA
A19: Iron & Steel | B19: 817.07 | C19: 1172.39 | D19: 2124.58 | E19: 2303.48 | F19: 2294.69 | G19: 3478.9 | H19: 4720.79 | I19: 4777.91 | J19: 4352.19 | K19: 4133.95 | L19: 2465.33
A20: Others | B20: 5.45 | C20: 4.33 | D20: 7.31 | E20: 12.15 | F20: -19.77 | G20: 40.56 | H20: -89.71 | I20: 81.33 | J20: 81.54 | K20: -753.42 | L20: 75.21
A21: Power | B21: 319.8 | C21: 341.04 | D21: 483.9 | E21: 2752.89 | F21: 3960.88 | G21: 3450.5 | H21: 3158.51 | I21: 2967.57 | J21: 2599.63 | K21: 3545.92 | L21: 2660.33
A23: EBIDTA Margin
A24: Iron & Steel | B24: 30.604968 | C24: 31.73313 | D24: 35.493431 | E24: 27.902605 | F24: 30.324523 | G24: 33.384129 | H24: 29.703188 | I24: 29.680147 | J24: 27.929089 | K24: 27.469932 | L24: 16.946178
A25: Others | B25: 13.752208 | C25: 10.884867 | D25: 25.294118 | E25: 17.984014 | F25: -14.510092 | G25: 17.672433 | H25: -16.620658 | I25: 15.432638 | J25: 10.256604 | K25: -236.18182 | L25: 19.585937
A26: Power | B26: 69.949037 | C26: 64.164362 | D26: 72.962215 | E26: 67.681479 | F26: 83.04637 | G26: 79.919675 | H26: 70.750081 | I26: 93.290475 | J26: 89.426557 | K26: 88.847908 | L26: 77.402677

Sheet Reconciliation with SMS
B1: 2016 | C1: 2017 | D1: 2018 | E1: 2019 | F1: 2020 | J1: FY17E | K1: FY18E | L1: FY19E | M1: FY20E | O1: Angul | P1: DRI | Q1: BF
A2: Wire Rod | B2: 463843 | C2: =+'Steel sales breakup'!$F$120 -> 360000 | D2: =+'Steel sales breakup'!G120 -> 480000 | E2: =+'Steel sales breakup'!H120 -> 570000 | F2: =+'Steel sales breakup'!I120 -> 570000 | I2: raigarh | J2: 2.4 | K2: 2.5 | L2: 2.5 | M2: 3 | P2: =+(1*1000000)/12 -> 83333.333 | Q2: =(1.3*1000000)/10 -> 130000 | R2: per month
A3: Bar Mill | B3: 794854 | C3: =+'Steel sales breakup'!$F$135 -> 800000 | D3: =+'Steel sales breakup'!G135 -> 800000 | E3: =+'Steel sales breakup'!H135 -> 920000 | F3: =+'Steel sales breakup'!I135 -> 950000 | I3: Angul | J3: 1 | K3: 3 | L3: 4 | M3: =+M5-M2 -> 4.5
A4: Raigarh | B4: 1407892 | C4: =+'Steel sales breakup'!F9+'Steel sales breakup'!F25+'Steel sales breakup'!F40+'Steel sales breakup'!F55 -> 1235000 | D4: =+'Steel sales breakup'!G9+'Steel sales breakup'!G25+'Steel sales breakup'!G40+'Steel sales breakup'!G55 -> 1720000 | E4: =+'Steel sales breakup'!H9+'Steel sales breakup'!H25+'Steel sales breakup'!H40+'Steel sales breakup'!H55 -> 2304500 | F4: =+'Steel sales breakup'!I9+'Steel sales breakup'!I25+'Steel sales breakup'!I40+'Steel sales breakup'!I55 -> 2352500 | P4: =+P2*3 -> 250000
A5: Angul | B5: 40000 | C5: =+'Steel sales breakup'!$F$84+'Steel sales breakup'!$F$96+'Steel sales breakup'!$F$108 -> 942000 | D5: =+'Steel sales breakup'!G84+'Steel sales breakup'!G96+'Steel sales breakup'!G108 -> 1613080 | E5: =+'Steel sales breakup'!H84+'Steel sales breakup'!H96+'Steel sales breakup'!H108 -> 2467600 | F5: =+'Steel sales breakup'!I84+'Steel sales breakup'!I96+'Steel sales breakup'!I108 -> 2547280 | I5: Finished Steel | J5: 3.4 | K5: =SUM(K2:K4) -> 5.5 | L5: =SUM(L2:L4) -> 6.5 | M5: 7.5
A6: Raipur | B6: 14088 | C6: 15000 | D6: 15000 | E6: 15000 | F6: 15000 | K6: consensus-4.8 | L6: 5.5 to 6.5 | M6: 6.5
A7: Other Finished Steel | B7: 106725 | C7: =108721.640959264-60721.64 -> 48000.001 | D7: =B7/B9*5200000+5640 -> 171920.16 | E7: =D7/D9*6500000+8000 -> 240808.54 | F7: =E7/E9*7000000 -> 258619.73 | L7: 6.5 | P7: =(1.3*1000000)+250000 -> 1550000
A8: Other Semi Finished Steel | B8: 316739 | F8: =325393-219 -> 325174
A9: Total Quantity | B9: 3337560 | C9: =+SUM(C2:C8) -> 3400000 | D9: =SUM(D2:D8) -> 4800000.2 | E9: =SUM(E2:E8) -> 6517908.5 | F9: =SUM(F2:F8) -> 7018573.7 | I9: Finished steel | J9: FY17 | K9: FY18E | L9: FY19E | M9: FY20E
I11: Total | J11: =+SUM(J13,J17) -> 3.4 | K11: =+SUM(K13,K17) -> 4.8 | L11: =+SUM(L13,L17) -> 6.5 | M11: =+SUM(M13,M17) -> 7
I13: Raigarh | J13: 2.4 | K13: 2.5 | L13: 2.5 | M13: 3
I14: BF route | J14: 1.3 | K14: =+K13-K15 -> 1.4 | L14: =+L13-L15 -> 1.4 | M14: =+M13-M15 -> 1.9
I15: DRI route | J15: 1.1 | K15: 1.1 | L15: 1.1 | M15: 1.1
I17: Angul | J17: 1 | K17: =+SUM(K18,K19) -> 2.3 | L17: 4 | M17: 4
I18: BF Route | J18: 0 | K18: =1.55 -> 1.55 | L18: =+L17-L19 -> 2.5 | M18: =+M17-M19 -> 2.5
I19: DRI Route | J19: 1 | K19: 0.75 | L19: 1.5 | M19: 1.5
I21: Upstream | J21: FY17 | K21: FY18E | L21: FY19E | M21: FY20E
I23: Total | J23: =+J25+J29 -> 3.9130435 | K23: =+K25+K29 -> 5.4089027 | L23: =+L25+L29 -> 7.3343685 | M23: =+M25+M29 -> 7.8778468
I25: Raigarh | J25: =+SUM(J26:J27) -> 2.7225673 | K25: =+SUM(K26:K27) -> 2.8312629 | L25: =+SUM(L26:L27) -> 2.8312629 | M25: =+SUM(M26:M27) -> 3.3747412
I26: BF route | J26: =+J14/0.92 -> 1.4130435 | K26: =+K14/0.92 -> 1.5217391 | L26: =+L14/0.92 -> 1.5217391 | M26: =+M14/0.92 -> 2.0652174
I27: DRI route | J27: =+J15/0.84 -> 1.3095238 | K27: =+K15/0.84 -> 1.3095238 | L27: =+L15/0.84 -> 1.3095238 | M27: =+M15/0.84 -> 1.3095238
I29: Angul | J29: =+J30+J31 -> 1.1904762 | K29: =+K30+K31 -> 2.5776398 | L29: =+L30+L31 -> 4.5031056 | M29: =+M30+M31 -> 4.5031056
I30: BF Route | J30: =+J18/0.92 -> 0 | K30: =+K18/0.92 -> 1.6847826 | L30: =+L18/0.92 -> 2.7173913 | M30: =+M18/0.92 -> 2.7173913
I31: DRI Route | J31: =+J19/0.84 -> 1.1904762 | K31: =+K19/0.84 -> 0.89285714 | L31: =+L19/0.84 -> 1.7857143 | M31: =+M19/0.84 -> 1.7857143

Sheet Capacity
A2: Raigarh | D2: Angul | G2: Patratu
A3: Blast Furnance | B3: =2.125*1000000 -> 2125000 | D3: Blast Furnace | E3: =3.2*1000000 -> 3200000 | G3: Finished Steel capacity
A4: Direct Reduced Iron | B4: =1.32*1000000 -> 1320000 | D4: Direct Reduced Iron | E4: =1.8*1000000 -> 1800000 | F4: =+E4*0.84 -> 1512000 | G4: Wire Rod | H4: 600000
B5: =SUM(B3:B4) -> 3445000 | E5: =SUM(E3:E4) -> 5000000 | G5: Bar Mill | H5: 1000000
A6: Steel that can be converted | B6: =+B3*0.92+B4*0.84 -> 3063800 | E6: =+E3*0.92+E4*0.84 -> 4456000 | G6: Total Finished Capacity | H6: =SUM(H4:H5) -> 1600000
A8: Steel Making Capacity | B8: =3.6*1000000 -> 3600000 | D8: Steel Making Capacity
D9: NOEF | E9: =2.5*1000000 -> 2500000 | G9: Iron Making Capacity | H9: =+B5+E5 -> 8445000
D10: BOF | E10: =2.5*1000000 -> 2500000
E11: =SUM(E9:E10) -> 5000000 | G11: Crude Steel Capacity | H11: =+B6+E6 -> 7519800 | I11: =+I6+E14+E15+E16+B14+B15+B16+B17 -> 5154000
A13: Finished Steel Capacity | D13: Finished Steel Capacity | G13: Finished Steel Capacity | H13: =+B18+E17+H6 -> 6754000
A14: Plate Mill | B14: =1*1000000 -> 1000000 | D14: Plate Mill | E14: =1.2*1000000 -> 1200000
A15: Rail and Universal beam mill | B15: =0.75*1000000 -> 750000 | D15: Bar Rod Mill | E15: =1.4*1000000 -> 1400000 | G15: Semi Finished to be sold | H15: =+H11-H13 -> 765800
A16: Medium and Light Section mill | B16: =0.6*1000000 -> 600000 | D16: Fabricated Structures | E16: 84000 | J16: 2125000 | K16: 1.08
A17: Fabricated Structures | B17: 120000 | D17: Total Finished Capacity | E17: =SUM(E14:E16) -> 2684000 | J17: 1955000 | K17: 1
A18: Total Finished Capacity | B18: =SUM(B14:B17) -> 2470000 | D18: Semi Finished | E18: =+E6-E17 -> 1772000
A19: Semi Finished | B19: =+B6-B18 -> 593800 | J19: =+(J16-J17)/J17 -> 0.086956522 | K19: 1 | L19: =+SUM(J19,K19) -> 1.0869565 | M19: BF Factor
L20: =+L19*J17 -> 2125000
B21: =+SUM(B14:B17)+SUM(E14:E16)+SUM(H4:H5) -> 6754000
J22: 1320000
J23: =+J22*0.84 -> 1108800
B24: =3.4+1.5+1.5 -> 6.4
J25: =+(J22-J23)/J23 -> 0.19047619 | K25: 1 | L25: =+K25+J25 -> 1.1904762 | M25: DRI Factor

Sheet Standalone Quarterly
A1: DESCRIPTION | B1: 42705 | C1: 42339 | D1: Var% | E1: 42614 | F1: 42248 | G1: Var% | H1: 42522 | I1: 42156 | J1: Var% | K1: 42430 | L1: 42064 | M1: Var%
A2: Gross Sales | B2: 3803.22 | C2: 3190.31 | D2: 19.21 | E2: 3385.81 | F2: 3675.28 | G2: -7.88 | H2: 3462.93 | I2: 3608.18 | J2: -4.03 | K2: 3419.86 | L2: 3300.6 | M2: 3.61
A3: Less: Excise Duty | B3: 379.54 | C3: 421.62 | D3: -9.98 | E3: 362.42 | F3: 515.04 | G3: -29.63 | H3: 438.13 | I3: 493.24 | J3: -11.17
A4: Net Sales | B4: 3423.68 | C4: 2768.69 | D4: 23.66 | E4: 3023.39 | F4: 3160.24 | G4: -4.33 | H4: 3024.8 | I4: 3114.94 | J4: -2.89 | K4: 3419.86 | L4: 3300.6 | M4: 3.61
A5: Other operating income | B5: 95.27 | C5: 149.86 | D5: -36.43 | E5: 102.27 | F5: 14.79 | G5: 591.48 | H5: 98.7 | I5: 11.22 | J5: 779.68 | K5: 41.98 | L5: 53.67 | M5: -21.78
A6: Net Sales & Other Operating Income | B6: 3518.95 | C6: 2918.55 | D6: 20.57 | E6: 3125.66 | F6: 3175.03 | G6: -1.55 | H6: 3123.5 | I6: 3126.16 | J6: -0.09 | K6: 3461.84 | L6: 3354.27 | M6: 3.21
A7: Total Expenditure | B7: 2737.91 | C7: 2499.68 | D7: 9.53 | E7: 2594.66 | F7: 2539.14 | G7: 2.19 | H7: 2464.19 | I7: 2431.26 | J7: 1.35 | K7: 2862.69 | L7: 2721.19 | M7: 5.2
A8: PBIDT (Excl OI) | B8: 781.04 | C8: 418.87 | D8: 86.46 | E8: 531 | F8: 635.89 | G8: -16.49 | H8: 659.31 | I8: 694.9 | J8: -5.12 | K8: 599.15 | L8: 633.08 | M8: -5.36
A9: Other Income | B9: 2.86 | C9: 0.93 | D9: 207.53 | F9: 1.03 | I9: 46.37 | K9: 73.55 | L9: 16.36 | M9: 349.57
A10: Operating Profit | B10: 783.9 | C10: 419.8 | D10: 86.73 | E10: 531 | F10: 636.92 | G10: -16.63 | H10: 659.31 | I10: 741.27 | J10: -11.06 | K10: 672.7 | L10: 649.44 | M10: 3.58
A11: Interest | B11: 539.98 | C11: 656.77 | D11: -17.78 | E11: 654.06 | F11: 674.23 | G11: -2.99 | H11: 601.01 | I11: 689.58 | J11: -12.84 | K11: 645.93 | L11: 641.51 | M11: 0.69
A12: Exceptional Items | L12: -20.63
A13: PBDT | B13: 243.92 | C13: -236.97 | D13: 202.93 | E13: -123.06 | F13: -37.31 | G13: -229.83 | H13: 58.3 | I13: 51.69 | J13: 12.79 | K13: 26.77 | L13: -12.7 | M13: 310.79
A14: Depreciation | B14: 542.14 | C14: 570.07 | D14: -4.9 | E14: 523.73 | F14: 410.81 | G14: 27.49 | H14: 489.1 | I14: 636.03 | J14: -23.1 | K14: 348.31 | L14: 466.77 | M14: -25.38
A15: PBT | B15: -298.22 | C15: -807.04 | D15: 63.05 | E15: -646.79 | F15: -448.12 | G15: -44.33 | H15: -430.8 | I15: -584.34 | J15: 26.28 | K15: -321.54 | L15: -479.47 | M15: 32.94
A16: Tax | B16: -111.69 | C16: -288.02 | D16: 61.22 | E16: -239.6 | F16: -137.63 | G16: -74.09 | H16: -154.15 | I16: -212.97 | J16: 27.62 | K16: -175.71 | L16: -244.84 | M16: 28.23
A17: Profit After Tax | B17: -186.53 | C17: -519.02 | D17: 64.06 | E17: -407.19 | F17: -310.49 | G17: -31.14 | H17: -276.65 | I17: -371.37 | J17: 25.51 | K17: -145.83 | L17: -234.63 | M17: 37.85
A18: Extraordinary Items
A19: Discontinued Operation (Net of tax )
A20: Prior Period Expenses
A21: Other Adjustments
A22: Net Profit (after Extraordinary Items) | B22: -186.53 | C22: -519.02 | D22: 64.06 | E22: -407.19 | F22: -310.49 | G22: -31.14 | H22: -276.65 | I22: -371.37 | J22: 25.51 | K22: -145.83 | L22: -234.63 | M22: 37.85
A23: Other Comprehensive Incomes (Net of tax ) | C23: 2.71
A24: Total Comprehensive Income | B24: -186.53 | C24: -516.31 | D24: 63.87 | E24: -407.19 | F24: -307.78 | G24: -32.3 | H24: -276.65 | I24: -368.66 | J24: 24.96
A26: Equity Capital | B26: 91.49 | C26: 91.49 | D26: 0 | E26: 91.49 | F26: 91.49 | G26: 0 | H26: 91.49 | I26: 91.49 | J26: 0 | K26: 91.49 | L26: 91.49 | M26: 0
A27: Face Value (In Rs) | B27: 1 | C27: 1 | D27: - | E27: 1 | F27: 1 | G27: - | H27: 1 | I27: 1 | J27: - | K27: 1 | L27: 1 | M27: -
A28: Reserves | F28: 0 | H28: 23059.23
A30: Basic EPS before Extraordinary Items | B30: -2.04 | C30: -5.67 | D30: 64.02 | E30: -4.45 | F30: -3.39 | G30: -31.27 | H30: -3.02 | I30: -4.06 | J30: 25.62 | K30: -1.59 | L30: -2.56 | M30: 37.89
A31: Basic EPS after Extraordinary Items | B31: -2.04 | C31: -5.67 | D31: 64.02 | E31: -4.45 | F31: -3.39 | G31: -31.27 | H31: -3.02 | I31: -4.06 | J31: 25.62 | K31: -1.59 | L31: -2.56 | M31: 37.89
A32: Calculated EPS (Unit.Curr.) | B32: -2.04 | C32: -5.67 | D32: 64.06 | E32: -4.45 | F32: -3.39 | G32: -31.14 | H32: -3.02 | I32: -4.06 | J32: 25.51 | K32: -1.59 | L32: -2.56 | M32: 37.85
A33: Calculated EPS Annualised (Unit.Curr.) | B33: -8.16 | C33: -22.69 | D33: 64.06 | E33: -17.8 | F33: -13.57 | G33: -31.14 | H33: -12.1 | I33: -16.24 | J33: 25.51 | K33: -6.38 | L33: -10.26 | M33: 37.85
A34: Adj Calculated EPS (Unit.Curr.) | B34: -2.04 | C34: -5.67 | D34: 64.06 | E34: -4.45 | F34: -3.39 | G34: -31.14 | H34: -3.02 | I34: -4.06 | J34: 25.51 | K34: -1.59 | L34: -2.56 | M34: 37.85
A35: Adj Calculated EPS Annualised (Unit.Curr.) | B35: -8.16 | C35: -22.69 | D35: 64.06 | E35: -17.8 | F35: -13.57 | G35: -31.14 | H35: -12.1 | I35: -16.24 | J35: 25.51 | K35: -6.38 | L35: -10.26 | M35: 37.85
A36: Diluted EPS before Extraordinary Items | B36: -2.04 | C36: -5.67 | D36: 64.02 | E36: -4.45 | F36: -3.39 | G36: -31.27 | H36: -3.02 | I36: -4.06 | J36: 25.62 | K36: -1.59 | L36: -2.56 | M36: 37.89
A37: Diluted EPS after Extraordinary Items | B37: -2.04 | C37: -5.67 | D37: 64.02 | E37: -4.45 | F37: -3.39 | G37: -31.27 | H37: -3.02 | I37: -4.06 | J37: 25.62 | K37: -1.59 | L37: -2.56 | M37: 37.89
A39: Number of Public Share Holding | F39: 348624863 | I39: 353689948 | L39: 354199948
A40: % of Public Share Holding | F40: 38.11 | I40: 38.66 | L40: 38.71
A42: PBIDTM% (Excl OI) | B42: 20.03 | C42: 12.54 | D42: 59.76 | E42: 15.22 | F42: 17.23 | G42: -11.66 | H42: 18.51 | I42: 19.2 | J42: -3.58 | K42: 17.31 | L42: 18.87 | M42: -8.3
A43: PBIDTM% | B43: 20.11 | C43: 12.57 | D43: 59.99 | E43: 15.22 | F43: 17.26 | G43: -11.8 | H43: 18.51 | I43: 20.48 | J43: -9.61 | K43: 19.43 | L43: 19.36 | M43: 0.36
A44: PBDTM% | B44: 6.26 | C44: -7.09 | D44: 188.19 | E44: -3.53 | F44: -1.01 | G44: -248.93 | H44: 1.64 | I44: 1.43 | J44: 14.62 | K44: 0.77 | L44: -0.38 | M44: 304.24
A45: PBTM% | B45: -7.65 | C45: -24.16 | D45: 68.34 | E45: -18.54 | F45: -12.14 | G45: -52.69 | H45: -12.1 | I45: -16.14 | J45: 25.08 | K45: -9.29 | L45: -14.29 | M45: 35.02
A46: PATM% | B46: -4.78 | C46: -15.54 | D46: 69.21 | E46: -11.67 | F46: -8.41 | G46: -38.74 | H46: -7.77 | I46: -10.26 | J46: 24.3 | K46: -4.21 | L46: -6.99 | M46: 39.78

Sheet Revenue break up for steel
B2: Manaufactured | C2: Unit | D2: Qty | E2: Amount | F2: Sale Price Per tonne | G2: Quarterly Qty | H2: Quarterly Sales
B3: Sponge Iron | C3: M.T. | D3: 1331 | E3: 2.31 | F3: =+(E3*10000000)/D3 -> 17355.372 | G3: =+D3/4 -> 332.75 | H3: =(+F3*G3)/10000000 -> 0.5775
B4: M.S. Round | C4: M.T. | D4: 215391 | E4: 566.73 | F4: =+(E4*10000000)/D4 -> 26311.684 | G4: =+D4/4 -> 53847.75 | L4: QTY | M4: AMT
J5: Power | L5: 1943 | M5: 398.79
B6: Pig Iron | C6: M.T. | D6: 192088 | E6: 338.99 | F6: =+(E6*10000000)/D6 -> 17647.641 | G6: =+D6/4 -> 48022 | H6: =(+F6*G6)/10000000 -> 84.7475 | J6: Power | K6: Million KWH | L6: 737 | M6: 276.9
B7: parallel Flange Bleams/ Columns | C7: M.T. | D7: 233028 | E7: 862.68 | F7: =+(E7*10000000)/D7 -> 37020.444 | G7: =+D7/4 -> 58257 | H7: =(+F7*G7)/10000000 -> 215.67 | J7: Wind Energy | K7: Million KWH | L7: 46.4 | M7: 20.6
B8: Universal Plate/Coil | C8: M.T. | D8: 747820 | E8: 2428.04 | F8: =+(E8*10000000)/D8 -> 32468.241 | G8: =+D8/4 -> 186955 | H8: =(+F8*G8)/10000000 -> 607.01 | M8: =SUM(M5:M7) -> 696.29
B9: Other Finished Steel Products | C9: M.T. | D9: 106725 | E9: 442.08 | F9: =+(E9*10000000)/D9 -> 41422.347 | G9: =+D9/4 -> 26681.25 | H9: =(+F9*G9)/10000000 -> 110.52 | L9: As per segmental reporting | M9: 5720.91
B10: Other Semi Steel Products | C10: M.T. | D10: 316739 | E10: 811.76 | F10: =+(E10*10000000)/D10 -> 25628.672 | G10: =+D10/4 -> 79184.75 | H10: =(+F10*G10)/10000000 -> 202.94 | M10: =+M9-M8 -> 5024.62
B11: Steel Casting & Production | C11: M.T. | D11: 11959 | E11: 181.35 | F11: =+(E11*10000000)/D11 -> 151643.11 | G11: =+D11/4 -> 2989.75 | H11: =(+F11*G11)/10000000 -> 45.3375
B12: Iron Ore/Iron Ore fines | C12: M.T.
B13: Wire Rod | C13: M.T. | D13: 488904 | E13: 1504.38 | F13: =+(E13*10000000)/D13 -> 30770.458 | G13: =+D13/4 -> 122226 | H13: =(+F13*G13)/10000000 -> 376.095
B14: Bar | C14: M.T. | D14: 524016 | E14: 1563.44 | F14: =+(E14*10000000)/D14 -> 29835.73 | G14: =+D14/4 -> 131004 | H14: =(+F14*G14)/10000000 -> 390.86
B15: fabricated Structures | C15: M.T. | D15: 101526 | E15: 669.6 | F15: =+(E15*10000000)/D15 -> 65953.549 | G15: =+D15/4 -> 25381.5 | H15: =(+F15*G15)/10000000 -> 167.4
B16: Cement | C16: M.T. | D16: 558768 | E16: 157.05 | F16: =+(E16*10000000)/D16 -> 2810.6477 | G16: =+D16/4 -> 139692 | H16: =(+F16*G16)/10000000 -> 39.2625
B17: Medium & Light Sections | C17: M.T. | D17: 334703 | E17: 1067.37 | F17: =+(E17*10000000)/D17 -> 31890.064 | G17: =+D17/4 -> 83675.75 | H17: =(+F17*G17)/10000000 -> 266.8425
B18: Iron Ore Pellets | C18: M.T. | D18: 962079 | E18: 382.39 | F18: =+(E18*10000000)/D18 -> 3974.6216 | G18: =+D18/4 -> 240519.75 | H18: =(+F18*G18)/10000000 -> 95.5975
H19: =SUM(H3:H18) -> 2602.86
B20: Others | E20: 1887.38
E21: =SUM(E3:E20) -> 12865.55
B22: Traded Goods
B24: Steel Products | C24: M.T. | D24: 33 | E24: 0.12
B25: Others | E25: 14.86
B27: Other Operating Revenues
B28: Scrap Sale | E28: 11.41
B29: Export Incentives | E29: 15.59
B30: Avition Income | E30: 14.8
B31: Others | E31: 3.77
E32: =SUM(E28:E31) -> 45.57
B34: Total Revenue | E34: =+E21+M6+E24+E25+E32 -> 13203
B35: Captive sales for own projects | E35: =1073.82*-1 -> -1073.82
B36: Iron and steel sales | E36: 14711
B37: Oman Biz | E37: =+E36-E34 -> 1508

Sheet Steel Capacity
A1: Installed Capacity | B1: 2016 | C1: 2017E | D1: 2018E | E1: 2019E
A2: Sponge iron-Raigarh | B2: 1370000 | C2: 1370000 | D2: 1370000 | E2: 1370000
A3: Sponge iron-Angul | B3: 1800000 | C3: 1800000 | D3: 1800000 | E3: 1800000
B4: =SUM(B2:B3) -> 3170000 | C4: =SUM(C2:C3) -> 3170000 | D4: =SUM(D2:D3) -> 3170000 | E4: =SUM(E2:E3) -> 3170000
A5: Hot metal/pig iron-Raigarh | B5: 2125000 | C5: 2125000 | D5: 2125000 | E5: 2125000
A6: Hot metal/pig iron-Angul | D6: 3200000 | E6: 3200000
B7: =+SUM(B5:B6) -> 2125000 | C7: =+SUM(C5:C6) -> 2125000 | D7: =+SUM(D5:D6) -> 5325000 | E7: =+SUM(E5:E6) -> 5325000
A8: Upstream Capacity | B8: =+B7+B4 -> 5295000 | C8: =+C7+C4 -> 5295000 | D8: =+D7+D4 -> 8495000 | E8: =+E7+E4 -> 8495000 | G8: 8.4
G9: 6.65
A10: Mild Steel | G10: =+G8-G9 -> 1.75
A11: Mild Steel-Raigarh | B11: 3250000 | C11: 3250000 | D11: 3250000 | E11: 3250000
A12: Angul | B12: 1500000 | C12: 1500000 | D12: 5000000 | E12: 5000000
A13: Liquid steel | B13: =SUM(B11:B12) -> 4750000 | C13: =SUM(C11:C12) -> 4750000 | D13: =SUM(D11:D12) -> 8250000 | E13: =SUM(E11:E12) -> 8250000
B14: 3200000 | C14: 3500000 | D14: 4500000 | E14: 6000000
A15: Loss | B15: =+B8-B13 -> 545000 | C15: =+C8-C13 -> 545000 | D15: =+D8-D13 -> 245000 | E15: =+E8-E13 -> 245000
B16: =+B15/B8 -> 0.10292729 | C16: =+C15/C8 -> 0.10292729 | D16: =+D15/D8 -> 0.028840494 | E16: =+E15/E8 -> 0.028840494
A18: Finished Steel Capacity
A19: Plate Mill-Raigarh | B19: 1000000 | C19: 1000000 | D19: 1000000 | E19: 1000000
A20: Plate Mill-Angul | B20: 1200000 | C20: 1200000 | D20: 1200000 | E20: 1200000
A21: Rail & Universal Beam Mill | B21: 750000 | C21: 750000 | D21: 750000 | E21: 750000
A22: Wire Rod (Patratu) | B22: 600000 | C22: 600000 | D22: 600000 | E22: 600000
A23: Medium And Light Sections | B23: 600000 | C23: 600000 | D23: 600000 | E23: 600000
A24: Bar Mill (Patratu) | B24: 1000000 | C24: 2400000 | D24: 2400000 | E24: 2400000
B25: =SUM(B19:B24) -> 5150000 | C25: =SUM(C19:C24) -> 6550000 | D25: =SUM(D19:D24) -> 6550000 | E25: =SUM(E19:E24) -> 6550000
A27: Steel Volumes | B27: 3274320 | C27: 3513455 | D27: 4803129 | E27: 6435098
C28: =+(C27-B27)/B27 -> 0.073033485 | D28: =+(D27-C27)/C27 -> 0.36706717 | E28: =+(E27-D27)/D27 -> 0.33977205

Sheet Annual report
B1: 2015-16 | C1: 2014-15 | D1: 2013-14 | E1: 2012-13 | F1: 2011-12
A2: Domestic Sales | B2: 19808.48 | C2: 19625.72 | D2: 18277.51 | E2: 20110.03 | F2: 18117.62
A3: Exports | B3: 708.46 | C3: 1753.31 | D3: 2918.44 | E3: 1627 | F3: 1498.05
A4: Other Income | B4: 527.43 | C4: 267.15 | D4: 65.63 | E4: 136.42 | F4: 141.94
A6: JPL | B6: 3513.9 | C6: 3610.55 | D6: 2736.21 | E6: 2509.6
A7: PAT/(LOSS) | B7: 102.49 | C7: 170.83 | D7: 1106.72 | E7: 1112.87
A9: Shadeed Iron | B9: 2815.77 | C9: 3132.87 | D9: 3200 | E9: 2891
A10: PAT/(LOSS) | B10: 6.18 | C10: 316.57 | D10: 274.38 | E10: 379.87
A12: South Africa | B12: 110.69 | C12: 271.32 | D12: 351.11 | E12: 354.51
A13: PAT/(LOSS) | B13: -39.64 | C13: -37.37 | D13: 21.93 | E13: 10.05
A15: Mozambique | B15: 10.6 | C15: 232.39 | D15: 244.54 | E15: NA
A16: PAT/(LOSS) | B16: -267.07 | C16: -191.72 | D16: -183.46
A18: Australia | B18: 37.02 | C18: 46.31 | D18: 277.36 | E18: NA
A19: PAT/(LOSS) | B19: -420.5 | C19: -761.82 | D19: -175.64
A21: Conso revenue | B21: 18104
B22: =+B21-B6-B9-B12-B15-B18 -> 11616.02
B24: 52292873
B25: =39.64*10000000 -> 396400000
B26: =+B25/B24 -> 7.5803829

Sheet Segmental Revenue
A1: Description | B1: 40238 | C1: 40603 | D1: 40969 | E1: 41334 | F1: 41699 | G1: 42064 | H1: 42430
A3: Revenue
A4: Revenue From Operations
A5: Iron & Steel | B5: 7567.11 | C5: 10420.82 | D5: 15893.21 | E5: 18237.26 | F5: 18201.41 | G5: 15631.25 | H5: 14711.38
A6: Others | B6: 136.25 | C6: 229.51 | D6: 539.75 | E6: 557.95 | F6: 857.78 | G6: 331.41 | H6: 383.35
A7: Power | B7: 4769.48 | C7: 4317.46 | D7: 4464.32 | E7: 4559.96 | F7: 4381.68 | G7: 5701.34 | H7: 5720.91
A9: Less / Add : Inter Segment Turnover
A10: Inter Segment | B10: 853.31 | C10: -969.39 | E10: -1617.24 | F10: -1656.39 | G10: 2263.33 | H10: -2403.46
A12: Gross Revenue | B12: 13326.15 | C12: 13998.4 | D12: 20897.28 | E12: 21737.93 | F12: 21784.48 | G12: 23927.33 | H12: 18412.18
A14: Less : Excise Duty
A15: Net Segment Revenue | B15: 13326.15 | C15: 13998.4 | D15: 20897.28 | E15: 21737.93 | F15: 21784.48 | G15: 23927.33 | H15: 18412.18
A17: Result
A18: Segment Results(Before EBIT)
A19: Iron & Steel | B19: 1871.52 | C19: 2887.51 | D19: 3923.22 | E19: 3915.44 | F19: 3328.77 | G19: 2377.22 | H19: 1023.73
A20: Others | B20: -52.92 | C20: -6.32 | D20: -173.63 | E20: -6.71 | F20: -148.84 | G20: -1023.24 | H20: -207.43
A21: Power | B21: 3420.24 | C21: 2937.77 | D21: 2653.53 | E21: 2378.86 | F21: 2024.23 | G21: 2839.64 | H21: 1565.18
A23: Segment Assets
A24: Iron & Steel | B24: 11976.53 | C24: 17481.99 | D24: 17059.49 | E24: 22016.9 | F24: 30912.03 | G24: 35407.75 | H24: 33879.84
A25: Others | B25: 1355.29 | C25: 1554.55 | D25: 2956.59 | E25: 2610.32 | F25: 11113.64 | G25: 6250.09 | H25: 2942.78
A26: Power | B26: 8112.28 | C26: 9763.94 | D26: 11505.38 | E26: 13872.17 | F26: 19624.66 | G26: 16699.94 | H26: 14866.76
A28: Segment liability
A29: Iron & Steel | B29: 2242.12 | C29: 1992.47 | D29: 2411.6 | E29: 3045.03 | F29: 2758.82 | G29: 2162.82 | H29: 2864.42
A30: Others | B30: 59.14 | C30: 371.72 | D30: 166.06 | E30: 286.77 | F30: 1703.93 | G30: 330.47 | H30: 127.72
A31: Power | B31: 1015.56 | C31: 21.85 | D31: 427.13 | E31: 557.06 | F31: 1258.1 | G31: 1143.04 | H31: 1217.54
A32: Net Assets | B32: 18127.28 | C32: 26414.44 | D32: 28516.67 | E32: 34610.53 | F32: 55929.48 | G32: 54721.45 | H32: 47479.7
A34: Capital Employed
A35: Capital Expenditures
A36: Iron & Steel | B36: 3382.92 | C36: 4486.91 | D36: 3530.29 | E36: 3991.52 | F36: 6986.53 | G36: 3564.52 | H36: 4483.36
A37: Others | B37: 242.48 | C37: 36.88 | D37: 258.01 | E37: 504.97 | F37: 3199.98 | G37: 1106.87 | H37: 288.79
A38: Power | B38: 2850.89 | C38: 3867.35 | D38: 2819.34 | E38: 4525.69 | F38: 3243.53 | G38: 1041.2 | H38: 713.5
A40: Depreciation | B40: 996.96 | C40: 1151 | D40: 1386.47 | E40: 1539.22 | F40: 1829.2 | G40: 2732.83 | H40: 2819.39
A41: Iron & Steel | B41: 423.17 | C41: 591.39 | D41: 797.57 | E41: 862.47 | F41: 1023.42 | G41: 1756.73 | H41: 1441.6
A42: Others | B42: 33.15 | C42: 46.88 | D42: 83.92 | E42: 88.04 | F42: 230.38 | G42: 269.82 | H42: 282.64
A43: Power | B43: 540.64 | C43: 512.73 | D43: 504.98 | E43: 588.71 | F43: 575.4 | G43: 706.28 | H43: 1095.15

Sheet cash flows
A1: Good Luck Steel Tubes Ltd. CashFlow - Standalone - Actual - Abridged- [INR-Crore]
A2: Particulars | B2: 40603 | C2: 40969 | D2: 41334 | E2: 41699 | F2: 42064 | G2: 42430 | H2: 42795 | I2: 43160
B3: Actual | C3: Actual | D3: Actual | E3: Actual | F3: Actual | G3: (estimated) | H3: (estimated) | I3: (estimated)
A4: A. CASH FLOW FROM OPERATING ACTIVITIES
A5: Profit Before Tax | B5: 22.3315 | C5: 28.0875 | D5: 32.9526 | E5: 28.019 | F5: 37.15 | G5: =+#REF! -> #REF! | H5: =+#REF! -> #REF! | I5: =+#REF! -> #REF!
A7: Adjustment to above
A8: Depreciation | B8: 4.0733 | C8: 5.2143 | D8: 7.0552 | E8: 7.5613 | F8: 11.68 | G8: =-#REF! -> #REF! | H8: =-#REF! -> #REF! | I8: =-#REF! -> #REF!
A9: Interest Expenses | B9: 12.6676 | C9: 19.2125 | D9: 34.4088 | E9: 35.3815 | F9: 37.9 | G9: =-#REF! -> #REF! | H9: =-#REF! -> #REF! | I9: =-#REF! -> #REF!
A10: Profit/Loss on sale of Fixed Assets | B10: 0.0341 | C10: 0.0004 | D10: 0.0519 | E10: 0.0403 | F10: 0.04 | G10: 0 | H10: 0 | I10: 0
A11: Misc. Expenses written off | B11: 0.038 | C11: 0 | D11: 0 | E11: 0 | F11: 0
A12: Operating profit before working capital changes | B12: =+SUM(B5:B11) -> 39.1445 | C12: =+SUM(C5:C11) -> 52.5147 | D12: =+SUM(D5:D11) -> 74.4685 | E12: =+SUM(E5:E11) -> 71.0021 | F12: =+SUM(F5:F11) -> 86.77 | G12: =+SUM(G5:G11) -> #REF! | H12: =+SUM(H5:H11) -> #REF! | I12: =+SUM(I5:I11) -> #REF!
A14: Changes In working Capital
